Workbook
Name ÁREA: #REF!
Name ÁREA: #REF!
Name ÁREA_CONST: #REF!
Name ÁREA_CONST: #REF!
Name BDI: BDI!$G$14
Name CUSTO_OBRA: #REF!
Name CUSTO_OBRA: #REF!
Name CUSTO_VENDA: #REF!
Name CUSTO_VENDA: #REF!
Name DURAÇÃO: #REF!
Name DURAÇÃO: #REF!
Name ENCARGOS_HORISTA: #REF!
Name ENCARGOS_HORISTA: #REF!
Name ENCARGOS_MENSALISTA: #REF!
Name ENCARGOS_MENSALISTA: #REF!
Name OBJETO: #REF!
Name OBJETO: #REF!

Sheet PLANILHA DE CUSTOS
A1: À FAPESP Concorrência nº 90001/2025 Processo nº. 255.00001158/2024-72 | D1: PLANILHA DE CUSTOS DE OBRA
D3: OBJETO: | F3: OBRAS DE ADEQUAÇÃO PARA COBERTURA METÁLICA | I3: DATA:
D4: RAZÃO SOCIAL: | I4: Representante legal ou responsável técnico:
D5: CNPJ:
A6: Observação: itens de mesmo código e/ou discriminação devem possuir valor igual
B7: ITEM | C7: Referência (utilizada pela FAPESP) | D7: CÓDIGO (utilizado pela FAPESP) | F7: DISCRIMINAÇÃO | G7: UNIDADE | H7: QTDADE | I7: VALOR UNITÁRIO | J7: VALOR TOTAL
B8: 1 | C8: SERVIÇOS PRELIMINARES / GERAIS | J8: =J9+J18+J34+J14+J27+J32+J24 -> 0
B9: 1.1 | C9: PROJETO DETALHADO | J9: =SUM(J10:J13) -> 0
B10: 1.1.1 | C10: CDHU | D10: 01.17.031 | E10: =B10&$C$264 -> 1.1.1PÓS OBRA | F10: Projeto executivo de arquitetura em formato A1 | G10: Unidade | H10: 3 | J10: =SUM(I10*H10) -> 0
B11: 1.1.2 | C11: CDHU | D11: 01.17.111 | E11: =B11&$C$264 -> 1.1.2PÓS OBRA | F11: Projeto executivo de instalações elétricas em formato A1 | G11: Unidade | H11: 1 | J11: =SUM(I11*H11) -> 0
B12: 1.1.3 | C12: CDHU | D12: 01.17.151 | E12: =B12&$C$264 -> 1.1.3PÓS OBRA | F12: Projeto executivo de climatização em formato A1 | G12: Unidade | H12: 1 | J12: =SUM(I12*H12) -> 0
B13: 1.1.4 | C13: CDHU | D13: 01.17.071 | F13: Projeto executivo de instalações hidráulicas em formato A1 | G13: Unidade | H13: 3 | J13: =SUM(I13*H13) -> 0
B14: 1.2 | C14: EQUIPE TECNICA DE OBRAS | J14: =SUM(J15:J17) -> 0
B15: 1.2.1 | C15: SINAPI | D15: 2707 | F15: Engenheiro civil de obra pleno (horista) | G15: H | H15: 288 | J15: =SUM(I15*H15) -> 0
B16: 1.2.2 | C16: SINAPI | D16: 40818 | F16: Encarregado geral de obras (mensalista) | G16: MES | H16: 6 | J16: =SUM(I16*H16) -> 0
B17: 1.2.3 | C17: SINAPI | D17: 40944 | F17: Tecnico em seguranca do trabalho (mensalista) | G17: MES | H17: 6 | J17: =SUM(I17*H17) -> 0
B18: 1.3 | C18: CANTEIRO DE OBRA | J18: =SUM(J19:J23) -> 0
B19: 1.3.1 | C19: CDHU | D19: 02.03.120 | F19: Tapume fixo para fechamento de áreas, com portão | G19: M2 | H19: 40 | J19: =SUM(I19*H19) -> 0
B20: 1.3.2 | C20: CDHU | D20: 02.03.060 | F20: Proteção de fachada com tela de nylon | G20: M2 | H20: 40 | J20: =SUM(I20*H20) -> 0
B21: 1.3.3 | C21: CDHU | D21: 02.03.110 | F21: Tapume móvel para fechamento de áreas | G21: M2 | H21: 35.75 | J21: =SUM(I21*H21) -> 0
B22: 1.3.4 | C22: CDHU | D22: 02.03.240 | F22: Proteção de piso com tecido de aniagem e gesso | G22: M2 | H22: 750 | J22: =SUM(I22*H22) -> 0
B23: 1.3.5 | C23: CDHU | D23: 02.08.040 | F23: Placa em lona com impressão digital e requadro em metalon | G23: M2 | H23: 2 | J23: =SUM(I23*H23) -> 0
B24: 1.4 | C24: LINHA DE VIDA | J24: =SUM(J25:J26) -> 0
B25: 1.4.1 | C25: SINAPI | D25: 88315 | E25: SERRALHEIRO COM ENCARGOS COMPLEMENTARES | F25: SERRALHEIRO COM ENCARGOS COMPLEMENTARES | G25: H | H25: 170.64588 | J25: =I25*H25 -> 0
B26: 1.4.2 | C26: SINAPI | D26: 41953 | F26: CABO DE ACO GALVANIZADO, DIAMETRO 12,7 MM (1/2"), COM ALMA DE ACO CABO INDEPENDENTE 6 X 25 F | G26: KG | H26: 141.66 | J26: =I26*H26 -> 0
B27: 1.5 | C27: SERVIÇO DE IÇAMENTO DE MATERIAL (ENTULHO E MONTAGEM) | J27: =SUM(J28:J31) -> 0
B28: 1.5.1 | C28: CDHU | D28: 02.05.080 | E28: =B28&$C$44 -> 1.5.1C06 | F28: Montagem e desmontagem de andaime torre metálica com altura superior a 10 m | G28: M | H28: 500 | J28: =SUM(I28*H28) -> 0
B29: 1.5.2 | C29: CDHU | D29: 02.06.040 | E29: =B29&$C$44 -> 1.5.2C06 | F29: Locação de plataforma elevatória articulada, com altura aproximada de 20 m, capacidade de carga de 227 kg, diesel | G29: UNMES | H29: 6 | J29: =SUM(I29*H29) -> 0
B30: 1.5.3 | C30: SINAPI | D30: 36487 | E30: =B30&$C$44 -> 1.5.3C06 | F30: Guincho eletrico de coluna, capacidade 400 kg, com moto freio, motor trifasico de 1,25 cv | G30: UN | H30: 1 | J30: =SUM(I30*H30) -> 0
B31: 1.5.4 | C31: SINAPI | D31: 40981 | E31: =B31&$C$44 -> 1.5.4C06 | F31: Operador de guincho ou guincheiro (mensalista) | G31: MES | H31: 6 | J31: =SUM(I31*H31) -> 0
B32: 1.6 | C32: SPDA | J32: =SUM(J33) -> 0
B33: 1.6.1 | C33: Proprio | D33: 1 | F33: Serviço de desinstalação e reinstalação do sistema de SPDA existente, incluindo fornecimento de materiais, mão de obra especializada e toda a documentação necessária, como projeto "As Built" e laudos de testes de conformidade. | G33: UN | H33: 1 | J33: =SUM(I33*H33) -> 0
B34: 1.7 | C34: MATERIAIS DIVERSOS | J34: =SUM(J35:J42) -> 0
B35: 1.7.1 | C35: CDHU | D35: 11.18.060 | F35: Lona plástica - 150 micron | G35: M2 | H35: 750 | J35: =SUM(I35*H35) -> 0
B36: 1.7.2 | C36: CDHU | D36: 02.03.500 | F36: Proteção em madeira e lona plástica para equipamento mecânico ou informática - para obras de reforma | G36: M3 | H36: 2 | J36: =SUM(I36*H36) -> 0
B37: 1.7.3 | C37: CDHU | D37: 02.03.030 | F37: Proteção de superfícies em geral com plástico bolha | G37: M2 | H37: 750 | J37: =SUM(I37*H37) -> 0
B38: 1.7.4 | C38: CDHU | D38: 49.06.030 | F38: Grelha hemisférica em ferro fundido de 3´ | G38: UN | H38: 16 | J38: =SUM(I38*H38) -> 0
B39: 1.7.5 | C39: CDHU | D39: 38.04.040 | F39: Eletroduto galvanizado conforme NBR13057 - 3/4´ com acessórios | G39: M | H39: 100 | J39: =SUM(I39*H39) -> 0
B40: 1.7.6 | C40: CDHU | D40: 36.20.060 | F40: Braçadeira para fixação de eletroduto, até 4´ | G40: UM | H40: 50 | J40: =SUM(I40*H40) -> 0
B41: 1.7.7 | C41: CDHU | D41: 39.02.020 | F41: Cabo de cobre de 4 mm², isolamento 750 V - isolação em PVC 70°C | G41: M | H41: 100 | J41: =SUM(I41*H41) -> 0
B42: 1.7.8 | C42: CDHU | D42: 39.02.030 | F42: Cabo de cobre de 6 mm², isolamento 750 V - isolação em PVC 70°C | G42: M | H42: 100 | J42: =SUM(I42*H42) -> 0
B43: TELHADOS COM LAJE - C01 / C02 / C03 / C04 / C05 / C06 | J43: =J44+J71+J98+J125+J152+J179 -> 0
B44: 2 | C44: C06 | E44: =#REF! -> #REF! | J44: =J45+J53+J56+J62+J65 -> 0
B45: 2.1 | C45: DEMOLIÇÕES | J45: =SUM(J46:J52) -> 0
B46: 2.1.1 | C46: CDHU | D46: 04.03.040 | E46: =B46&$C$44 -> 2.1.1C06 | F46: Retirada de telhamento perfil e material qualquer, exceto barro | G46: M2 | H46: 20.227515 | J46: =SUM(I46*H46) -> 0
B47: 2.1.2 | C47: CDHU | D47: 04.03.080 | E47: =B47&$C$44 -> 2.1.2C06 | F47: Retirada de cumeeira ou espigão perfil qualquer | G47: M | H47: 8 | J47: =SUM(I47*H47) -> 0
B48: 2.1.3 | C48: CDHU | D48: 04.30.020 | E48: =B48&$C$44 -> 2.1.3C06 | F48: Remoção de calha ou rufo | G48: M | H48: 32 | J48: =SUM(I48*H48) -> 0
B49: 2.1.4 | C49: CDHU | D49: 04.02.030 | E49: =B49&$C$44 -> 2.1.4C06 | F49: Retirada de peças lineares em madeira com seção superior a 60 cm² | G49: M | H49: 30 | J49: =SUM(I49*H49) -> 0
B50: 2.1.5 | C50: CDHU | D50: 04.02.140 | E50: =B50&$C$44 -> 2.1.5C06 | F50: Retirada de estrutura metálica | G50: Kg | H50: 102 | J50: =SUM(I50*H50) -> 0
B51: 2.1.6 | C51: CDHU | D51: 04.01.020 | E51: =B51&$C$44 -> 2.1.6C06 | F51: Retirada de placa cimentícia | G51: M2 | H51: 50 | J51: =SUM(I51*H51) -> 0
B52: 2.1.7 | C52: CDHU | D52: 03.09.020 | E52: =B52&$C$44 -> 2.1.7C06 | F52: Demolição manual de camada impermeabilizante | G52: M2 | H52: 20.23 | J52: =SUM(I52*H52) -> 0
B53: 2.2 | C53: REMOÇÃO DE ENTULHO DE ENTULHO DE OBRA | J53: =SUM(J54:J55) -> 0
B54: 2.2.1 | C54: CDHU | D54: 05.07.050 | E54: =B54&$C$44 -> 2.2.1C06 | F54: Remoção de entulho de obra com caçamba metálica - material volumoso e misturado por alvenaria, terra, madeira, papel, plástico e metal | G54: M3 | H54: 0.30976287 | J54: =SUM(I54*H54) -> 0
B55: 2.2.2 | C55: CDHU | D55: 05.07.070 | E55: =B55&$C$44 -> 2.2.2C06 | F55: Remoção de entulho de obra com caçamba metálica - gesso e/ou drywall | G55: M2 | H55: 20.227515 | J55: =SUM(I55*H55) -> 0
B56: 2.3 | C56: REPAROS NA LAJE E ESTRUTURAS ADJACENTES E IMPERMEABILIZAÇÃO | J56: =SUM(J57:J61) -> 0
B57: 2.3.1 | C57: CDHU | D57: 17.01.020 | E57: =B57&$C$125 -> 2.3.1C03 | F57: Argamassa de regularização e / ou proteção | G57: M3 | H57: 0.46464431 | J57: =SUM(I57*H57) -> 0
B58: 2.3.3 | C58: CDHU | D58: 17.02.120 | E58: =B58&$C$125 -> 2.3.3C03 | F58: Limpeza final da obra | G58: M2 | H58: 14.949156 | J58: =SUM(I58*H58) -> 0
B59: 2.3.4 | C59: CDHU | D59: 11.05.040 | E59: =B59&$C$125 -> 2.3.4C03 | F59: Argamassa graute | G59: M3 | H59: 0.15488144 | J59: =SUM(I59*H59) -> 0
B60: 2.3.5 | C60: CDHU | D60: 32.07.226 | E60: =B60&$C$152 -> 2.3.5C01 | F60: Selante elástico monocomponente a base de poliuretano (PU) para juntas de dilatação | G60: M | H60: 8.3635975 | J60: =SUM(I60*H60) -> 0
B61: 2.3.6 | C61: CDHU | D61: 32.16.050 | E61: =B61&$C$152 -> 2.3.6C01 | F61: Impermeabilização em membrana à base de polímeros acrílicos, na cor branca | G61: M2 | H61: 29.898312 | J61: =SUM(I61*H61) -> 0
B62: 2.4 | C62: TRANSPORTE DE MATERIAL DEMOLIDO EM CAÇAMBA E PAGAMENTO DE TAXAS PARA DESTINAÇÃO DOS RESÍDUOS | J62: =SUM(J63:J64) -> 0
B63: 2.4.1 | C63: CDHU | D63: 05.09.008 | E63: =B63&$C$44 -> 2.4.1C06 | F63: Taxa de destinação de resíduo sólido em aterro - telhas cimento amianto | G63: T | H63: 0.28 | J63: =SUM(I63*H63) -> 0
B64: 2.4.2 | C64: CDHU | D64: 05.04.060 | E64: =B64&$C$44 -> 2.4.2C06 | F64: Transporte manual horizontal e/ou vertical de entulho até o local de despejo - ensacado | G64: M3 | H64: 0.46464431 | J64: =SUM(I64*H64) -> 0
B65: 2.5 | C65: COBERTURA METÁLICA | J65: =SUM(J66:J70) -> 0
B66: 2.5.1 | C66: CDHU | D66: 15.03.030 | E66: =B66&$C$71 -> 2.5.1C05 | F66: Fornecimento e montagem de estrutura em aço ASTM-A36, sem pintura | G66: KG | H66: 381.442 | J66: =SUM(I66*H66) -> 0
B67: 2.5.2 | C67: CDHU | D67: 33.07.303 | E67: =B67&$C$71 -> 2.5.2C05 | F67: Proteção passiva contra incêndio com tinta intumescente, com tempo requerido de resistência ao fogo TRRF = 60 min - aplicação em estrutura metálica | G67: M2 | H67: 11.523179 | J67: =SUM(I67*H67) -> 0
B68: 2.5.3 | C68: CDHU | D68: 16.13.070 | E68: =B68&$C$71 -> 2.5.3C05 | F68: Telhamento em chapa de aço pré-pintada com epóxi e poliéster, tipo sanduíche, espessura de 0,50 mm, com poliisocianurato (PIR) | G68: M2 | H68: 19.205298 | J68: =SUM(I68*H68) -> 0
B69: 2.5.4 | C69: CDHU | D69: 33.11.050 | E69: =B69&$C$71 -> 2.5.4C05 | F69: Esmalte à base água em superfície metálica, inclusive preparo | G69: M2 | H69: 11.523179 | J69: =SUM(I69*H69) -> 0
B70: 2.5.5 | C70: CDHU | D70: 16.33.022 | E70: =B70&$C$71 -> 2.5.5C05 | F70: Calha, rufo, afins em chapa galvanizada nº 24 - corte 0,33 m | G70: M2 | H70: 17.668874 | J70: =SUM(I70*H70) -> 0
B71: 3 | C71: C05 | E71: =#REF! -> #REF! | J71: =J72+J80+J83+J89+J92 -> 0
B72: =B71&"."&1 -> 3.1 | C72: DEMOLIÇÕES | J72: =SUM(J73:J79) -> 0
B73: 3.1.1 | C73: CDHU | D73: 04.03.040 | E73: =B73&$C$71 -> 3.1.1C05 | F73: Retirada de telhamento perfil e material qualquer, exceto barro | G73: M2 | H73: 115.08759 | J73: =SUM(I73*H73) -> 0
B74: 3.1.2 | C74: CDHU | D74: 04.03.080 | E74: =B74&$C$71 -> 3.1.2C05 | F74: Retirada de cumeeira ou espigão perfil qualquer | G74: M | H74: 30 | J74: =SUM(I74*H74) -> 0
B75: 3.1.3 | C75: CDHU | D75: 04.30.020 | E75: =B75&$C$71 -> 3.1.3C05 | F75: Remoção de calha ou rufo | G75: M | H75: 60 | J75: =SUM(I75*H75) -> 0
B76: 3.1.4 | C76: CDHU | D76: 04.02.030 | E76: =B76&$C$71 -> 3.1.4C05 | F76: Retirada de peças lineares em madeira com seção superior a 60 cm² | G76: M | H76: 30 | J76: =SUM(I76*H76) -> 0
B77: 3.1.5 | C77: CDHU | D77: 04.02.140 | E77: =B77&$C$71 -> 3.1.5C05 | F77: Retirada de estrutura metálica | G77: Kg | H77: 85 | J77: =SUM(I77*H77) -> 0
B78: 3.1.6 | C78: CDHU | D78: 04.01.020 | E78: =B78&$C$71 -> 3.1.6C05 | F78: Retirada de placa cimentícia | G78: M2 | H78: 15 | J78: =SUM(I78*H78) -> 0
B79: 3.1.7 | C79: CDHU | D79: 03.09.020 | E79: =B79&$C$71 -> 3.1.7C05 | F79: Demolição manual de camada impermeabilizante | G79: M2 | H79: 115.09 | J79: =SUM(I79*H79) -> 0
B80: =$B$71&"."&2 -> 3.2 | C80: REMOÇÃO DE ENTULHO DE ENTULHO DE OBRA | J80: =SUM(J81:J82) -> 0
B81: =$B$80&"."&"1" -> 3.2.1 | C81: CDHU | D81: 05.07.050 | E81: =B81&$C$71 -> 3.2.1C05 | F81: Remoção de entulho de obra com caçamba metálica - material volumoso e misturado por alvenaria, terra, madeira, papel, plástico e metal | G81: M3 | H81: 1.7624439 | J81: =SUM(I81*H81) -> 0
B82: =$B$80&"."&"2" -> 3.2.2 | C82: CDHU | D82: 05.07.070 | E82: =B82&$C$71 -> 3.2.2C05 | F82: Remoção de entulho de obra com caçamba metálica - gesso e/ou drywall | G82: M2 | H82: 115.08759 | J82: =SUM(I82*H82) -> 0
B83: =$B$71&"."&3 -> 3.3 | C83: REPAROS NA LAJE E ESTRUTURAS ADJACENTES E IMPERMEABILIZAÇÃO | J83: =SUM(J84:J88) -> 0
B84: 3.3.1 | C84: CDHU | D84: 17.01.020 | E84: =B84&$C$125 -> 3.3.1C03 | F84: Argamassa de regularização e / ou proteção | G84: M3 | H84: 2.6436659 | J84: =SUM(I84*H84) -> 0
B85: 3.3.2 | C85: CDHU | D85: 17.02.120 | E85: =B85&$C$125 -> 3.3.2C03 | F85: Limpeza final da obra | G85: M2 | H85: 85.055544 | J85: =SUM(I85*H85) -> 0
B86: 3.3.3 | C86: CDHU | D86: 11.05.040 | E86: =B86&$C$125 -> 3.3.3C03 | F86: Argamassa graute | G86: M3 | H86: 0.88122196 | J86: =SUM(I86*H86) -> 0
B87: 3.3.4 | C87: CDHU | D87: 32.07.226 | E87: =B87&$C$152 -> 3.3.4C01 | F87: Selante elástico monocomponente a base de poliuretano (PU) para juntas de dilatação | G87: M | H87: 47.585986 | J87: =SUM(I87*H87) -> 0
B88: 3.3.5 | C88: CDHU | D88: 32.16.050 | E88: =B88&$C$152 -> 3.3.5C01 | F88: Impermeabilização em membrana à base de polímeros acrílicos, na cor branca | G88: M2 | H88: 170.11109 | J88: =SUM(I88*H88) -> 0
B89: =$B$71&"."&4 -> 3.4 | C89: TRANSPORTE DE MATERIAL DEMOLIDO EM CAÇAMBA E PAGAMENTO DE TAXAS PARA DESTINAÇÃO DOS RESÍDUOS | J89: =SUM(J90:J91) -> 0
B90: 3.4.1 | C90: CDHU | D90: 05.09.008 | E90: =B90&$C$71 -> 3.4.1C05 | F90: Taxa de destinação de resíduo sólido em aterro - telhas cimento amianto | G90: T | H90: 1.59 | J90: =SUM(I90*H90) -> 0
B91: 3.4.2 | C91: CDHU | D91: 05.04.060 | E91: =B91&$C$71 -> 3.4.2C05 | F91: Transporte manual horizontal e/ou vertical de entulho até o local de despejo - ensacado | G91: M3 | H91: 2.6436659 | J91: =SUM(I91*H91) -> 0
B92: 3.5 | C92: COBERTURA METÁLICA | J92: =SUM(J93:J97) -> 0
B93: =$B$92&"."&"1" -> 3.5.1 | C93: CDHU | D93: 15.03.030 | E93: =B93&$C$71 -> 3.5.1C05 | F93: Fornecimento e montagem de estrutura em aço ASTM-A36, sem pintura | G93: KG | H93: 2170.2734 | J93: =SUM(I93*H93) -> 0
B94: =$B$92&"."&"2" -> 3.5.2 | C94: CDHU | D94: 33.07.303 | E94: =B94&$C$71 -> 3.5.2C05 | F94: Proteção passiva contra incêndio com tinta intumescente, com tempo requerido de resistência ao fogo TRRF = 60 min - aplicação em estrutura metálica | G94: M2 | H94: 65.562914 | J94: =SUM(I94*H94) -> 0
B95: =$B$92&"."&"3" -> 3.5.3 | C95: CDHU | D95: 16.13.070 | E95: =B95&$C$71 -> 3.5.3C05 | F95: Telhamento em chapa de aço pré-pintada com epóxi e poliéster, tipo sanduíche, espessura de 0,50 mm, com poliisocianurato (PIR) | G95: M2 | H95: 109.27152 | J95: =SUM(I95*H95) -> 0
B96: =$B$92&"."&"4" -> 3.5.4 | C96: CDHU | D96: 33.11.050 | E96: =B96&$C$71 -> 3.5.4C05 | F96: Esmalte à base água em superfície metálica, inclusive preparo | G96: M2 | H96: 65.562914 | J96: =SUM(I96*H96) -> 0
B97: =$B$92&"."&"5" -> 3.5.5 | C97: CDHU | D97: 16.33.022 | E97: =B97&$C$71 -> 3.5.5C05 | F97: Calha, rufo, afins em chapa galvanizada nº 24 - corte 0,33 m | G97: M2 | H97: 100.5298 | J97: =SUM(I97*H97) -> 0
B98: 4 | C98: C04 | E98: =#REF! -> #REF! | J98: =J99+J107+J110+J116+J119 -> 0
B99: 4.1 | C99: DEMOLIÇÕES | J99: =SUM(J100:J106) -> 0
B100: 4.1.1 | C100: CDHU | D100: 04.03.040 | E100: =B100&$C$98 -> 4.1.1C04 | F100: Retirada de telhamento perfil e material qualquer, exceto barro | G100: M2 | H100: 133.3621 | J100: =SUM(I100*H100) -> 0
B101: 4.1.2 | C101: CDHU | D101: 04.03.080 | E101: =B101&$C$98 -> 4.1.2C04 | F101: Retirada de cumeeira ou espigão perfil qualquer | G101: M | H101: 30 | J101: =SUM(I101*H101) -> 0
...

Sheet CALCULO BDI
A1: COMPOSIÇÃO DO BDI
A3: ITEM COMPONENTE | C3: PROPOSTO (%) | D3: SOMA (%)
A4: AC | B4: ADM. CENTRAL | D4: =C4 -> 0
A5: R | B5: RISCOS | D5: =C5+C6 -> 0
A6: S+G | B6: SEGUROS E GARANTIAS
A7: DF | B7: DESPESAS FINANCEIRAS | D7: =C7 -> 0
A8: L | B8: LUCRO | D8: =C8 -> 0
A9: I | B9: TRIBUTOS (PIS + CONFIS + ISS) | D9: =C9+C10 -> 0
B10: CPPRB
C12: BDI (%): | D12: =ROUND((((1+(D4+D5))*(1+D7)*(1+D8)/(1-D9))-(1))*100,2) -> 0
A13: Fórmula utilizada:

Sheet COMPARATIVO COTAÇÕES
B1: COMPARATIVO COTAÇÕES
B2: =OBJETO -> #REF!
B4: ITEM | D4: CÓD. QNTD | E4: ORIGEM | F4: CÓDIGO CPU | G4: DISCRIMINAÇÃO | H4: UND | I4: COEF. | J4: MÉDIA | K4: R$ TOTAL | M4: ORÇAMENTO 1 | N4: ORÇAMENTO 2 | O4: ORÇAMENTO 3
B5: 1.0 | G5: CUSTOS DIRETOS
B6: 1.2 | G6: DIVISÓRIAS | M6: ETHERNE | N6: AMPIA | O6: DIV OFFICE
B7: 1.2.2 | C7: =B7 -> 1.2.2 | D7: DIV0002 | E7: PREÇO REFERENCIAL DE MERCADO | F7: CPU.0006 | G7: DIVISÓRIA ACÚSTICA REVESTIDA CEGA | H7: M² | I7: =VLOOKUP(D7,'MEMÓRIAS DE CÁLCULO'!L:M,2,0) -> 3.67 | J7: =SUMIF(C8:C55,C7,K8:K55) -> 1006.4167 | K7: =J7*I7 -> 3693.5492
B8: =B7 -> 1.2.2 | C8: =C7 -> 1.2.2 | E8: PREÇO REFERENCIAL DE MERCADO | G8: DIVISÓRIA ACÚSTICA REVESTIDA CEGA - FORNECIMENTO E INSTALAÇÃO | H8: M² | I8: 1 | J8: =AVERAGE(M8:O8) -> 1006.4167 | K8: =J8*I8 -> 1006.4167 | M8: 710 | N8: 1410.25 | O8: 899
B9: 1.2.3 | C9: =B9 -> 1.2.3 | D9: DIV0003 | E9: PREÇO REFERENCIAL DE MERCADO | F9: CPU.0007 | G9: DIVISÓRIA ACÚSTICA REVESTIDA MEIO CEGA MEIO VIDRO | H9: M² | I9: =VLOOKUP(D9,'MEMÓRIAS DE CÁLCULO'!L:M,2,0) -> 4.12 | J9: =SUMIF(C10:C55,C9,K10:K55) -> 2054.0333 | K9: =J9*I9 -> 8462.6173
B10: =B9 -> 1.2.3 | C10: =C9 -> 1.2.3 | E10: PREÇO REFERENCIAL DE MERCADO | G10: DIVISÓRIA ACÚSTICA REVESTIDA MEIO CEGA MEIO VIDRO - FORNECIMENTO E INSTALAÇÃO | H10: M² | I10: 1 | J10: =AVERAGE(M10:O10) -> 2054.0333 | K10: =J10*I10 -> 2054.0333 | M10: 995 | N10: 1667.1 | O10: 3500
B11: 1.5 | G11: PORTAS | M11: ETHERNE | N11: AMPIA | O11: DIV OFFICE
B12: 1.5.4 | C12: =B12 -> 1.5.4 | D12: POR0004 | E12: PREÇO REFERENCIAL DE MERCADO | F12: CPU.0008 | G12: PORTA DIVISÓRIA ACÚSTICA | H12: UN | I12: =VLOOKUP(D12,'MEMÓRIAS DE CÁLCULO'!L:M,2,0) -> 1 | J12: =SUMIF(C13:C70,C12,K13:K70) -> 3690.4967 | K12: =J12*I12 -> 3690.4967
B13: =B12 -> 1.5.4 | C13: =C12 -> 1.5.4 | E13: PREÇO REFERENCIAL DE MERCADO | G13: PORTA DIVISÓRIA ACÚSTICA - FORNECIMENTO E INSTALAÇÃO | H13: UN | I13: 1 | J13: =AVERAGE(M13:O13) -> 3690.4967 | K13: =J13*I13 -> 3690.4967 | M13: 3950 | N13: 3621.49 | O13: 3500
B14: 1.5.5 | C14: =B14 -> 1.5.5 | D14: POR0005 | E14: PREÇO REFERENCIAL DE MERCADO | F14: CPU.0009 | G14: PORTA DIVISÓRIA ACÚSTICA REVESTIDA | H14: UN | I14: =VLOOKUP(D14,'MEMÓRIAS DE CÁLCULO'!L:M,2,0) -> 10 | J14: =SUMIF(C15:C70,C14,K15:K70) -> 4073.7467 | K14: =J14*I14 -> 40737.467
B15: =B14 -> 1.5.5 | C15: =C14 -> 1.5.5 | E15: PREÇO REFERENCIAL DE MERCADO | G15: PORTA DIVISÓRIA ACÚSTICA REVESTIDA - FORNECIMENTO E INSTALAÇÃO | H15: M² | I15: 1 | J15: =AVERAGE(M15:O15) -> 4073.7467 | K15: =J15*I15 -> 4073.7467 | M15: 3950 | N15: 4771.24 | O15: 3500
B16: 1.9 | G16: SISTEMA DE SPRINKLER | M16: SOEDRAL | N16: POTENZA | O16: RIMAR
B17: 1.9.2 | G17: CONEXÕES E ACESSÓRIOS
B18: 1.9.2.1 | C18: =B18 -> 1.9.2.1 | D18: SPK0007 | E18: PREÇO REFERENCIAL DE MERCADO | F18: 3R 23 12 00 00 19 11 03 03 | G18: BUCHA DE REDUÇÃO DE FERRO GALVANIZADO Ø 40 X 32 MM - 1 1/2 X 1 1/4" | H18: UN | I18: =VLOOKUP(D18,'MEMÓRIAS DE CÁLCULO'!L:M,2,0) -> 407 | J18: =SUMIF(C19:C90,C18,K19:K90) -> 17.01 | K18: =J18*I18 -> 6923.07
B19: =B18 -> 1.9.2.1 | C19: =C18 -> 1.9.2.1 | G19: BUCHA DE FERRO MALEÁVEL GALVANIZADO DE REDUÇÃO Ø 1 1/2" X 1 1/4" | H19: UN | I19: 1 | J19: =AVERAGE(M19:O19) -> 17.01 | K19: =J19*I19 -> 17.01 | M19: 14.45 | N19: 19.23 | O19: 17.35
B20: 1.9.2.2 | C20: =B20 -> 1.9.2.2 | D20: SPK0008 | E20: 'PREÇO REFERENCIAL DE MERCADO | F20: 3R 23 12 00 00 19 11 03 03 | G20: BUCHA DE REDUÇÃO DE FERRO GALVANIZADO Ø 40 X 32 MM - 1 1/2 X 1 1/4" | H20: UN | I20: =VLOOKUP(D20,'MEMÓRIAS DE CÁLCULO'!L:M,2,0) -> 341 | J20: =SUMIF(C21:C90,C20,K21:K90) -> 17.01 | K20: =J20*I20 -> 5800.41
B21: =B20 -> 1.9.2.2 | C21: =C20 -> 1.9.2.2 | G21: BUCHA DE FERRO MALEÁVEL GALVANIZADO DE REDUÇÃO Ø 1 1/2" X 1 1/4" | H21: UN | I21: 1 | J21: =AVERAGE(M21:O21) -> 17.01 | K21: =J21*I21 -> 17.01 | M21: 14.45 | N21: 19.23 | O21: 17.35
B22: 1.9.2.3 | C22: =B22 -> 1.9.2.3 | D22: SPK0009 | E22: 'PREÇO REFERENCIAL DE MERCADO | F22: 3R 23 12 00 00 19 11 03 18 | G22: BUCHA DE REDUÇÃO DE FERRO GALVANIZADO Ø 32 X 15 MM - 1 1/4 X 1/2" | H22: UN | I22: =VLOOKUP(D22,'MEMÓRIAS DE CÁLCULO'!L:M,2,0) -> 451 | J22: =SUMIF(C23:C91,C22,K23:K91) -> 11.956667 | K22: =J22*I22 -> 5392.4567
B23: =B22 -> 1.9.2.3 | C23: =C22 -> 1.9.2.3 | G23: BUCHA DE FERRO MALEÁVEL GALVANIZADO DE REDUÇÃO Ø 1 1/4" X 1/2" | H23: UN | I23: 1 | J23: =AVERAGE(M23:O23) -> 11.956667 | K23: =J23*I23 -> 11.956667 | M23: 10.13 | N23: 13.58 | O23: 12.16
B24: 1.9.2.4 | C24: =B24 -> 1.9.2.4 | D24: SPK0010 | E24: 'PREÇO REFERENCIAL DE MERCADO | F24: 3R 23 12 00 00 19 11 03 09 | G24: BUCHA DE REDUÇÃO DE FERRO GALVANIZADO Ø 65 X 40 MM - 2 1/2 X 1 1/2" | H24: UN | I24: =VLOOKUP(D24,'MEMÓRIAS DE CÁLCULO'!L:M,2,0) -> 6 | J24: =SUMIF(C25:C94,C24,K25:K94) -> 32.75 | K24: =J24*I24 -> 196.5
B25: =B24 -> 1.9.2.4 | C25: =C24 -> 1.9.2.4 | G25: BUCHA DE FERRO MALEÁVEL GALVANIZADO DE REDUÇÃO Ø 2 1/2" X 1 1/2" | H25: UN | I25: 1 | J25: =AVERAGE(M25:O25) -> 32.75 | K25: =J25*I25 -> 32.75 | M25: 27.84 | N25: 37.01 | O25: 33.4
B26: 1.9.2.5 | C26: =B26 -> 1.9.2.5 | D26: SPK0011 | E26: 'PREÇO REFERENCIAL DE MERCADO | F26: 3R 23 12 00 00 19 16 08 12 | G26: BUCHA DE REDUÇÃO DE FERRO GALVANIZADO Ø 65 X 50 MM - 2 1/2 X 2" | H26: UN | I26: =VLOOKUP(D26,'MEMÓRIAS DE CÁLCULO'!L:M,2,0) -> 2 | J26: =SUMIF(C27:C97,C26,K27:K97) -> 32.75 | K26: =J26*I26 -> 65.5
B27: =B26 -> 1.9.2.5 | C27: =C26 -> 1.9.2.5 | G27: BUCHA DE FERRO MALEÁVEL GALVANIZADO DE REDUÇÃO Ø 2 1/2" X 2" | H27: UN | I27: 1 | J27: =AVERAGE(M27:O27) -> 32.75 | K27: =J27*I27 -> 32.75 | M27: 27.84 | N27: 37.01 | O27: 33.4
B28: 1.9.2.6 | C28: =B28 -> 1.9.2.6 | D28: SPK0012 | E28: 'PREÇO REFERENCIAL DE MERCADO | F28: 3R 23 12 00 00 19 11 03 06 | G28: BUCHA DE REDUÇÃO DE FERRO GALVANIZADO Ø 50 X 40 MM - 2 X 1 1/2" | H28: UN | I28: =VLOOKUP(D28,'MEMÓRIAS DE CÁLCULO'!L:M,2,0) -> 19 | J28: =SUMIF(C29:C99,C28,K29:K99) -> 21.933333 | K28: =J28*I28 -> 416.73333
B29: =B28 -> 1.9.2.6 | C29: =C28 -> 1.9.2.6 | G29: BUCHA DE FERRO MALEÁVEL GALVANIZADO DE REDUÇÃO Ø 2" X 1 1/2" | H29: UN | I29: 1 | J29: =AVERAGE(M29:O29) -> 21.933333 | K29: =J29*I29 -> 21.933333 | M29: 18.64 | N29: 24.79 | O29: 22.37
B30: 1.9.2.7 | C30: =B30 -> 1.9.2.7 | D30: SPK0013 | E30: 'PREÇO REFERENCIAL DE MERCADO | F30: CPU.0026 | G30: BUCHA DE REDUÇÃO DE FERRO GALVANIZADO Ø 80 X 32 MM - 3 X 1 1/4" | H30: UN | I30: =VLOOKUP(D30,'MEMÓRIAS DE CÁLCULO'!L:M,2,0) -> 1 | J30: =SUMIF(C31:C102,C30,K31:K102) -> 41.53 | K30: =J30*I30 -> 41.53
B31: =B30 -> 1.9.2.7 | C31: =C30 -> 1.9.2.7 | G31: BUCHA DE FERRO MALEÁVEL GALVANIZADO DE REDUÇÃO Ø 1 1/2 X 1 1/4" | H31: UN | I31: 1 | J31: =AVERAGE(M31:O31) -> 41.53 | K31: =J31*I31 -> 41.53 | M31: 18.64 | N31: 55.69 | O31: 50.26
B32: 1.9.2.8 | C32: =B32 -> 1.9.2.8 | D32: SPK0014 | E32: 'PREÇO REFERENCIAL DE MERCADO | F32: 3R 23 12 00 00 19 11 03 10 | G32: BUCHA DE REDUÇÃO DE FERRO GALVANIZADO Ø 80 X 40 MM - 3 X 1 1/2" | H32: UN | I32: =VLOOKUP(D32,'MEMÓRIAS DE CÁLCULO'!L:M,2,0) -> 12 | J32: =SUMIF(C33:C105,C32,K33:K105) -> 49.273333 | K32: =J32*I32 -> 591.28
B33: =B32 -> 1.9.2.8 | C33: =C32 -> 1.9.2.8 | G33: BUCHA DE FERRO MALEÁVEL GALVANIZADO DE REDUÇÃO Ø 3" X 1 1/2" | H33: UN | I33: 1 | J33: =AVERAGE(M33:O33) -> 49.273333 | K33: =J33*I33 -> 49.273333 | M33: 41.87 | N33: 55.69 | O33: 50.26
B34: 1.9.2.9 | C34: =B34 -> 1.9.2.9 | D34: SPK0015 | E34: 'PREÇO REFERENCIAL DE MERCADO | F34: 3R 23 12 00 00 19 11 03 11 | G34: BUCHA DE REDUÇÃO DE FERRO GALVANIZADO Ø 80 X 50 MM - 3 X 2" | H34: UN | I34: =VLOOKUP(D34,'MEMÓRIAS DE CÁLCULO'!L:M,2,0) -> 2 | J34: =SUMIF(C35:C107,C34,K35:K107) -> 49.243333 | K34: =J34*I34 -> 98.486667
B35: =B34 -> 1.9.2.9 | C35: =C34 -> 1.9.2.9 | G35: BUCHA DE FERRO MALEÁVEL GALVANIZADO DE REDUÇÃO Ø 3" X 2" | H35: UN | I35: 1 | J35: =AVERAGE(M35:O35) -> 49.243333 | K35: =J35*I35 -> 49.243333 | M35: 41.87 | N35: 55.6 | O35: 50.26
B36: 1.9.2.10 | C36: =B36 -> 1.9.2.10 | D36: SPK0016 | E36: 'PREÇO REFERENCIAL DE MERCADO | F36: 3R 23 12 00 00 19 11 03 16 | G36: BUCHA DE REDUÇÃO DE FERRO GALVANIZADO Ø 100 X 80 MM - 4 X 3" | H36: UN | I36: =VLOOKUP(D36,'MEMÓRIAS DE CÁLCULO'!L:M,2,0) -> 3 | J36: =SUMIF(C37:C110,C36,K37:K110) -> 89.01 | K36: =J36*I36 -> 267.03
B37: =B36 -> 1.9.2.10 | C37: =C36 -> 1.9.2.10 | G37: BUCHA DE FERRO MALEÁVEL GALVANIZADO DE REDUÇÃO Ø 4" X 3" | H37: UN | I37: 1 | J37: =AVERAGE(M37:O37) -> 89.01 | K37: =J37*I37 -> 89.01 | M37: 75.64 | N37: 100.59 | O37: 90.8
B38: 1.9.2.11 | C38: =B38 -> 1.9.2.11 | D38: SPK0017 | E38: 'PREÇO REFERENCIAL DE MERCADO | F38: CPU.0027 | G38: BUCHA DE REDUÇÃO DE FERRO GALVANIZADO Ø 80 X 32 MM - 3 X 1 1/4" | H38: UN | I38: =VLOOKUP(D38,'MEMÓRIAS DE CÁLCULO'!L:M,2,0) -> 1 | J38: =SUMIF(C39:C110,C38,K39:K110) -> 49.266667 | K38: =J38*I38 -> 49.266667
B39: =B38 -> 1.9.2.11 | C39: =C38 -> 1.9.2.11 | G39: BUCHA DE FERRO MALEÁVEL GALVANIZADO DE REDUÇÃO Ø 1 1/2 X 1 1/4" | H39: UN | I39: 1 | J39: =AVERAGE(M39:O39) -> 49.266667 | K39: =J39*I39 -> 49.266667 | M39: 41.87 | N39: 55.69 | O39: 50.24
B40: 1.9.2.12 | C40: =B40 -> 1.9.2.12 | D40: SPK0018 | E40: 'PREÇO REFERENCIAL DE MERCADO | F40: CPU.0028 | G40: BUCHA DE REDUÇÃO DE FERRO GALVANIZADO Ø 100 X 40 MM - 3 X 1 1/2" | H40: UN | I40: =VLOOKUP(D40,'MEMÓRIAS DE CÁLCULO'!L:M,2,0) -> 7 | J40: =SUMIF(C41:C110,C40,K41:K110) -> 49.273333 | K40: =J40*I40 -> 344.91333
B41: =B40 -> 1.9.2.12 | C41: =C40 -> 1.9.2.12 | G41: BUCHA DE FERRO MALEÁVEL GALVANIZADO DE REDUÇÃO Ø 3 X 1 1/2" | H41: UN | I41: 1 | J41: =AVERAGE(M41:O41) -> 49.273333 | K41: =J41*I41 -> 49.273333 | M41: 41.87 | N41: 55.69 | O41: 50.26
B42: 1.9.2.13 | C42: =B42 -> 1.9.2.13 | D42: SPK0019 | E42: 'PREÇO REFERENCIAL DE MERCADO | F42: 3R 23 12 00 00 19 11 03 53 | G42: COTOVELO 90° DE FERRO GALVANIZADO Ø 40 MM - 1 1/2" | H42: UN | I42: =VLOOKUP(D42,'MEMÓRIAS DE CÁLCULO'!L:M,2,0) -> 73 | J42: =SUMIF(C43:C110,C42,K43:K110) -> 25.27 | K42: =J42*I42 -> 1844.71
B43: =B42 -> 1.9.2.13 | C43: =C42 -> 1.9.2.13 | G43: COTOVELO 90º DE FERRO MALEÁVEL GALVANIZADO ROSCA BSP Ø 1 1/2" | H43: UN | I43: 1 | J43: =AVERAGE(M43:O43) -> 25.27 | K43: =J43*I43 -> 25.27 | M43: 21.47 | N43: 28.56 | O43: 25.78
B44: 1.9.2.14 | C44: =B44 -> 1.9.2.14 | D44: SPK0020 | E44: 'PREÇO REFERENCIAL DE MERCADO | F44: 3R 23 12 00 00 19 11 03 52 | G44: COTOVELO 90° DE FERRO GALVANIZADO Ø 32 MM - 1 1/4" | H44: UN | I44: =VLOOKUP(D44,'MEMÓRIAS DE CÁLCULO'!L:M,2,0) -> 61 | J44: =SUMIF(C45:C110,C44,K45:K110) -> 17.96 | K44: =J44*I44 -> 1095.56
B45: =B44 -> 1.9.2.14 | C45: =C44 -> 1.9.2.14 | G45: COTOVELO 90º DE FERRO MALEÁVEL GALVANIZADO ROSCA BSP Ø 1 1/4" | H45: UN | I45: 1 | J45: =AVERAGE(M45:O45) -> 17.96 | K45: =J45*I45 -> 17.96 | M45: 15.26 | N45: 20.3 | O45: 18.32
B46: 1.9.2.16 | C46: =B46 -> 1.9.2.16 | D46: SPK0022 | E46: 'PREÇO REFERENCIAL DE MERCADO | F46: 3R 23 12 00 00 19 11 03 54 | G46: COTOVELO 90° DE FERRO GALVANIZADO Ø 50 MM - 2" | H46: UN | I46: =VLOOKUP(D46,'MEMÓRIAS DE CÁLCULO'!L:M,2,0) -> 12 | J46: =SUMIF(C47:C110,C46,K47:K110) -> 40.056667 | K46: =J46*I46 -> 480.68
B47: =B46 -> 1.9.2.16 | C47: =C46 -> 1.9.2.16 | G47: COTOVELO 90º DE FERRO MALEÁVEL GALVANIZADO ROSCA BSP Ø 2" | H47: UN | I47: 1 | J47: =AVERAGE(M47:O47) -> 40.056667 | K47: =J47*I47 -> 40.056667 | M47: 34.04 | N47: 45.27 | O47: 40.86
B48: 1.9.2.19 | C48: =B48 -> 1.9.2.19 | D48: SPK0025 | E48: 'PREÇO REFERENCIAL DE MERCADO | F48: 3R 23 12 00 00 19 14 06 33 | G48: LUVA DE REDUÇÃO DE FERRO GALVANIZADO Ø 80 X 40 MM - 3 X 1 1/2" | H48: UN | I48: =VLOOKUP(D48,'MEMÓRIAS DE CÁLCULO'!L:M,2,0) -> 14 | J48: =SUMIF(C49:C110,C48,K49:K110) -> 79.476667 | K48: =J48*I48 -> 1112.6733
B49: =B48 -> 1.9.2.19 | C49: =C48 -> 1.9.2.19 | G49: LUVA DE FERRO MALEÁVEL GALVANIZADO DE REDUÇÃO Ø 3" X 1 1/2" | H49: UN | I49: 1 | J49: =AVERAGE(M49:O49) -> 79.476667 | K49: =J49*I49 -> 79.476667 | M49: 67.54 | N49: 89.82 | O49: 81.07
B50: 1.9.2.20 | C50: =B50 -> 1.9.2.20 | D50: SPK0026 | E50: 'PREÇO REFERENCIAL DE MERCADO | F50: 3R 23 12 00 00 19 14 06 34 | G50: LUVA DE REDUÇÃO DE FERRO GALVANIZADO Ø 80 X 50 MM - 3 X 2" | H50: UN | I50: =VLOOKUP(D50,'MEMÓRIAS DE CÁLCULO'!L:M,2,0) -> 2 | J50: =SUMIF(C51:C110,C50,K51:K110) -> 79.476667 | K50: =J50*I50 -> 158.95333
B51: =B50 -> 1.9.2.20 | C51: =C50 -> 1.9.2.20 | G51: LUVA DE FERRO MALEÁVEL GALVANIZADO DE REDUÇÃO Ø 3" X 2" | H51: UN | I51: 1 | J51: =AVERAGE(M51:O51) -> 79.476667 | K51: =J51*I51 -> 79.476667 | M51: 67.54 | N51: 89.82 | O51: 81.07
B52: 1.9.2.21 | C52: =B52 -> 1.9.2.21 | D52: SPK0027 | E52: 'PREÇO REFERENCIAL DE MERCADO | F52: 3R 23 12 00 00 19 14 06 38 | G52: LUVA DE REDUÇÃO DE FERRO GALVANIZADO Ø 100 X 65 MM - 4 X 2 1/2" | H52: UN | I52: =VLOOKUP(D52,'MEMÓRIAS DE CÁLCULO'!L:M,2,0) -> 1 | J52: =SUMIF(C53:C110,C52,K53:K110) -> 123.98 | K52: =J52*I52 -> 123.98
B53: =B52 -> 1.9.2.21 | C53: =C52 -> 1.9.2.21 | G53: LUVA DE FERRO MALEÁVEL GALVANIZADO DE REDUÇÃO Ø 4" X 2 1/2" | H53: UN | I53: 1 | J53: =AVERAGE(M53:O53) -> 123.98 | K53: =J53*I53 -> 123.98 | M53: 105.36 | N53: 140.12 | O53: 126.46
B54: 1.9.2.22 | C54: =B54 -> 1.9.2.22 | D54: SPK0028 | E54: 'PREÇO REFERENCIAL DE MERCADO | F54: 3R 23 12 00 00 19 14 06 39 | G54: LUVA DE REDUÇÃO DE FERRO GALVANIZADO Ø 100 X 80 MM - 4 X 3" | H54: UN | I54: =VLOOKUP(D54,'MEMÓRIAS DE CÁLCULO'!L:M,2,0) -> 7 | J54: =SUMIF(C55:C110,C54,K55:K110) -> 123.98 | K54: =J54*I54 -> 867.86
B55: =B54 -> 1.9.2.22 | C55: =C54 -> 1.9.2.22 | G55: LUVA DE FERRO MALEÁVEL GALVANIZADO DE REDUÇÃO Ø 4" X 3" | H55: UN | I55: 1 | J55: =AVERAGE(M55:O55) -> 123.98 | K55: =J55*I55 -> 123.98 | M55: 105.36 | N55: 140.12 | O55: 126.46
B56: 1.9.2.27 | C56: =B56 -> 1.9.2.27 | D56: SPK0033 | E56: 'PREÇO REFERENCIAL DE MERCADO | F56: 3R 23 12 00 00 19 15 07 44 | G56: TÊ 90° DE FERRO GALVANIZADO Ø 100 MM - 4" | H56: UN | I56: =VLOOKUP(D56,'MEMÓRIAS DE CÁLCULO'!L:M,2,0) -> 22 | J56: =SUMIF(C57:C110,C56,K57:K110) -> 230.48 | K56: =J56*I56 -> 5070.56
B57: =B56 -> 1.9.2.27 | C57: =C56 -> 1.9.2.27 | G57: TÊ 90º DE FERRO MALEÁVEL GALVANIZADO ROSCA BSP Ø 4" | H57: UN | I57: 1 | J57: =AVERAGE(M57:O57) -> 230.48 | K57: =J57*I57 -> 230.48 | M57: 195.87 | N57: 260.47 | O57: 235.1
B58: 1.9.2.28 | C58: =B58 -> 1.9.2.28 | D58: SPK0034 | E58: 'PREÇO REFERENCIAL DE MERCADO | F58: 3R 23 12 00 00 19 15 07 68 | G58: TÊ DE REDUÇÃO DE FERRO GALVANIZADO Ø 40 X 32 MM - 1 1/2 X 1 1/4" | H58: UN | I58: =VLOOKUP(D58,'MEMÓRIAS DE CÁLCULO'!L:M,2,0) -> 92 | J58: =SUMIF(C59:C110,C58,K59:K110) -> 36.56 | K58: =J58*I58 -> 3363.52
B59: =B58 -> 1.9.2.28 | C59: =C58 -> 1.9.2.28 | G59: TÊ DE FERRO MALEÁVEL GALVANIZADO COM REDUÇÃO Ø 1 1/2" X 1 1/4" | H59: UN | I59: 1 | J59: =AVERAGE(M59:O59) -> 36.56 | K59: =J59*I59 -> 36.56 | M59: 31.07 | N59: 41.32 | O59: 37.29
B60: 1.9.2.29 | C60: =B60 -> 1.9.2.29 | D60: SPK0035 | E60: 'PREÇO REFERENCIAL DE MERCADO | F60: 3R 23 12 00 00 19 15 07 50 | G60: TÊ DE REDUÇÃO DE FERRO GALVANIZADO Ø 50 X 40 MM - 2 X 1 1/2" | H60: UN | I60: 1 | J60: =SUMIF(C61:C110,C60,K61:K110) -> 58.813333 | K60: =J60*I60 -> 58.813333
B61: =B60 -> 1.9.2.29 | C61: =C60 -> 1.9.2.29 | G61: TÊ DE FERRO MALEÁVEL GALVANIZADO COM REDUÇÃO Ø 2" X 1 1/2" | H61: UN | I61: 1 | J61: =AVERAGE(M61:O61) -> 58.813333 | K61: =J61*I61 -> 58.813333 | M61: 49.98 | N61: 66.47 | O61: 59.99
B62: 1.9.2.30 | C62: =B62 -> 1.9.2.30 | D62: SPK0036 | E62: 'PREÇO REFERENCIAL DE MERCADO | F62: 3R 23 12 00 00 19 15 07 49 | G62: TÊ DE REDUÇÃO DE FERRO GALVANIZADO Ø 50 X 32 MM - 2 X 1 1/4" | H62: UN | I62: 1 | J62: =SUMIF(C63:C110,C62,K63:K110) -> 71.626667 | K62: =J62*I62 -> 71.626667
B63: =B62 -> 1.9.2.30 | C63: =C62 -> 1.9.2.30 | G63: TÊ DE FERRO MALEÁVEL GALVANIZADO COM REDUÇÃO Ø 2" X 1 1/4" | H63: UN | I63: 1 | J63: =AVERAGE(M63:O63) -> 71.626667 | K63: =J63*I63 -> 71.626667 | M63: 49.98 | N63: 104.91 | O63: 59.99
B64: 1.9.2.31 | C64: =B64 -> 1.9.2.31 | D64: SPK0037 | E64: 'PREÇO REFERENCIAL DE MERCADO | F64: 3R 23 12 00 00 19 15 07 52 | G64: TÊ DE REDUÇÃO DE FERRO GALVANIZADO Ø 65 X 40 MM - 2 1/2 X 1 1/2" | H64: UN | I64: 1 | J64: =SUMIF(C65:C110,C64,K65:K110) -> 92.83 | K64: =J64*I64 -> 92.83
B65: =B64 -> 1.9.2.31 | C65: =C64 -> 1.9.2.31 | G65: TÊ DE FERRO MALEÁVEL GALVANIZADO COM REDUÇÃO Ø 2 1/2" X 1 1/4" | H65: UN | I65: 1 | J65: =AVERAGE(M65:O65) -> 92.83 | K65: =J65*I65 -> 92.83 | M65: 78.89 | N65: 104.91 | O65: 94.69
B66: 1.9.2.32 | C66: =B66 -> 1.9.2.32 | D66: SPK0038 | E66: 'PREÇO REFERENCIAL DE MERCADO | F66: 3R 23 12 00 00 19 15 07 53 | G66: TÊ DE REDUÇÃO DE FERRO GALVANIZADO Ø 65 X 32 MM - 2 1/2 X 1 1/4" | H66: UN | I66: 1 | J66: =SUMIF(C67:C110,C66,K67:K110) -> 108.75667 | K66: =J66*I66 -> 108.75667
B67: =B66 -> 1.9.2.32 | C67: =C66 -> 1.9.2.32 | G67: TÊ DE FERRO MALEÁVEL GALVANIZADO COM REDUÇÃO Ø 2 1/2" X 1 1/2" | H67: UN | I67: 1 | J67: =AVERAGE(M67:O67) -> 108.75667 | K67: =J67*I67 -> 108.75667 | M67: 78.89 | N67: 152.69 | O67: 94.69
B68: 1.9.2.33 | C68: =B68 -> 1.9.2.33 | D68: SPK0039 | E68: 'PREÇO REFERENCIAL DE MERCADO | F68: 3R 23 12 00 00 19 15 07 56 | G68: TÊ DE REDUÇÃO DE FERRO GALVANIZADO Ø 80 X 40 MM - 3 X 1 1/2" | H68: UN | I68: 1 | J68: =SUMIF(C69:C110,C68,K69:K110) -> 135.10667 | K68: =J68*I68 -> 135.10667
B69: =B68 -> 1.9.2.33 | C69: =C68 -> 1.9.2.33 | G69: TÊ DE FERRO MALEÁVEL GALVANIZADO COM REDUÇÃO Ø 3"X 1 1/2" | H69: UN | I69: 1 | J69: =AVERAGE(M69:O69) -> 135.10667 | K69: =J69*I69 -> 135.10667 | M69: 114.82 | N69: 152.69 | O69: 137.81
B70: 1.9.2.34 | C70: =B70 -> 1.9.2.34 | D70: SPK0040 | E70: 'PREÇO REFERENCIAL DE MERCADO | F70: CPU.0029 | G70: TÊ DE REDUÇÃO DE FERRO GALVANIZADO Ø 80 X 32 MM - 3 X 1 1/4" | H70: UN | I70: 1 | J70: =SUMIF(C71:C110,C70,K71:K110) -> 135.10667 | K70: =J70*I70 -> 135.10667
B71: =B70 -> 1.9.2.34 | C71: =C70 -> 1.9.2.34 | G71: TÊ DE FERRO MALEÁVEL GALVANIZADO COM REDUÇÃO Ø 3 X 1 1/4" | H71: UN | I71: 1 | J71: =AVERAGE(M71:O71) -> 135.10667 | K71: =J71*I71 -> 135.10667 | M71: 114.82 | N71: 152.69 | O71: 137.81
B72: 1.9.2.35 | C72: =B72 -> 1.9.2.35 | D72: SPK0041 | E72: 'PREÇO REFERENCIAL DE MERCADO | F72: 3R 23 12 00 00 19 15 07 57 | G72: TÊ DE REDUÇÃO DE FERRO GALVANIZADO Ø 80 X 50 MM - 3 X 2" | H72: UN | I72: 1 | J72: =SUMIF(C73:C110,C72,K73:K110) -> 135.10667 | K72: =J72*I72 -> 135.10667
B73: =B72 -> 1.9.2.35 | C73: =C72 -> 1.9.2.35 | G73: TÊ DE FERRO MALEÁVEL GALVANIZADO COM REDUÇÃO Ø 3" X 2" | H73: UN | I73: 1 | J73: =AVERAGE(M73:O73) -> 135.10667 | K73: =J73*I73 -> 135.10667 | M73: 114.82 | N73: 152.69 | O73: 137.81
B74: 1.9.2.36 | C74: =B74 -> 1.9.2.36 | D74: SPK0042 | E74: 'PREÇO REFERENCIAL DE MERCADO | F74: 3R 23 12 00 00 19 15 07 59 | G74: TÊ DE REDUÇÃO DE FERRO GALVANIZADO Ø 80 X 65 MM - 3 X 2 1/2" | H74: UN | I74: 1 | J74: =SUMIF(C75:C110,C74,K75:K110) -> 180.01333 | K74: =J74*I74 -> 180.01333
B75: =B74 -> 1.9.2.36 | C75: =C74 -> 1.9.2.36 | G75: TÊ DE FERRO MALEÁVEL GALVANIZADO COM REDUÇÃO Ø 3" X 2 1/2" | H75: UN | I75: 1 | J75: =AVERAGE(M75:O75) -> 180.01333 | K75: =J75*I75 -> 180.01333 | M75: 114.82 | N75: 287.41 | O75: 137.81
B76: 1.9.2.37 | C76: =B76 -> 1.9.2.37 | D76: SPK0043 | E76: 'PREÇO REFERENCIAL DE MERCADO | F76: CPU.0030 | G76: TÊ DE REDUÇÃO DE FERRO GALVANIZADO Ø 100 X 40 MM - 4 X 1 1/2" | H76: UN | I76: 1 | J76: =SUMIF(C77:C110,C76,K77:K110) -> 133.01 | K76: =J76*I76 -> 133.01
B77: =B76 -> 1.9.2.37 | C77: =C76 -> 1.9.2.37 | G77: TÊ DE FERRO MALEÁVEL GALVANIZADO COM REDUÇÃO Ø 4 X 1 1/2" | H77: UN | I77: 1 | J77: =AVERAGE(M77:O77) -> 133.01 | K77: =J77*I77 -> 133.01 | M77: 114.82 | N77: 24.79 | O77: 259.42
B78: 1.9.2.38 | C78: =B78 -> 1.9.2.38 | D78: SPK0044 | E78: 'PREÇO REFERENCIAL DE MERCADO | F78: 3R 23 12 00 00 19 15 07 60 | G78: TÊ DE REDUÇÃO DE FERRO GALVANIZADO Ø 100 X 50 MM - 4 X 2" | H78: UN | I78: 1 | J78: =SUMIF(C79:C110,C78,K79:K110) -> 175.3 | K78: =J78*I78 -> 175.3
B79: =B78 -> 1.9.2.38 | C79: =C78 -> 1.9.2.38 | G79: TÊ DE FERRO MALEÁVEL GALVANIZADO COM REDUÇÃO Ø 4" X 2" | H79: UN | I79: 1 | J79: =AVERAGE(M79:O79) -> 175.3 | K79: =J79*I79 -> 175.3 | M79: 216.12 | N79: 287.41 | O79: 22.37
B80: 1.9.2.39 | C80: =B80 -> 1.9.2.39 | D80: SPK0045 | E80: 'PREÇO REFERENCIAL DE MERCADO | F80: CPU.0031 | G80: TÊ DE REDUÇÃO DE FERRO GALVANIZADO Ø 100 X 65 MM - 4 X 2 1/2" | H80: UN | I80: 1 | J80: =SUMIF(C81:C110,C80,K81:K110) -> 254.31667 | K80: =J80*I80 -> 254.31667
B81: =B80 -> 1.9.2.39 | C81: =C80 -> 1.9.2.39 | G81: TÊ DE FERRO MALEÁVEL GALVANIZADO COM REDUÇÃO Ø 4 X 2 1/2" | H81: UN | I81: 1 | J81: =AVERAGE(M81:O81) -> 254.31667 | K81: =J81*I81 -> 254.31667 | M81: 216.12 | N81: 287.41 | O81: 259.42
B82: 1.9.2.40 | C82: =B82 -> 1.9.2.40 | D82: SPK0046 | E82: 'PREÇO REFERENCIAL DE MERCADO | F82: 3R 23 12 00 00 19 15 07 61 | G82: TÊ DE REDUÇÃO DE FERRO GALVANIZADO Ø 100 X 80 MM - 4 X 3" | H82: UN | I82: 1 | J82: =SUMIF(C83:C110,C82,K83:K110) -> 254.31667 | K82: =J82*I82 -> 254.31667
B83: =B82 -> 1.9.2.40 | C83: =C82 -> 1.9.2.40 | G83: TÊ DE FERRO MALEÁVEL GALVANIZADO COM REDUÇÃO Ø 4" X 3" | H83: UN | I83: 1 | J83: =AVERAGE(M83:O83) -> 254.31667 | K83: =J83*I83 -> 254.31667 | M83: 216.12 | N83: 287.41 | O83: 259.42
B84: 1.14 | G84: SINALIZAÇÃO DE EMERGÊNCIA | M84: VILA DAS PLACAS | N84: PRONTINTAC | O84: ENFOQUE
B85: 1.14.1 | C85: =B85 -> 1.14.1 | D85: SIN0001 | E85: 'PREÇO REFERENCIAL DE MERCADO | F85: CPU.0011 | G85: PROIBIDO FUMAR | H85: UN | I85: =VLOOKUP(D85,'MEMÓRIAS DE CÁLCULO'!L:M,2,0) -> 6 | J85: =SUMIF(C86:C110,C85,K86:K110) -> 15.296667 | K85: =J85*I85 -> 91.78
B86: =B85 -> 1.14.1 | C86: =C85 -> 1.14.1 | G86: PLACA DE SINALIZAÇÃO | H86: UN | I86: 1 | J86: =AVERAGE(M86:O86) -> 15.296667 | K86: =J86*I86 -> 15.296667 | M86: 8.49 | N86: 11.5 | O86: 25.9
B87: 1.14.2 | C87: =B87 -> 1.14.2 | D87: SIN0002 | E87: 'PREÇO REFERENCIAL DE MERCADO | F87: CPU.0012 | G87: PROIBIDO UTILIZAR ELEVADOR EM CASO DE INCÊNDIO | H87: UN | I87: =VLOOKUP(D87,'MEMÓRIAS DE CÁLCULO'!L:M,2,0) -> 12 | J87: =SUMIF(C88:C112,C87,K88:K112) -> 8.1966667 | K87: =J87*I87 -> 98.36
B88: =B87 -> 1.14.2 | C88: =C87 -> 1.14.2 | G88: PLACA DE SINALIZAÇÃO | H88: UN | I88: 1 | J88: =AVERAGE(M88:O88) -> 8.1966667 | K88: =J88*I88 -> 8.1966667 | M88: 8.49 | N88: 7.2 | O88: 8.9
B89: 1.14.3 | C89: =B89 -> 1.14.3 | D89: SIN0003 | E89: 'PREÇO REFERENCIAL DE MERCADO | F89: CPU.0013 | G89: CUIDADO RISCO CHOQUE ELETRICO | H89: UN | I89: =VLOOKUP(D89,'MEMÓRIAS DE CÁLCULO'!L:M,2,0) -> 9 | J89: =SUMIF(C90:C114,C89,K90:K114) -> 9.1966667 | K89: =J89*I89 -> 82.77
B90: =B89 -> 1.14.3 | C90: =C89 -> 1.14.3 | G90: PLACA DE SINALIZAÇÃO | H90: UN | I90: 1 | J90: =AVERAGE(M90:O90) -> 9.1966667 | K90: =J90*I90 -> 9.1966667 | M90: 8.49 | N90: 7.2 | O90: 11.9
B91: 1.14.6 | C91: =B91 -> 1.14.6 | D91: SIN0006 | E91: 'PREÇO REFERENCIAL DE MERCADO | F91: CPU.0014 | G91: INSTRUÇÃO DE ABERTURA DA PORTA CORTA-FOGO/BARRA ANTI-PÂNICO | H91: UN | I91: =VLOOKUP(D91,'MEMÓRIAS DE CÁLCULO'!L:M,2,0) -> 6 | J91: =SUMIF(C92:C116,C91,K92:K116) -> 11.67 | K91: =J91*I91 -> 70.02
B92: =B91 -> 1.14.6 | C92: =C91 -> 1.14.6 | G92: PLACA DE SINALIZAÇÃO | H92: UN | I92: 1 | J92: =AVERAGE(M92:O92) -> 11.67 | K92: =J92*I92 -> 11.67 | M92: 7.99 | N92: 7.12 | O92: 19.9
B93: 1.14.7 | C93: =B93 -> 1.14.7 | D93: SIN0007 | E93: 'PREÇO REFERENCIAL DE MERCADO | F93: CPU.0015 | G93: ALARME SONORO | H93: UN | I93: =VLOOKUP(D93,'MEMÓRIAS DE CÁLCULO'!L:M,2,0) -> 22 | J93: =SUMIF(C94:C118,C93,K94:K118) -> 10.836667 | K93: =J93*I93 -> 238.40667
B94: =B93 -> 1.14.7 | C94: =C93 -> 1.14.7 | G94: PLACA DE SINALIZAÇÃO | H94: UN | I94: 1 | J94: =AVERAGE(M94:O94) -> 10.836667 | K94: =J94*I94 -> 10.836667 | M94: 8.49 | N94: 7.12 | O94: 16.9
B95: 1.14.8 | C95: =B95 -> 1.14.8 | D95: SIN0008 | E95: 'PREÇO REFERENCIAL DE MERCADO | F95: CPU.0016 | G95: COMANDO MANUAL DE ALARME OU BOMBA DE INCÊNDIO | H95: UN | I95: =VLOOKUP(D95,'MEMÓRIAS DE CÁLCULO'!L:M,2,0) -> 22 | J95: =SUMIF(C96:C120,C95,K96:K120) -> 6.2633333 | K95: =J95*I95 -> 137.79333
B96: =B95 -> 1.14.8 | C96: =C95 -> 1.14.8 | G96: PLACA DE SINALIZAÇÃO | H96: UN | I96: 1 | J96: =AVERAGE(M96:O96) -> 6.2633333 | K96: =J96*I96 -> 6.2633333 | M96: 6.94 | N96: 4.95 | O96: 6.9
B97: 1.14.9 | C97: =B97 -> 1.14.9 | D97: SIN0009 | E97: 'PREÇO REFERENCIAL DE MERCADO | F97: CPU.0017 | G97: ABRIGO DE MANGUEIRA E HIDRANTE | H97: UN | I97: =VLOOKUP(D97,'MEMÓRIAS DE CÁLCULO'!L:M,2,0) -> 16 | J97: =SUMIF(C98:C122,C97,K98:K122) -> 10.963333 | K97: =J97*I97 -> 175.41333
B98: =B97 -> 1.14.9 | C98: =C97 -> 1.14.9 | G98: PLACA DE SINALIZAÇÃO | H98: UN | I98: 1 | J98: =AVERAGE(M98:O98) -> 10.963333 | K98: =J98*I98 -> 10.963333 | M98: 8.89 | N98: 7.1 | O98: 16.9
B99: 1.14.10 | C99: =B99 -> 1.14.10 | D99: SIN0010 | E99: 'PREÇO REFERENCIAL DE MERCADO | F99: CPU.0018 | G99: HIDRANTE DE INCÊNDIO | H99: UN | I99: =VLOOKUP(D99,'MEMÓRIAS DE CÁLCULO'!L:M,2,0) -> 1 | J99: =SUMIF(C100:C124,C99,K100:K124) -> 10.83 | K99: =J99*I99 -> 10.83
B100: =B99 -> 1.14.10 | C100: =C99 -> 1.14.10 | G100: PLACA DE SINALIZAÇÃO | H100: UN | I100: 1 | J100: =AVERAGE(M100:O100) -> 10.83 | K100: =J100*I100 -> 10.83 | M100: 8.49 | N100: 7.1 | O100: 16.9
B101: 1.14.11 | C101: =B101 -> 1.14.11 | D101: SIN0011 | E101: 'PREÇO REFERENCIAL DE MERCADO | F101: CPU.0019 | G101: VALVULA DE CONTROLE DO SISTEMA DE CHUVEIROS AUTOMATICOS | H101: UN | I101: =VLOOKUP(D101,'MEMÓRIAS DE CÁLCULO'!L:M,2,0) -> 6 | J101: =SUMIF(C102:C126,C101,K102:K126) -> 10.83 | K101: =J101*I101 -> 64.98
...

Sheet CURVA ABC INSUMOS
B1: CURVA ABC DE INSUMOS
B2: =OBJETO -> #REF! | D2: =SUM(D5:D289)-#REF! -> #REF!
B4: ITEM | C4: DISCRIMINAÇÃO | D4: R$ TOTAL
B5: 1 | C5: FORRO EM FIBRA MINERAL COM PLACAS ACÚSTICAS REMOVÍVEIS DE 625x625MM, REF. LINHA FINETTA DA OWA DO BRASIL OU EQUIVALENTE | D5: =SUMIF(#REF!,'CURVA ABC INSUMOS'!C5,#REF!) -> #REF!
B6: 2 | C6: TUBO DE AÇO CARBONO PRETO SEM COSTURA SCH 40 DN= 5' | D6: =SUMIF(#REF!,'CURVA ABC INSUMOS'!C6,#REF!) -> #REF!
B7: 3 | C7: ENGENHEIRO CIVIL PLENO (MENSALISTA) | D7: =SUMIF(#REF!,'CURVA ABC INSUMOS'!C7,#REF!) -> #REF!
B8: 4 | C8: ENCANADOR | D8: =SUMIF(#REF!,'CURVA ABC INSUMOS'!C8,#REF!) -> #REF!
B9: 5 | C9: AJUDANTE DE ENCANADOR | D9: =SUMIF(#REF!,'CURVA ABC INSUMOS'!C10,#REF!) -> #REF!
B10: 6 | C10: TUBO DE AÇO CARBONO PRETO SEM COSTURA SCH 40 DN= 1 1/2' | D10: =SUMIF(#REF!,'CURVA ABC INSUMOS'!C13,#REF!) -> #REF!
B11: 7 | C11: ELETRICISTA | D11: =SUMIF(#REF!,'CURVA ABC INSUMOS'!C11,#REF!) -> #REF!
B12: 8 | C12: AJUDANTE DE ELETRICISTA | D12: =SUMIF(#REF!,'CURVA ABC INSUMOS'!C15,#REF!) -> #REF!
B13: 9 | C13: SERVENTE COM ENCARGOS COMPLEMENTARES | D13: =SUMIF(#REF!,'CURVA ABC INSUMOS'!C12,#REF!) -> #REF!
B14: 10 | C14: SERVENTE | D14: =SUMIF(#REF!,'CURVA ABC INSUMOS'!C18,#REF!) -> #REF!
B15: 11 | C15: PORTA CORTA-FOGO EM AÇO GALVANIZADA P.90, COM BARRA ANTIPÂNICO NUMA FACE E MAÇANETA NA OUTRA, COMPLETA REF. AUTHENTIC OU EQUIVALENTE | D15: =SUMIF(#REF!,'CURVA ABC INSUMOS'!C46,#REF!) -> #REF!
B16: 12 | C16: DETECTOR ÓPTICO DE FUMAÇA ENDEREÁVEL, COM BASE DE FIXAÇÃO, REF. BH-300 DA KIDDE, PROTEGE OU EQUIVALENTE | D16: =SUMIF(#REF!,'CURVA ABC INSUMOS'!C16,#REF!) -> #REF!
B17: 13 | C17: ENCARREGADO GERAL DE OBRAS (MENSALISTA) | D17: =SUMIF(#REF!,'CURVA ABC INSUMOS'!C9,#REF!) -> #REF!
B18: 14 | C18: TUBO DE AÇO CARBONO PRETO SEM COSTURA SCH 40 DN=2 1/2' | D18: =SUMIF(#REF!,'CURVA ABC INSUMOS'!C17,#REF!) -> #REF!
B19: 15 | C19: ENCANADOR OU BOMBEIRO HIDRÁULICO COM ENCARGOS COMPLEMENTARES | D19: =SUMIF(#REF!,'CURVA ABC INSUMOS'!C20,#REF!) -> #REF!
B20: 16 | C20: TUBO DE AÇO CARBONO PRETO SEM COSTURA SCH 40 DN= 3' | D20: =SUMIF(#REF!,'CURVA ABC INSUMOS'!C19,#REF!) -> #REF!
B21: 17 | C21: CONJUNTO MOTOR-BOMBA (CENTRÍFUGA) 30CV MONOESTÁGIO, TRIFÁSICA, HMAN=70 A 94 MCA, Q=34,8 A 61,7 M³/H | D21: =SUMIF(#REF!,'CURVA ABC INSUMOS'!C27,#REF!) -> #REF!
B22: 18 | C22: ELETRODUTO GALVANIZADO ELETROLÍTICO MÉDIO 3/4' | D22: =SUMIF(#REF!,'CURVA ABC INSUMOS'!C31,#REF!) -> #REF!
B23: 19 | C23: LUMINÁRIA P/ BALIZAMENTO OU ACLARAMENTO, SOBREPOR COMPLETA, COM LÂMPADA FLUORESCENTE COMPACTA, PL 9W | D23: =SUMIF(#REF!,'CURVA ABC INSUMOS'!C21,#REF!) -> #REF!
B24: 20 | C24: PLACA DE SINALIZAÇÃO | D24: =SUMIF(#REF!,'CURVA ABC INSUMOS'!C24,#REF!) -> #REF!
B25: 21 | C25: VÁLVULA DE GAVETA EM BRONZE HASTE ASCENDENTE, CLASSE 150 LIBRAS PARA VAPOR SATURADO E 300 LIBRAS PARA ÁGUA, ÓLEO E GÁS, DN= 4´ | D25: =SUMIF(#REF!,'CURVA ABC INSUMOS'!C25,#REF!) -> #REF!
B26: 22 | C26: RESERVATÓRIO EM POLIETILENO COM TAMPA DE ENCAIXAR CAPACIDADE DE 10.000 LITROS | D26: =SUMIF(#REF!,'CURVA ABC INSUMOS'!C23,#REF!) -> #REF!
B27: 23 | C27: MÓDULO ISOLADOR, MÓDULO ENDEREÇADOR PARA ÁUDIO VISUAL, REF. GLOBAL/AS MODELO LSCISO OU EQUIVALENTE | D27: =SUMIF(#REF!,'CURVA ABC INSUMOS'!C22,#REF!) -> #REF!
B28: 24 | C28: CABO DE COBRE FLEXIVEL DE 2X1,5MM², ENCORDOAMENTO COM ISOLAÇÃO TERMOPLÁSTICO PVC/E 105°C, CLASSE 4, TENSÃO DE ISOLAMENTO 600V, PARA SISTEMA DE DETECÇÃO INCÊNDIO | D28: =SUMIF(#REF!,'CURVA ABC INSUMOS'!C26,#REF!) -> #REF!
B29: 25 | C29: PARALELEPÍPEDO SÓ MATEIRAL | D29: =SUMIF(#REF!,'CURVA ABC INSUMOS'!C33,#REF!) -> #REF!
B30: 26 | C30: CAMINHÃO BASCULANTE 6 M3 PESO BRUTO TOTAL 16.000 KG, CARGA ÚTIL MÁXIMA 13.071 KG, DISTÂNCIA ENTRE EIXOS 4,80 M, POTÊNCIA 230 CV INCLUSIVE CAÇAMBA METÁLICA - CHP DIURNO. AF_06/2014 | D30: =SUMIF(#REF!,'CURVA ABC INSUMOS'!C41,#REF!) -> #REF!
B31: 27 | C31: BICO SPRINKLERS CROMADO, PENDENTE PARA TUBULAÇÃO 1/2', COM ROMPIMENTO DA AMPOLA A 68ºC | D31: =SUMIF(#REF!,'CURVA ABC INSUMOS'!C29,#REF!) -> #REF!
B32: 28 | C32: MATERIAIS DE CONSUMO (ESCRITÓRIO, LIMPEZA, ÁGUA POTÁVEL). | D32: =SUMIF(#REF!,'CURVA ABC INSUMOS'!C42,#REF!) -> #REF!
B33: 29 | C33: AÇO CA-50-A MD BITOLAS | D33: =SUMIF(#REF!,'CURVA ABC INSUMOS'!C30,#REF!) -> #REF!
B34: 30 | C34: BUCHA DE FERRO MALEÁVEL GALVANIZADO DE REDUÇÃO Ø 1 1/2" X 1 1/4" | D34: =SUMIF(#REF!,'CURVA ABC INSUMOS'!C40,#REF!) -> #REF!
B35: 31 | C35: COTOVELO 90 GRAUS DE FERRO GALVANIZADO, COM ROSCA BSP, DE 4" | D35: =SUMIF(#REF!,'CURVA ABC INSUMOS'!C34,#REF!) -> #REF!
B36: 32 | C36: LOCAÇÃO DE ANDAIME TORRE METÁLICO (1,5 X 1,5M), COM PISO METÁLICO | D36: =SUMIF(#REF!,'CURVA ABC INSUMOS'!C28,#REF!) -> #REF!
B37: 33 | C37: MARTELETE OU ROMPEDOR PNEUMÁTICO MANUAL, 28 KG, COM SILENCIADOR - CHI DIURNO. AF_07/2016 | D37: =SUMIF(#REF!,'CURVA ABC INSUMOS'!C36,#REF!) -> #REF!
B38: 34 | C38: CONTAINERSANITÁRIO, MÓDULO AÇO GALVANIZADO, 2 VASOS SANITÁRIOS, 2 LAVATÓRIOS / CALHA E 2 MICTÓRIOS / CALHA, 4 PONTOS PARA CHUVEIRO, PISO IMPERMEÁVEL E ANTI-DERRAPANTE | D38: =SUMIF(#REF!,'CURVA ABC INSUMOS'!C37,#REF!) -> #REF!
B39: 35 | C39: VÁLVULA DE GAVETA, CORPO EM FERRO FUNDIDO, EXTREMIDADES FLANGEADAS, HASTE ASCENDENTE, CLASSE 125LBS, FN=4' | D39: =SUMIF(#REF!,'CURVA ABC INSUMOS'!C38,#REF!) -> #REF!
B40: 36 | C40: CONTAINER ESCRITÓRIO COM WC, EM AÇO GALVANIZADO, PISO COMPENSADO NAVAL (ESCRITÓRIO), 1 VASO SANITÁRIO, 1 LAVATÓRIO, 1 PONTO PARA CHUVEIRO, PISO IMPERMEÁVEL E ANTI-DERRAPANTE (WC) | D40: =SUMIF(#REF!,'CURVA ABC INSUMOS'!C35,#REF!) -> #REF!
B41: 37 | C41: CABO DE COBRE FLEXÍVEL DE 50 MM², ISOLAMENTO 0,6/1KV - ISOLAÇÃO HEPR 90ºC | D41: =SUMIF(#REF!,'CURVA ABC INSUMOS'!C39,#REF!) -> #REF!
B42: 38 | C42: CABO DE COBRE FLEXÍVEL DE 25 MM², ISOLAMENTO 0,6/1KV - ISOLAÇÃO HEPR 90ºC | D42: =SUMIF(#REF!,'CURVA ABC INSUMOS'!C51,#REF!) -> #REF!
B43: 39 | C43: TÊ 90º DE FERRO MALEÁVEL GALVANIZADO ROSCA BSP Ø 4" | D43: =SUMIF(#REF!,'CURVA ABC INSUMOS'!C69,#REF!) -> #REF!
B44: 40 | C44: ALMOXARIFE (MENSALISTA) | D44: =SUMIF(#REF!,'CURVA ABC INSUMOS'!C14,#REF!) -> #REF!
B45: 41 | C45: PEDRA BRITADA Nº MÉDIOS 1.2.3 E 4 ( A GRANEL) | D45: =SUMIF(#REF!,'CURVA ABC INSUMOS'!C47,#REF!) -> #REF!
B46: 42 | C46: COTOVELO 45 GRAUS DE FERRO GALVANIZADO, COM ROSCA BSP, DE 2" | D46: =SUMIF(#REF!,'CURVA ABC INSUMOS'!C61,#REF!) -> #REF!
B47: 43 | C47: DETECTOR TERMOVELOCIMÉTRICO COM BASE ENDEREÇÁVEL, REF. JOHNSON CONTROLS, FIRE& SECURITY, AEROTEX EXTINTORRES, OU EQUIVALENTE | D47: =SUMIF(#REF!,'CURVA ABC INSUMOS'!C43,#REF!) -> #REF!
B48: 44 | C48: ESCADA MARINHEIRO GALVANIZADA | D48: =SUMIF(#REF!,'CURVA ABC INSUMOS'!C71,#REF!) -> #REF!
B49: 45 | C49: CONTAINER DEPÓSITO, MÓDULO METÁLICO EM AÇO GALVANIZADO DE 6,0 X 2,3 X 2,5 M, VÃO LIVRE, PISO DE CONCRETO, CIMENTADO, MADEIRA OU MATERIAL EQUIVALENTE | D49: =SUMIF(#REF!,'CURVA ABC INSUMOS'!C44,#REF!) -> #REF!
B50: 46 | C50: !EM PROCESSO DESATIVACAO! ELETRODUTO EM ACO GALVANIZADO ELETROLITICO, LEVE, DIAMETRO 3/4", PAREDE DE 0,90 MM | D50: =SUMIF(#REF!,'CURVA ABC INSUMOS'!C32,#REF!) -> #REF!
B51: 47 | C51: CONJUNTO MOTOR-BOMBA CENTRÍFUGA, POT. 1,5CM | D51: =SUMIF(#REF!,'CURVA ABC INSUMOS'!C52,#REF!) -> #REF!
B52: 48 | C52: Sirene audiovisual tipo endereçável, potência de 90 a 110db, tensao até 24Vcc, corrente 100mA, leds alto brilho, referencia comercial VRE-SVF da Verin, Strobe 99dB da Siemens ou equivalente | D52: =SUMIF(#REF!,'CURVA ABC INSUMOS'!C53,#REF!) -> #REF!
B53: 49 | C53: PORTA DIVISÓRIA ACÚSTICA REVESTIDA - FORNECIMENTO E INSTALAÇÃO | D53: =SUMIF(#REF!,'CURVA ABC INSUMOS'!C45,#REF!) -> #REF!
B54: 50 | C54: AUXILIAR DE ENCANADOR OU BOMBEIRO HIDRÁULICO COM ENCARGOS COMPLEMENTARES | D54: =SUMIF(#REF!,'CURVA ABC INSUMOS'!C58,#REF!) -> #REF!
B55: 51 | C55: TUBO DE AÇO CARBONO PRETO SEM COSTURA SCH 40 DN= 1 1/4' | D55: =SUMIF(#REF!,'CURVA ABC INSUMOS'!C59,#REF!) -> #REF!
B56: 52 | C56: POCEIRO | D56: =SUMIF(#REF!,'CURVA ABC INSUMOS'!C50,#REF!) -> #REF!
B57: 53 | C57: AJUDANTE DE FERREIRO | D57: =SUMIF(#REF!,'CURVA ABC INSUMOS'!C74,#REF!) -> #REF!
B58: 54 | C58: CARPINTEIRO | D58: =SUMIF(#REF!,'CURVA ABC INSUMOS'!C54,#REF!) -> #REF!
B59: 55 | C59: VERGALHÃO DE COBRE ELETROLÍTICO, DIÂMETRO DE 3/8 | D59: =SUMIF(#REF!,'CURVA ABC INSUMOS'!C72,#REF!) -> #REF!
B60: 56 | C60: ELETRICISTA COM ENCARGOS COMPLEMENTARES | D60: =SUMIF(#REF!,'CURVA ABC INSUMOS'!C49,#REF!) -> #REF!
B61: 57 | C61: ESGUICHO EM LATÃO POLIDO COM ENGATE RÁPIDO, JATO REGULÁVEL, DN= 1 1/2' (38mm) | D61: =SUMIF(#REF!,'CURVA ABC INSUMOS'!C77,#REF!) -> #REF!
B62: 58 | C62: CABO DE COBRE FLECÍVEL DE 2,5 MM², ISOLAMENTO 750V - ISOLAÇÃO PVC 70ºC | D62: =SUMIF(#REF!,'CURVA ABC INSUMOS'!C68,#REF!) -> #REF!
B63: 59 | C63: PLACA PARA IDENTIFICAÇÃO DA OBRA, EM CHAPA DE AÇO Nº 18, GALVANIZADO COM TRATAMENTO ANTICORROSIVO PADRÃO | D63: =SUMIF(#REF!,'CURVA ABC INSUMOS'!C78,#REF!) -> #REF!
B64: 60 | C64: AUXILIAR DE ELETRICISTA COM ENCARGOS COMPLEMENTARES | D64: =SUMIF(#REF!,'CURVA ABC INSUMOS'!C62,#REF!) -> #REF!
B65: 61 | C65: CONCRETO USINADO FCK=25MPA, SLUMP 5 +- 1CM, SLUMP 1 E 2 | D65: =SUMIF(#REF!,'CURVA ABC INSUMOS'!C60,#REF!) -> #REF!
B66: 62 | C66: MARTELETE OU ROMPEDOR PNEUMÁTICO MANUAL, 28 KG, COM SILENCIADOR - CHP DIURNO. AF_07/2016 | D66: =SUMIF(#REF!,'CURVA ABC INSUMOS'!C55,#REF!) -> #REF!
B67: 63 | C67: MOLA HIDRAULICA DE PISO P/ VIDRO TEMPERADO 10MM | D67: =SUMIF(#REF!,'CURVA ABC INSUMOS'!C67,#REF!) -> #REF!
B68: 64 | C68: AJUDANTE DE CARPINTEIRO | D68: =SUMIF(#REF!,'CURVA ABC INSUMOS'!C63,#REF!) -> #REF!
B69: 65 | C69: VÁLVULA GLOBO ANGULAR DE 45º EM BRONZE OU LATÃO, CLASSE DE PRESSÃO MÍNIMA 14KGF/CM², P/ RECALQUE DE REDE DE INCÊNDIO, DN=2 1/2' | D69: =SUMIF(#REF!,'CURVA ABC INSUMOS'!C65,#REF!) -> #REF!
B70: 66 | C70: AH-02/03 ABRIGO HIDRANTE 60 X 90 X 17 CM | D70: =SUMIF(#REF!,'CURVA ABC INSUMOS'!C66,#REF!) -> #REF!
B71: 67 | C71: PEDREIRO | D71: =SUMIF(#REF!,'CURVA ABC INSUMOS'!C64,#REF!) -> #REF!
B72: 68 | C72: DIVISÓRIA TIPO PISO/TETO EM VIDRO TEMPERADO SIMPLES DE 6MM, COM COLUNA ESTRUTURAL EM ALUMÍNIO EXTRUDADO | D72: =SUMIF(#REF!,'CURVA ABC INSUMOS'!C106,#REF!) -> #REF!
B73: 69 | C73: MANGUEIRA COM UNIÃO DE ENGATE RÁPID DN= 1 1/2´ (38 MM) | D73: =SUMIF(#REF!,'CURVA ABC INSUMOS'!C138,#REF!) -> #REF!
B74: 70 | C74: ACIONADOR MANUAL QUEBRA-VIDRO ENDEREÇÁVEL - MAT | D74: =SUMIF(#REF!,'CURVA ABC INSUMOS'!C75,#REF!) -> #REF!
B75: 71 | C75: EXTINTOR MANUAL DE ÁGUA PRESSURIZADA CAPACIDADE DE 10 LITROS | D75: =SUMIF(#REF!,'CURVA ABC INSUMOS'!C57,#REF!) -> #REF!
B76: 72 | C76: TÊ DE FERRO MALEÁVEL GALVANIZADO COM REDUÇÃO Ø 1 1/2" X 1 1/4" | D76: =SUMIF(#REF!,'CURVA ABC INSUMOS'!C86,#REF!) -> #REF!
B77: 73 | C77: ELETROCALHA LISA GALVANIZADA A FOGO, 200X100MM | D77: =SUMIF(#REF!,'CURVA ABC INSUMOS'!C90,#REF!) -> #REF!
B78: 74 | C78: TE DE FERRO GALVANIZADO, DE 1 1/2" | D78: =SUMIF(#REF!,'CURVA ABC INSUMOS'!C76,#REF!) -> #REF!
B79: 75 | C79: IMPRESSÃO DE PROJETOS. | D79: =SUMIF(#REF!,'CURVA ABC INSUMOS'!C87,#REF!) -> #REF!
B80: 76 | C80: FIXAÇÃO DE TUBOS HORIZONTAIS DE PVC, CPVC OU COBRE DIÂMETROS MENORES OU IGUAIS A 40 MM OU ELETROCALHAS ATÉ 150MM DE LARGURA, COM ABRAÇADEIRA METÁLICA RÍGIDA TIPO D 1/2, FIXADA EM PERFILADO EM LAJE. AF_05/2015 | D80: =SUMIF(#REF!,'CURVA ABC INSUMOS'!C79,#REF!) -> #REF!
B81: 77 | C81: TE 90 GRAUS EM ACO CARBONO, SOLDAVEL, PRESSAO 3.000 LBS, DN 2 1/2" | D81: =SUMIF(#REF!,'CURVA ABC INSUMOS'!C56,#REF!) -> #REF!
B82: 78 | C82: PAINEL REPETIDOR DE DETECÇÃO E ALARME DE INCÊNDIO TIPO ENDEREÇÁVEL. | D82: =SUMIF(#REF!,'CURVA ABC INSUMOS'!C81,#REF!) -> #REF!
B83: 79 | C83: EPI - FAMILIA ENCARREGADO GERAL - MENSALISTA (ENCARGOS COMPLEMENTARES - COLETADO CAIXA) | D83: =SUMIF(#REF!,'CURVA ABC INSUMOS'!C80,#REF!) -> #REF!
B84: 80 | C84: VERGALHÃO DE COBRE ELETROLÍTICO DIÂMETRO 3/8' | D84: =SUMIF(#REF!,'CURVA ABC INSUMOS'!C82,#REF!) -> #REF!
B85: 81 | C85: FERREIRO / ARMADOR | D85: =SUMIF(#REF!,'CURVA ABC INSUMOS'!C89,#REF!) -> #REF!
B86: 82 | C86: MEMBRANA DE ASFALTO MODIFICADO COM ELASTÔMEROS COR PRETA | D86: =SUMIF(#REF!,'CURVA ABC INSUMOS'!C92,#REF!) -> #REF!
B87: 83 | C87: TAXA PARA BOMBEAMENTO DE CONCRETO | D87: =SUMIF(#REF!,'CURVA ABC INSUMOS'!C98,#REF!) -> #REF!
B88: 84 | C88: LUVA DE EMENDA PARA ELETRODUTO, AÇO GALVANIZADO, DN 20 MM (3/4 ), APARENTE, INSTALADA EM TETO - FORNECIMENTO E INSTALAÇÃO. AF_11/2016_P | D88: =SUMIF(#REF!,'CURVA ABC INSUMOS'!C84,#REF!) -> #REF!
B89: 85 | C89: TÁBUA CEDRINHO 25 MM X 300 MM DE 3º | D89: =SUMIF(#REF!,'CURVA ABC INSUMOS'!C88,#REF!) -> #REF!
B90: 86 | C90: JOGO DE FERRAGENS CROMADAS P/ PORTA DE VIDRO TEMPERADO, UMA FOLHA COMPOSTA: DOBRADICA SUPERIOR (101) E INFERIOR (103),TRINCO (502), FECHADURA (520),CONTRA FECHADURA (531),COM CAPUCHINHO | D90: =SUMIF(#REF!,'CURVA ABC INSUMOS'!C104,#REF!) -> #REF!
B91: 87 | C91: DIVISÓRIA ACÚSTICA REVESTIDA MEIO CEGA MEIO VIDRO - FORNECIMENTO E INSTALAÇÃO | D91: =SUMIF(#REF!,'CURVA ABC INSUMOS'!C95,#REF!) -> #REF!
B92: 88 | C92: CONCRETO USINADO FCK = 20MPA, SLUMP 5 +- 1CM, BRITA 1 E 2 | D92: =SUMIF(#REF!,'CURVA ABC INSUMOS'!C85,#REF!) -> #REF!
B93: 89 | C93: ELETRODUTO GALVANIZADO ELETROLÍTICO MÉDIO 2' | D93: =SUMIF(#REF!,'CURVA ABC INSUMOS'!C94,#REF!) -> #REF!
B94: 90 | C94: REGISTRO DE GAVETA AMARELO DE 4' | D94: =SUMIF(#REF!,'CURVA ABC INSUMOS'!C99,#REF!) -> #REF!
B95: 91 | C95: ELETRODUTO GALVANIZADO A QUENTE PESADO 3/4' | D95: =SUMIF(#REF!,'CURVA ABC INSUMOS'!C91,#REF!) -> #REF!
B96: 92 | C96: LUVA DE FERRO MALEÁVEL GALVANIZADO DE REDUÇÃO Ø 4" X 3" | D96: =SUMIF(#REF!,'CURVA ABC INSUMOS'!C122,#REF!) -> #REF!
B97: 93 | C97: TOMADA 2P+T 10A, 250V (APENAS MODULO) | D97: =SUMIF(#REF!,'CURVA ABC INSUMOS'!C105,#REF!) -> #REF!
B98: 94 | C98: COTOVELO 90º DE FERRO MALEÁVEL GALVANIZADO ROSCA BSP Ø 1 1/2" | D98: =SUMIF(#REF!,'CURVA ABC INSUMOS'!C96,#REF!) -> #REF!
B99: 95 | C99: BUCHA DE FERRO MALEÁVEL GALVANIZADO DE REDUÇÃO Ø 1 1/4" X 1/2" | D99: =SUMIF(#REF!,'CURVA ABC INSUMOS'!C70,#REF!) -> #REF!
B100: 96 | C100: TUBO METÁLICO METALON, REFERÊNCIA 60 X 60 X 3,75MM | D100: =SUMIF(#REF!,'CURVA ABC INSUMOS'!C102,#REF!) -> #REF!
B101: 97 | C101: BLOCO DE CONCRETO DE VEDAÇÃO 19 X 19 39 CM, CLASSE C (RESISTÊNCIA > OU = 3 MPA) | D101: =SUMIF(#REF!,'CURVA ABC INSUMOS'!C112,#REF!) -> #REF!
...

Sheet CURVA ABC SERVIÇOS
B1: CURVA ABC DE SERVIÇOS
B2: =OBJETO -> #REF! | G2: =SUM(G5:G225)-#REF! -> #REF!
B4: ITEM | C4: DISCRIMINAÇÃO | D4: UND | E4: QNTD | F4: R$ UNIT. | G4: R$ TOTAL
B5: 1 | C5: FORRO EM FIBRA MINERAL COM PLACAS ACÚSTICAS REMOVÍVEIS DE 625MM X 625MM | D5: =VLOOKUP($C5,#REF!,2,0) -> #REF! | E5: =SUMIF(#REF!,'CURVA ABC SERVIÇOS'!C5,#REF!) -> #REF! | F5: =VLOOKUP($C5,#REF!,4,0) -> #REF! | G5: =F5*E5 -> #REF!
B6: 2 | C6: TUBO DE AÇO CARBONO PRETO SEM COSTURA SCHEDULE 40, DN= 5´ - INCLUSIVE CONEXÕES | D6: =VLOOKUP($C6,#REF!,2,0) -> #REF! | E6: =SUMIF(#REF!,'CURVA ABC SERVIÇOS'!C6,#REF!) -> #REF! | F6: =VLOOKUP($C6,#REF!,4,0) -> #REF! | G6: =F6*E6 -> #REF!
B7: 3 | C7: TUBO DE AÇO CARBONO PRETO SEM COSTURA SCHEDULE 40, DN= 1 1/2´ - INCLUSIVE CONEXÕES | D7: =VLOOKUP($C7,#REF!,2,0) -> #REF! | E7: =SUMIF(#REF!,'CURVA ABC SERVIÇOS'!C7,#REF!) -> #REF! | F7: =VLOOKUP($C7,#REF!,4,0) -> #REF! | G7: =F7*E7 -> #REF!
B8: 4 | C8: ENGENHEIRO CIVIL PLENO COM ENCARGOS COMPLEMENTARES | D8: =VLOOKUP($C8,#REF!,2,0) -> #REF! | E8: =SUMIF(#REF!,'CURVA ABC SERVIÇOS'!C8,#REF!) -> #REF! | F8: =VLOOKUP($C8,#REF!,4,0) -> #REF! | G8: =F8*E8 -> #REF!
B9: 5 | C9: TUBO DE AÇO CARBONO PRETO SEM COSTURA SCHEDULE 40, DN= 2 1/2´ - INCLUSIVE CONEXÕES | D9: =VLOOKUP($C9,#REF!,2,0) -> #REF! | E9: =SUMIF(#REF!,'CURVA ABC SERVIÇOS'!C9,#REF!) -> #REF! | F9: =VLOOKUP($C9,#REF!,4,0) -> #REF! | G9: =F9*E9 -> #REF!
B10: 6 | C10: ALMOXARIFE COM ENCARGOS COMPLEMENTARES | D10: =VLOOKUP($C10,#REF!,2,0) -> #REF! | E10: =SUMIF(#REF!,'CURVA ABC SERVIÇOS'!C10,#REF!) -> #REF! | F10: =VLOOKUP($C10,#REF!,4,0) -> #REF! | G10: =F10*E10 -> #REF!
B11: 7 | C11: ELETRODUTO GALVANIZADO, MÉDIO DE 3/4´ - COM ACESSÓRIOS | D11: =VLOOKUP($C11,#REF!,2,0) -> #REF! | E11: =SUMIF(#REF!,'CURVA ABC SERVIÇOS'!C11,#REF!) -> #REF! | F11: =VLOOKUP($C11,#REF!,4,0) -> #REF! | G11: =F11*E11 -> #REF!
B12: 8 | C12: SERVENTE COM ENCARGOS COMPLEMENTARES. | D12: =VLOOKUP($C12,#REF!,2,0) -> #REF! | E12: =SUMIF(#REF!,'CURVA ABC SERVIÇOS'!C12,#REF!) -> #REF! | F12: =VLOOKUP($C12,#REF!,4,0) -> #REF! | G12: =F12*E12 -> #REF!
B13: 9 | C13: TUBO DE AÇO CARBONO PRETO SEM COSTURA SCHEDULE 40, DN= 3´ - INCLUSIVE CONEXÕES | D13: =VLOOKUP($C13,#REF!,2,0) -> #REF! | E13: =SUMIF(#REF!,'CURVA ABC SERVIÇOS'!C13,#REF!) -> #REF! | F13: =VLOOKUP($C13,#REF!,4,0) -> #REF! | G13: =F13*E13 -> #REF!
B14: 10 | C14: CABO DE COBRE FLEXÍVEL BLINDADO DE 2 X 1,5 MM², ISOLAMENTO 600V, ISOLAÇÃO EM VC/E 105°C - PARA DETECÇÃO DE INCÊNDIO | D14: =VLOOKUP($C14,#REF!,2,0) -> #REF! | E14: =SUMIF(#REF!,'CURVA ABC SERVIÇOS'!C15,#REF!) -> #REF! | F14: =VLOOKUP($C14,#REF!,4,0) -> #REF! | G14: =F14*E14 -> #REF!
B15: 11 | C15: ENCARREGADO GERAL DE OBRAS COM ENCARGOS COMPLEMENTARES | D15: =VLOOKUP($C15,#REF!,2,0) -> #REF! | E15: =SUMIF(#REF!,'CURVA ABC SERVIÇOS'!C16,#REF!) -> #REF! | F15: =VLOOKUP($C15,#REF!,4,0) -> #REF! | G15: =F15*E15 -> #REF!
B16: 12 | C16: DETECTOR ÓPTICO DE FUMAÇA COM BASE ENDEREÇÁVEL | D16: =VLOOKUP($C16,#REF!,2,0) -> #REF! | E16: =SUMIF(#REF!,'CURVA ABC SERVIÇOS'!C17,#REF!) -> #REF! | F16: =VLOOKUP($C16,#REF!,4,0) -> #REF! | G16: =F16*E16 -> #REF!
B17: 13 | C17: PORTA DIVISÓRIA ACÚSTICA REVESTIDA | D17: =VLOOKUP($C17,#REF!,2,0) -> #REF! | E17: =SUMIF(#REF!,'CURVA ABC SERVIÇOS'!C14,#REF!) -> #REF! | F17: =VLOOKUP($C17,#REF!,4,0) -> #REF! | G17: =F17*E17 -> #REF!
B18: 14 | C18: FURO EM CONCRETO PARA DIÂMETROS MAIORES QUE 75 MM. AF_05/2015 | D18: =VLOOKUP($C18,#REF!,2,0) -> #REF! | E18: =SUMIF(#REF!,'CURVA ABC SERVIÇOS'!C18,#REF!) -> #REF! | F18: =VLOOKUP($C18,#REF!,4,0) -> #REF! | G18: =F18*E18 -> #REF!
B19: 15 | C19: ARMADURA EM BARRA DE AÇO CA-50 (A OU B) FYK = 500 MPA | D19: =VLOOKUP($C19,#REF!,2,0) -> #REF! | E19: =SUMIF(#REF!,'CURVA ABC SERVIÇOS'!C19,#REF!) -> #REF! | F19: =VLOOKUP($C19,#REF!,4,0) -> #REF! | G19: =F19*E19 -> #REF!
B20: 16 | C20: RESERVATÓRIO EM POLIETILENO COM TAMPA DE ENCAIXAR - CAPACIDADE DE 10.000 LITROS | D20: =VLOOKUP($C20,#REF!,2,0) -> #REF! | E20: =SUMIF(#REF!,'CURVA ABC SERVIÇOS'!C20,#REF!) -> #REF! | F20: =VLOOKUP($C20,#REF!,4,0) -> #REF! | G20: =F20*E20 -> #REF!
B21: 17 | C21: ELETRODUTO DE AÇO GALVANIZADO, CLASSE LEVE, DN 20 MM (3/4), APARENTE, INSTALADO EM TETO - FORNECIMENTO E INSTALAÇÃO. AF_11/2016_P | D21: =VLOOKUP($C21,#REF!,2,0) -> #REF! | E21: =SUMIF(#REF!,'CURVA ABC SERVIÇOS'!C21,#REF!) -> #REF! | F21: =VLOOKUP($C21,#REF!,4,0) -> #REF! | G21: =F21*E21 -> #REF!
B22: 18 | C22: BICO DE SPRINKLER CROMADO PENDENTE COM ROMPIMENTO DA AMPOLA A 68°C | D22: =VLOOKUP($C22,#REF!,2,0) -> #REF! | E22: =SUMIF(#REF!,'CURVA ABC SERVIÇOS'!C22,#REF!) -> #REF! | F22: =VLOOKUP($C22,#REF!,4,0) -> #REF! | G22: =F22*E22 -> #REF!
B23: 19 | C23: LUMINÁRIA PARA ACLARAMENTO DE SOBREPOR COMPLETA COM LÂMPADA FLUORESCENTE COMPACTA DE 9 W | D23: =VLOOKUP($C23,#REF!,2,0) -> #REF! | E23: =SUMIF(#REF!,'CURVA ABC SERVIÇOS'!C23,#REF!) -> #REF! | F23: =VLOOKUP($C23,#REF!,4,0) -> #REF! | G23: =F23*E23 -> #REF!
B24: 20 | C24: BUCHA DE REDUÇÃO DE FERRO GALVANIZADO Ø 40 X 32 MM - 1 1/2 X 1 1/4" | D24: =VLOOKUP($C24,#REF!,2,0) -> #REF! | E24: =SUMIF(#REF!,'CURVA ABC SERVIÇOS'!C24,#REF!) -> #REF! | F24: =VLOOKUP($C24,#REF!,4,0) -> #REF! | G24: =F24*E24 -> #REF!
B25: 21 | C25: VÁLVULA DE GAVETA EM BRONZE, HASTE ASCENDENTE, CLASSE 150 LIBRAS PARA VAPOR SATURADO E 300 LIBRAS PARA ÁGUA, ÓLEO E GÁS, DN= 4´ | D25: =VLOOKUP($C25,#REF!,2,0) -> #REF! | E25: =SUMIF(#REF!,'CURVA ABC SERVIÇOS'!C25,#REF!) -> #REF! | F25: =VLOOKUP($C25,#REF!,4,0) -> #REF! | G25: =F25*E25 -> #REF!
B26: 22 | C26: IDENTIFICAÇÃO DAS ELETROCALHAS EM FAIXA VERMELHA A CADA 1 METRO | D26: =VLOOKUP($C26,#REF!,2,0) -> #REF! | E26: =SUMIF(#REF!,'CURVA ABC SERVIÇOS'!C26,#REF!) -> #REF! | F26: =VLOOKUP($C26,#REF!,4,0) -> #REF! | G26: =F26*E26 -> #REF!
B27: 23 | C27: TUBO DE AÇO CARBONO PRETO SEM COSTURA SCHEDULE 40, DN= 2´ - INCLUSIVE CONEXÕES | D27: =VLOOKUP($C27,#REF!,2,0) -> #REF! | E27: =SUMIF(#REF!,'CURVA ABC SERVIÇOS'!C27,#REF!) -> #REF! | F27: =VLOOKUP($C27,#REF!,4,0) -> #REF! | G27: =F27*E27 -> #REF!
B28: 24 | C28: CONJUNTO MOTOR-BOMBA (CENTRÍFUGA) 30 CV, MONOESTÁGIO TRIFÁSICO, HMAN= 70 A 94 MCA, Q= 34,80 A 61,7 M³/H | D28: =VLOOKUP($C28,#REF!,2,0) -> #REF! | E28: =SUMIF(#REF!,'CURVA ABC SERVIÇOS'!C28,#REF!) -> #REF! | F28: =VLOOKUP($C28,#REF!,4,0) -> #REF! | G28: =F28*E28 -> #REF!
B29: 25 | C29: TUBO DE AÇO CARBONO PRETO SEM COSTURA SCHEDULE 40, DN= 1 1/4´ - INCLUSIVE CONEXÕES | D29: =VLOOKUP($C29,#REF!,2,0) -> #REF! | E29: =SUMIF(#REF!,'CURVA ABC SERVIÇOS'!C29,#REF!) -> #REF! | F29: =VLOOKUP($C29,#REF!,4,0) -> #REF! | G29: =F29*E29 -> #REF!
... B40: 36 | C40: CABO DE COBRE FLEXÍVEL DE 25 MM², ISOLAMENTO 0,6/1KV - ISOLAÇÃO HEPR 90°C (TERRA COR VERDE) | D40: =VLOOKUP($C40,#REF!,2,0) -> #REF! | E40: =SUMIF(#REF!,'CURVA ABC SERVIÇOS'!C40,#REF!) -> #REF! | F40: =VLOOKUP($C40,#REF!,4,0) -> #REF! | G40: =F40*E40 -> #REF!
B41: 37 | C41: DIVISÓRIA ACÚSTICA REVESTIDA MEIO CEGA MEIO VIDRO | D41: =VLOOKUP($C41,#REF!,2,0) -> #REF! | E41: =SUMIF(#REF!,'CURVA ABC SERVIÇOS'!C69,#REF!) -> #REF! | F41: =VLOOKUP($C41,#REF!,4,0) -> #REF! | G41: =F41*E41 -> #REF!
B42: 38 | C42: BUCHA DE REDUÇÃO DE FERRO GALVANIZADO Ø 32 X 15 MM - 1 1/4 X 1/2" | D42: =VLOOKUP($C42,#REF!,2,0) -> #REF! | E42: =SUMIF(#REF!,'CURVA ABC SERVIÇOS'!C41,#REF!) -> #REF! | F42: =VLOOKUP($C42,#REF!,4,0) -> #REF! | G42: =F42*E42 -> #REF!
B43: 39 | C43: PORTA CORTA-FOGO CLASSE P.90, COM BARRA ANTIPÂNICO NUMA FACE E MAÇANETA NA OUTRA, COMPLETA | D43: =VLOOKUP($C43,#REF!,2,0) -> #REF! | E43: =SUMIF(#REF!,'CURVA ABC SERVIÇOS'!C42,#REF!) -> #REF! | F43: =VLOOKUP($C43,#REF!,4,0) -> #REF! | G43: =F43*E43 -> #REF!
B44: 40 | C44: ABRIGO PARA HIDRANTE/MANGUEIRA (EMBUTIR E EXTERNO) | D44: =VLOOKUP($C44,#REF!,2,0) -> #REF! | E44: =SUMIF(#REF!,'CURVA ABC SERVIÇOS'!C43,#REF!) -> #REF! | F44: =VLOOKUP($C44,#REF!,4,0) -> #REF! | G44: =F44*E44 -> #REF!
B45: 41 | C45: MOD DE SUPERVISÃO C/ FUNÇÃO LIGAR PRESS DE ESCADAS, ABRIR DAMPERES, LIGAR BOMBAS; ENVIAR AO SIST DE ELEV COMANDO DE DESCIDA; ENVIAR AO CONT DE ACESSOS COMANDO DE ABERT DE PASSAGENS REST; LIBERAR O FECHAMENTO DE PORTAS CORTA FOGO | D45: =VLOOKUP($C45,#REF!,2,0) -> #REF! | E45: =SUMIF(#REF!,'CURVA ABC SERVIÇOS'!C44,#REF!) -> #REF! | F45: =VLOOKUP($C45,#REF!,4,0) -> #REF! | G45: =F45*E45 -> #REF!
B46: 42 | C46: MÓDULO DE BASE ISOLADOR: ALIMENTAÇÃO: VIA REDE DE COMUNICAÇÃO 12 A 24 VDC - ISOLAÇÃO DE REDE EM MENOS DE 50 MS. INSTALAÇÃO JUNTO A BASE DO DETECTOR. | D46: =VLOOKUP($C46,#REF!,2,0) -> #REF! | E46: =SUMIF(#REF!,'CURVA ABC SERVIÇOS'!C45,#REF!) -> #REF! | F46: =VLOOKUP($C46,#REF!,4,0) -> #REF! | G46: =F46*E46 -> #REF!
B47: 43 | C47: DETECTOR TERMOVELOCIMÉTRICO ENDEREÇÁVEL COM BASE ENDEREÇÁVEL | D47: =VLOOKUP($C47,#REF!,2,0) -> #REF! | E47: =SUMIF(#REF!,'CURVA ABC SERVIÇOS'!C46,#REF!) -> #REF! | F47: =VLOOKUP($C47,#REF!,4,0) -> #REF! | G47: =F47*E47 -> #REF!
B48: 44 | C48: CAMINHÃO BASCULANTE 6 M3, PESO BRUTO TOTAL 16.000 KG, CARGA ÚTIL MÁXIMA 13.071 KG, DISTÂNCIA ENTRE EIXOS 4,80 M, POTÊNCIA 230 CV INCLUSIVE CAÇAMBA METÁLICA - CHP DIURNO. AF_06/2014 | D48: =VLOOKUP($C48,#REF!,2,0) -> #REF! | E48: =SUMIF(#REF!,'CURVA ABC SERVIÇOS'!C47,#REF!) -> #REF! | F48: =VLOOKUP($C48,#REF!,4,0) -> #REF! | G48: =F48*E48 -> #REF!
B49: 45 | C49: TÊ, EM AÇO, CONEXÃO SOLDADA, DN 65 (2 1/2"), INSTALADO EM REDE DE ALIMENTAÇÃO PARA HIDRANTE - FORNECIMENTO E INSTALAÇÃO. AF_12/2015 | D49: =VLOOKUP($C49,#REF!,2,0) -> #REF! | E49: =SUMIF(#REF!,'CURVA ABC SERVIÇOS'!C48,#REF!) -> #REF! | F49: =VLOOKUP($C49,#REF!,4,0) -> #REF! | G49: =F49*E49 -> #REF!
B50: 46 | C50: FORMA EM MADEIRA COMUM PARA FUNDAÇÃO | D50: =VLOOKUP($C50,#REF!,2,0) -> #REF! | E50: =SUMIF(#REF!,'CURVA ABC SERVIÇOS'!C49,#REF!) -> #REF! | F50: =VLOOKUP($C50,#REF!,4,0) -> #REF! | G50: =F50*E50 -> #REF!
B51: 47 | C51: LOCAÇÃO DE CONTAINER TIPO DEPÓSITO - ÁREA MÍNIMA DE 13,80 M² | D51: =VLOOKUP($C51,#REF!,2,0) -> #REF! | E51: =SUMIF(#REF!,'CURVA ABC SERVIÇOS'!C50,#REF!) -> #REF! | F51: =VLOOKUP($C51,#REF!,4,0) -> #REF! | G51: =F51*E51 -> #REF!
B52: 48 | C52: CONJUNTO MOTOR-BOMBA (CENTRÍFUGA) 1,5 CV, MULTIESTÁGIO, HMAN= 20 A 35 MCA, Q= 7,1 A 4,5 M³/H | D52: =VLOOKUP($C52,#REF!,2,0) -> #REF! | E52: =SUMIF(#REF!,'CURVA ABC SERVIÇOS'!C51,#REF!) -> #REF! | F52: =VLOOKUP($C52,#REF!,4,0) -> #REF! | G52: =F52*E52 -> #REF!
B53: 49 | C53: EXTINTOR MANUAL DE ÁGUA PRESSURIZADA - CAPACIDADE DE 10 LITROS | D53: =VLOOKUP($C53,#REF!,2,0) -> #REF! | E53: =SUMIF(#REF!,'CURVA ABC SERVIÇOS'!C52,#REF!) -> #REF! | F53: =VLOOKUP($C53,#REF!,4,0) -> #REF! | G53: =F53*E53 -> #REF!
... B68: 64 | C68: CONCRETO USINADO, FCK = 25 MPA | D68: =VLOOKUP($C68,#REF!,2,0) -> #REF! | E68: =SUMIF(#REF!,'CURVA ABC SERVIÇOS'!C67,#REF!) -> #REF! | F68: =VLOOKUP($C68,#REF!,4,0) -> #REF! | G68: =F68*E68 -> #REF!
B69: 65 | C69: SINALIZAÇÃO DE SOLO PARA EQUIPAMENTOS DE COMBATE A INCÊNDIO | D69: =VLOOKUP($C69,#REF!,2,0) -> #REF! | E69: =SUMIF(#REF!,'CURVA ABC SERVIÇOS'!C127,#REF!) -> #REF! | F69: =VLOOKUP($C69,#REF!,4,0) -> #REF! | G69: =F69*E69 -> #REF!
B70: 66 | C70: CABO DE COBRE FLEXÍVEL DE 50 MM², ISOLAMENTO 0,6/1KV - ISOLAÇÃO HEPR 90°C (NEUTRO COR AZUL) | D70: =VLOOKUP($C70,#REF!,2,0) -> #REF! | E70: =SUMIF(#REF!,'CURVA ABC SERVIÇOS'!C68,#REF!) -> #REF! | F70: =VLOOKUP($C70,#REF!,4,0) -> #REF! | G70: =F70*E70 -> #REF!
B71: 67 | C71: ELETROCALHA LISA GALVANIZADA A FOGO, 200 X 100 MM, COM ACESSÓRIOS | D71: =VLOOKUP($C71,#REF!,2,0) -> #REF! | E71: =SUMIF(#REF!,'CURVA ABC SERVIÇOS'!C70,#REF!) -> #REF! | F71: =VLOOKUP($C71,#REF!,4,0) -> #REF! | G71: =F71*E71 -> #REF!
B72: 68 | C72: ACIONADOR MANUAL QUEBRA-VIDRO ENDEREÇÁVEL | D72: =VLOOKUP($C72,#REF!,2,0) -> #REF! | E72: =SUMIF(#REF!,'CURVA ABC SERVIÇOS'!C71,#REF!) -> #REF! | F72: =VLOOKUP($C72,#REF!,4,0) -> #REF! | G72: =F72*E72 -> #REF!
B73: 69 | C73: CABO DE COBRE DE 2,5 MM², ISOLAMENTO 750 V - ISOLAÇÃO EM PVC 70°C -AZUL - NEUTRO | D73: =VLOOKUP($C73,#REF!,2,0) -> #REF! | E73: =SUMIF(#REF!,'CURVA ABC SERVIÇOS'!C72,#REF!) -> #REF! | F73: =VLOOKUP($C73,#REF!,4,0) -> #REF! | G73: =F73*E73 -> #REF!
B74: 70 | C74: CABO DE COBRE DE 2,5 MM², ISOLAMENTO 750 V - ISOLAÇÃO EM PVC 70°C -PRETO - FASE | D74: =VLOOKUP($C74,#REF!,2,0) -> #REF! | E74: =SUMIF(#REF!,'CURVA ABC SERVIÇOS'!C73,#REF!) -> #REF! | F74: =VLOOKUP($C74,#REF!,4,0) -> #REF! | G74: =F74*E74 -> #REF!
B75: 71 | C75: CABO DE COBRE DE 2,5 MM², ISOLAMENTO 750 V - ISOLAÇÃO EM PVC 70°C -VERDE - TERRA | D75: =VLOOKUP($C75,#REF!,2,0) -> #REF! | E75: =SUMIF(#REF!,'CURVA ABC SERVIÇOS'!C74,#REF!) -> #REF! | F75: =VLOOKUP($C75,#REF!,4,0) -> #REF! | G75: =F75*E75 -> #REF!
B76: 72 | C76: ELETRODUTO GALVANIZADO, MÉDIO DE 1 1/2´ - COM ACESSÓRIOS | D76: =VLOOKUP($C76,#REF!,2,0) -> #REF! | E76: =SUMIF(#REF!,'CURVA ABC SERVIÇOS'!C75,#REF!) -> #REF! | F76: =VLOOKUP($C76,#REF!,4,0) -> #REF! | G76: =F76*E76 -> #REF!
B77: 73 | C77: ESCADA MARINHEIRO (GALVANIZADA) | D77: =VLOOKUP($C77,#REF!,2,0) -> #REF! | E77: =SUMIF(#REF!,'CURVA ABC SERVIÇOS'!C76,#REF!) -> #REF! | F77: =VLOOKUP($C77,#REF!,4,0) -> #REF! | G77: =F77*E77 -> #REF!
B78: 74 | C78: PLACA DE IDENTIFICAÇÃO PARA OBRA | D78: =VLOOKUP($C78,#REF!,2,0) -> #REF! | E78: =SUMIF(#REF!,'CURVA ABC SERVIÇOS'!C77,#REF!) -> #REF! | F78: =VLOOKUP($C78,#REF!,4,0) -> #REF! | G78: =F78*E78 -> #REF!
B79: 75 | C79: DIVISÓRIA ACÚSTICA REVESTIDA CEGA | D79: =VLOOKUP($C79,#REF!,2,0) -> #REF! | E79: =SUMIF(#REF!,'CURVA ABC SERVIÇOS'!C82,#REF!) -> #REF! | F79: =VLOOKUP($C79,#REF!,4,0) -> #REF! | G79: =F79*E79 -> #REF!
B80: 76 | C80: PORTA DIVISÓRIA ACÚSTICA | D80: =VLOOKUP($C80,#REF!,2,0) -> #REF! | E80: =SUMIF(#REF!,'CURVA ABC SERVIÇOS'!C78,#REF!) -> #REF! | F80: =VLOOKUP($C80,#REF!,4,0) -> #REF! | G80: =F80*E80 -> #REF!
B81: 77 | C81: COTOVELO 90° DE FERRO GALVANIZADO Ø 40 MM - 1 1/2" | D81: =VLOOKUP($C81,#REF!,2,0) -> #REF! | E81: =SUMIF(#REF!,'CURVA ABC SERVIÇOS'!C79,#REF!) -> #REF! | F81: =VLOOKUP($C81,#REF!,4,0) -> #REF! | G81: =F81*E81 -> #REF!
B82: 78 | C82: ESGUICHO LATÃO COM ENGATE RÁPIDO, DN= 1 1/2´, JATO REGULÁVEL | D82: =VLOOKUP($C82,#REF!,2,0) -> #REF! | E82: =SUMIF(#REF!,'CURVA ABC SERVIÇOS'!C80,#REF!) -> #REF! | F82: =VLOOKUP($C82,#REF!,4,0) -> #REF! | G82: =F82*E82 -> #REF!
B83: 79 | C83: TOMADA BAIXA DE EMBUTIR (1 MÓDULO), 2P+T 10 A, SEM SUPORTE E SEM PLACA - FORNECIMENTO E INSTALAÇÃO. AF_12/2015 | D83: =VLOOKUP($C83,#REF!,2,0) -> #REF! | E83: =SUMIF(#REF!,'CURVA ABC SERVIÇOS'!C81,#REF!) -> #REF! | F83: =VLOOKUP($C83,#REF!,4,0) -> #REF! | G83: =F83*E83 -> #REF!
B84: 80 | C84: PORTA DE VIDRO TEMPERADO, 0,9X2,10M, ESPESSURA 10MM, INCLUSIVE ACESSORIOS | D84: =VLOOKUP($C84,#REF!,2,0) -> #REF! | E84: =SUMIF(#REF!,'CURVA ABC SERVIÇOS'!C83,#REF!) -> #REF! | F84: =VLOOKUP($C84,#REF!,4,0) -> #REF! | G84: =F84*E84 -> #REF!
B85: 81 | C85: FORNECIMENTO E MONTAGEM DE ESTRUTURA METÁLICA EM PERFIL METALON, SEM PINTURA | D85: =VLOOKUP($C85,#REF!,2,0) -> #REF! | E85: =SUMIF(#REF!,'CURVA ABC SERVIÇOS'!C84,#REF!) -> #REF! | F85: =VLOOKUP($C85,#REF!,4,0) -> #REF! | G85: =F85*E85 -> #REF!
B86: 82 | C86: LUMINÁRIA PARA BALIZAMENTO DE SOBREPOR COMPLETA COM LÂMPADA FLUORESCENTE COMPACTA DE 9 W | D86: =VLOOKUP($C86,#REF!,2,0) -> #REF! | E86: =SUMIF(#REF!,'CURVA ABC SERVIÇOS'!C85,#REF!) -> #REF! | F86: =VLOOKUP($C86,#REF!,4,0) -> #REF! | G86: =F86*E86 -> #REF!
B87: 83 | C87: CONCRETO USINADO, FCK = 20 MPA | D87: =VLOOKUP($C87,#REF!,2,0) -> #REF! | E87: =SUMIF(#REF!,'CURVA ABC SERVIÇOS'!C86,#REF!) -> #REF! | F87: =VLOOKUP($C87,#REF!,4,0) -> #REF! | G87: =F87*E87 -> #REF!
B88: 84 | C88: VÁLVULA DE RETENÇÃO TIPO PORTINHOLA SIMPLES EM FERRO FUNDIDO, DN= 4´ | D88: =VLOOKUP($C88,#REF!,2,0) -> #REF! | E88: =SUMIF(#REF!,'CURVA ABC SERVIÇOS'!C87,#REF!) -> #REF! | F88: =VLOOKUP($C88,#REF!,4,0) -> #REF! | G88: =F88*E88 -> #REF!
B89: 85 | C89: ELETRODUTO GALVANIZADO, MÉDIO DE 1´ - COM ACESSÓRIOS | D89: =VLOOKUP($C89,#REF!,2,0) -> #REF! | E89: =SUMIF(#REF!,'CURVA ABC SERVIÇOS'!C88,#REF!) -> #REF! | F89: =VLOOKUP($C89,#REF!,4,0) -> #REF! | G89: =F89*E89 -> #REF!
B90: 86 | C90: PAINEL REPETIDOR DE DETECÇÃO E ALARME DE INCÊNDIO TIPO ENDEREÇÁVEL | D90: =VLOOKUP($C90,#REF!,2,0) -> #REF! | E90: =SUMIF(#REF!,'CURVA ABC SERVIÇOS'!C89,#REF!) -> #REF! | F90: =VLOOKUP($C90,#REF!,4,0) -> #REF! | G90: =F90*E90 -> #REF!
B91: 87 | C91: IMPERMEABILIZAÇÃO EM MEMBRANA DE ASFALTO MODIFICADO COM ELASTÔMEROS, NA COR PRETA | D91: =VLOOKUP($C91,#REF!,2,0) -> #REF! | E91: =SUMIF(#REF!,'CURVA ABC SERVIÇOS'!C90,#REF!) -> #REF! | F91: =VLOOKUP($C91,#REF!,4,0) -> #REF! | G91: =F91*E91 -> #REF!
B92: 88 | C92: ARMADURA EM BARRA DE AÇO CA-60 (A OU B) FYK = 600 MPA | D92: =VLOOKUP($C92,#REF!,2,0) -> #REF! | E92: =SUMIF(#REF!,'CURVA ABC SERVIÇOS'!C91,#REF!) -> #REF! | F92: =VLOOKUP($C92,#REF!,4,0) -> #REF! | G92: =F92*E92 -> #REF!
B93: 89 | C93: COTOVELO 90° DE FERRO GALVANIZADO Ø 32 MM - 1 1/4" | D93: =VLOOKUP($C93,#REF!,2,0) -> #REF! | E93: =SUMIF(#REF!,'CURVA ABC SERVIÇOS'!C92,#REF!) -> #REF! | F93: =VLOOKUP($C93,#REF!,4,0) -> #REF! | G93: =F93*E93 -> #REF!
B94: 90 | C94: ALVENARIA DE BLOCO DE CONCRETO DE VEDAÇÃO DE 19 X 19 X 39 CM - CLASSE C | D94: =VLOOKUP($C94,#REF!,2,0) -> #REF! | E94: =SUMIF(#REF!,'CURVA ABC SERVIÇOS'!C93,#REF!) -> #REF! | F94: =VLOOKUP($C94,#REF!,4,0) -> #REF! | G94: =F94*E94 -> #REF!
B95: 91 | C95: CONDULETE DE ALUMÍNIO, TIPO E, PARA ELETRODUTO DE AÇO GALVANIZADO DN 20 MM (3/4''), APARENTE - FORNECIMENTO E INSTALAÇÃO. AF_11/2016_P | D95: =VLOOKUP($C95,#REF!,2,0) -> #REF! | E95: =SUMIF(#REF!,'CURVA ABC SERVIÇOS'!C94,#REF!) -> #REF! | F95: =VLOOKUP($C95,#REF!,4,0) -> #REF! | G95: =F95*E95 -> #REF!
... B116: 112 | C116: CAIXA DE PASSAGEM EM CHAPA, COM TAMPA PARAFUSADA, 150 X 150 X 80 MM | D116: =VLOOKUP($C116,#REF!,2,0) -> #REF! | E116: =SUMIF(#REF!,'CURVA ABC SERVIÇOS'!C115,#REF!) -> #REF! | F116: =VLOOKUP($C116,#REF!,4,0) -> #REF! | G116: =F116*E116 -> #REF!
B117: 113 | C117: TAMPÃO DE ENGATE RÁPIDO EM LATÃO, DN= 1 1/2´, COM CORRENTE | D117: =VLOOKUP($C117,#REF!,2,0) -> #REF! | E117: =SUMIF(#REF!,'CURVA ABC SERVIÇOS'!C117,#REF!) -> #REF! | F117: =VLOOKUP($C117,#REF!,4,0) -> #REF! | G117: =F117*E117 -> #REF!
B118: 114 | C118: LUVA DE REDUÇÃO DE FERRO GALVANIZADO Ø 100 X 80 MM - 4 X 3" | D118: =VLOOKUP($C118,#REF!,2,0) -> #REF! | E118: =SUMIF(#REF!,'CURVA ABC SERVIÇOS'!C116,#REF!) -> #REF! | F118: =VLOOKUP($C118,#REF!,4,0) -> #REF! | G118: =F118*E118 -> #REF!
B119: 115 | C119: PORTA CORTA-FOGO 90X210X4CM - FORNECIMENTO E INSTALAÇÃO. AF_12/2019 | D119: =VLOOKUP($C119,#REF!,2,0) -> #REF! | E119: =SUMIF(#REF!,'CURVA ABC SERVIÇOS'!C118,#REF!) -> #REF! | F119: =VLOOKUP($C119,#REF!,4,0) -> #REF! | G119: =F119*E119 -> #REF!
B120: 116 | C120: REMOÇÃO DE DUTOS DE AR CONDICIONADO | D120: =VLOOKUP($C120,#REF!,2,0) -> #REF! | E120: =SUMIF(#REF!,'CURVA ABC SERVIÇOS'!C119,#REF!) -> #REF! | F120: =VLOOKUP($C120,#REF!,4,0) -> #REF! | G120: =F120*E120 -> #REF!
B121: 117 | C121: NIPLE, EM FERRO GALVANIZADO, CONEXÃO ROSQUEADA, DN 65 (2 1/2), INSTALADO EM RESERVAÇÃO DE ÁGUA DE EDIFICAÇÃO QUE POSSUA RESERVATÓRIO DE FIBRA/FIBROCIMENTO  FORNECIMENTO E INSTALAÇÃO. AF_06/2016 | D121: =VLOOKUP($C121,#REF!,2,0) -> #REF! | E121: =SUMIF(#REF!,'CURVA ABC SERVIÇOS'!C120,#REF!) -> #REF! | F121: =VLOOKUP($C121,#REF!,4,0) -> #REF! | G121: =F121*E121 -> #REF!
B122: 118 | C122: COMPACTAÇÃO DE ATERRO MECANIZADO MÍNIMO DE 95% PN, SEM FORNECIMENTO DE SOLO EM CAMPO ABERTO | D122: =VLOOKUP($C122,#REF!,2,0) -> #REF! | E122: =SUMIF(#REF!,'CURVA ABC SERVIÇOS'!C121,#REF!) -> #REF! | F122: =VLOOKUP($C122,#REF!,4,0) -> #REF! | G122: =F122*E122 -> #REF!
B123: 119 | C123: CABO DE COBRE FLEXÍVEL DE 4 MM², ISOLAMENTO 0,6/1KV - ISOLAÇÃO HEPR 90°C (FASE COR PRETO) | D123: =VLOOKUP($C123,#REF!,2,0) -> #REF! | E123: =SUMIF(#REF!,'CURVA ABC SERVIÇOS'!C122,#REF!) -> #REF! | F123: =VLOOKUP($C123,#REF!,4,0) -> #REF! | G123: =F123*E123 -> #REF!
B124: 120 | C124: NIPLE DUPLO GALVANIZADO DE 2´ | D124: =VLOOKUP($C124,#REF!,2,0) -> #REF! | E124: =SUMIF(#REF!,'CURVA ABC SERVIÇOS'!C123,#REF!) -> #REF! | F124: =VLOOKUP($C124,#REF!,4,0) -> #REF! | G124: =F124*E124 -> #REF!
B125: 121 | C125: TÊ, EM FERRO GALVANIZADO, CONEXÃO ROSQUEADA, DN 80 (3"), INSTALADO EM REDE DE ALIMENTAÇÃO PARA SPRINKLER - FORNECIMENTO E INSTALAÇÃO. AF_12/2015 | D125: =VLOOKUP($C125,#REF!,2,0) -> #REF! | E125: =SUMIF(#REF!,'CURVA ABC SERVIÇOS'!C124,#REF!) -> #REF! | F125: =VLOOKUP($C125,#REF!,4,0) -> #REF! | G125: =F125*E125 -> #REF!
B126: 122 | C126: CENTRAL DE DETECÇÃO E ALARME DE INCÊNDIO COMPLETA, AUTONOMIA DE 1 HORA PARA 12 LAÇOS, 220 V/12 V | D126: =VLOOKUP($C126,#REF!,2,0) -> #REF! | E126: =SUMIF(#REF!,'CURVA ABC SERVIÇOS'!C125,#REF!) -> #REF! | F126: =VLOOKUP($C126,#REF!,4,0) -> #REF! | G126: =F126*E126 -> #REF!
B127: 123 | C127: MANGUEIRA COM UNIÃO DE ENGATE RÁPIDO, DN= 1 1/2´ (38 MM) | D127: =VLOOKUP($C127,#REF!,2,0) -> #REF! | E127: =SUMIF(#REF!,'CURVA ABC SERVIÇOS'!C126,#REF!) -> #REF! | F127: =VLOOKUP($C127,#REF!,4,0) -> #REF! | G127: =F127*E127 -> #REF!
B128: 124 | C128: LOCAÇÃO DE OBRA DE EDIFICAÇÃO | D128: =VLOOKUP($C128,#REF!,2,0) -> #REF! | E128: =SUMIF(#REF!,'CURVA ABC SERVIÇOS'!C129,#REF!) -> #REF! | F128: =VLOOKUP($C128,#REF!,4,0) -> #REF! | G128: =F128*E128 -> #REF!
B129: 125 | C129: DIVISÓRIA EM PLACAS DUPLAS DE GESSO ACARTONADO, RESISTÊNCIA AO FOGO 60 MINUTOS, ESPESSURA 120/70MM - 2ST / 2ST LM | D129: =VLOOKUP($C129,#REF!,2,0) -> #REF! | E129: =SUMIF(#REF!,'CURVA ABC SERVIÇOS'!C131,#REF!) -> #REF! | F129: =VLOOKUP($C129,#REF!,4,0) -> #REF! | G129: =F129*E129 -> #REF!
B130: 126 | C130: COTOVELO 90° DE FERRO GALVANIZADO Ø 50 MM - 2" | D130: =VLOOKUP($C130,#REF!,2,0) -> #REF! | E130: =SUMIF(#REF!,'CURVA ABC SERVIÇOS'!C130,#REF!) -> #REF! | F130: =VLOOKUP($C130,#REF!,4,0) -> #REF! | G130: =F130*E130 -> #REF!
B131: 127 | C131: VERGALHÃO COM ROSCA, PORCA E ARRUELA DE DIÂMETRO 1/4´ (TIRANTE) | D131: =VLOOKUP($C131,#REF!,2,0) -> #REF! | E131: =SUMIF(#REF!,'CURVA ABC SERVIÇOS'!C132,#REF!) -> #REF! | F131: =VLOOKUP($C131,#REF!,4,0) -> #REF! | G131: =F131*E131 -> #REF!
B132: 128 | C132: CAIXA DE FERRO ESTAMPADA OCTOGONAL DE 3´ X 3´ | D132: =VLOOKUP($C132,#REF!,2,0) -> #REF! | E132: =SUMIF(#REF!,'CURVA ABC SERVIÇOS'!C133,#REF!) -> #REF! | F132: =VLOOKUP($C132,#REF!,4,0) -> #REF! | G132: =F132*E132 -> #REF!
B133: 129 | C133: UNIÃO ASS. DE FERRO CONICO MACHO-FÊMEA 2.1/2" | D133: =VLOOKUP($C133,#REF!,2,0) -> #REF! | E133: =SUMIF(#REF!,'CURVA ABC SERVIÇOS'!C134,#REF!) -> #REF! | F133: =VLOOKUP($C133,#REF!,4,0) -> #REF! | G133: =F133*E133 -> #REF!
B134: 130 | C134: REBOCO | D134: =VLOOKUP($C134,#REF!,2,0) -> #REF! | E134: =SUMIF(#REF!,'CURVA ABC SERVIÇOS'!C135,#REF!) -> #REF! | F134: =VLOOKUP($C134,#REF!,4,0) -> #REF! | G134: =F134*E134 -> #REF!
B135: 131 | C135: CABO DE COBRE FLEXÍVEL DE 2,5 MM², ISOLAMENTO 0,6/1KV - ISOLAÇÃO HEPR 90°C (FASE COR PRETO) | D135: =VLOOKUP($C135,#REF!,2,0) -> #REF! | E135: =SUMIF(#REF!,'CURVA ABC SERVIÇOS'!C137,#REF!) -> #REF! | F135: =VLOOKUP($C135,#REF!,4,0) -> #REF! | G135: =F135*E135 -> #REF!
B136: 132 | C136: BUCHA DE REDUÇÃO DE FERRO GALVANIZADO Ø 50 X 40 MM - 2 X 1 1/2" | D136: =VLOOKUP($C136,#REF!,2,0) -> #REF! | E136: =SUMIF(#REF!,'CURVA ABC SERVIÇOS'!C136,#REF!) -> #REF! | F136: =VLOOKUP($C136,#REF!,4,0) -> #REF! | G136: =F136*E136 -> #REF!
B137: 133 | C137: DIVISÓRIA TIPO PISO/TETO EM VIDRO TEMPERADO SIMPLES, COM COLUNA ESTRUTURAL EM ALUMÍNIO EXTRUDADO | D137: =VLOOKUP($C137,#REF!,2,0) -> #REF! | E137: =SUMIF(#REF!,'CURVA ABC SERVIÇOS'!C138,#REF!) -> #REF! | F137: =VLOOKUP($C137,#REF!,4,0) -> #REF! | G137: =F137*E137 -> #REF!
B138: 134 | C138: ELETRODUTO GALVANIZADO, MÉDIO DE 1 1/4´ - COM ACESSÓRIOS | D138: =VLOOKUP($C138,#REF!,2,0) -> #REF! | E138: =SUMIF(#REF!,'CURVA ABC SERVIÇOS'!C140,#REF!) -> #REF! | F138: =VLOOKUP($C138,#REF!,4,0) -> #REF! | G138: =F138*E138 -> #REF!
B139: 135 | C139: NIPLE DE ACO GALVANIZADO 4" - FORNECIMENTO E INSTALACAO | D139: =VLOOKUP($C139,#REF!,2,0) -> #REF! | E139: =SUMIF(#REF!,'CURVA ABC SERVIÇOS'!C141,#REF!) -> #REF! | F139: =VLOOKUP($C139,#REF!,4,0) -> #REF! | G139: =F139*E139 -> #REF!
B140: 136 | C140: RETIRADA DE ÁRVORES | D140: =VLOOKUP($C140,#REF!,2,0) -> #REF! | E140: =SUMIF(#REF!,'CURVA ABC SERVIÇOS'!C142,#REF!) -> #REF! | F140: =VLOOKUP($C140,#REF!,4,0) -> #REF! | G140: =F140*E140 -> #REF!
B141: 137 | C141: DISJUNTOR TERMOMAGNETICO MONOPOLAR PADRAO NEMA (AMERICANO) 10 A 30A 240V, FORNECIMENTO E INSTALACAO | D141: =VLOOKUP($C141,#REF!,2,0) -> #REF! | E141: =SUMIF(#REF!,'CURVA ABC SERVIÇOS'!C143,#REF!) -> #REF! | F141: =VLOOKUP($C141,#REF!,4,0) -> #REF! | G141: =F141*E141 -> #REF!
B142: 138 | C142: BUCHA DE REDUÇÃO DE FERRO GALVANIZADO Ø 100 X 40 MM - 3 X 1 1/2" | D142: =VLOOKUP($C142,#REF!,2,0) -> #REF! | E142: =SUMIF(#REF!,'CURVA ABC SERVIÇOS'!C144,#REF!) -> #REF! | F142: =VLOOKUP($C142,#REF!,4,0) -> #REF! | G142: =F142*E142 -> #REF!
B143: 139 | C143: DIREÇÃO DA ROTA DE SAÍDA | D143: =VLOOKUP($C143,#REF!,2,0) -> #REF! | E143: =SUMIF(#REF!,'CURVA ABC SERVIÇOS'!C139,#REF!) -> #REF! | F143: =VLOOKUP($C143,#REF!,4,0) -> #REF! | G143: =F143*E143 -> #REF!
B144: 140 | C144: VÁLVULA DE RETENÇÃO HORIZONTAL EM BRONZE, DN= 2 1/2´ | D144: =VLOOKUP($C144,#REF!,2,0) -> #REF! | E144: =SUMIF(#REF!,'CURVA ABC SERVIÇOS'!C145,#REF!) -> #REF! | F144: =VLOOKUP($C144,#REF!,4,0) -> #REF! | G144: =F144*E144 -> #REF!
B145: 141 | C145: REGISTRO DE GAVETA EM LATÃO FUNDIDO SEM ACABAMENTO, DN= 2´ | D145: =VLOOKUP($C145,#REF!,2,0) -> #REF! | E145: =SUMIF(#REF!,'CURVA ABC SERVIÇOS'!C146,#REF!) -> #REF! | F145: =VLOOKUP($C145,#REF!,4,0) -> #REF! | G145: =F145*E145 -> #REF!
...

Sheet MEMÓRIAS DE CÁLCULO
B1: MEMÓRIAS DE CÁLCULO | K1: =O3-#REF! -> #REF! | L1: CÓD. | M1: QNTD | N1: R$ UNIT. | O1: R$ TOTAL
B2: =OBJETO -> #REF!
O3: =SUM(O4:O576) -> #REF!
B5: DEMOLIÇÕES E REMOÇÕES
B7: SERVIÇOS | C7: UND | D7: QNTD
B8: REMOÇÃO DE DIVISÓRIA NAVAL | C8: M² | D8: =SUM(D21:D25) -> 12.46 | L8: DEM0001 | M8: =D8 -> 12.46 | N8: =VLOOKUP(L8,#REF!,7,0) -> #REF! | O8: =N8*M8 -> #REF!
B9: REMOÇÃO DE FORRO EM FIBRA MINERAL | C9: M² | D9: =596*0.3*5 -> 894 | L9: DEM0002 | M9: =D9 -> 894 | N9: =VLOOKUP(L9,#REF!,7,0) -> #REF! | O9: =N9*M9 -> #REF!
B10: REMOÇÃO DE PISO DE BORRACHA | C10: M² | D10: 5.76 | L10: DEM0003 | M10: =D10 -> 5.76 | N10: =VLOOKUP(L10,#REF!,7,0) -> #REF! | O10: =N10*M10 -> #REF!
B11: DEMOLIÇÃO DE MURO EM ALVENARIA | C11: M³ | D11: =2*2.95*0.2 -> 1.18 | L11: DEM0004 | M11: =D11 -> 1.18 | N11: =VLOOKUP(L11,#REF!,7,0) -> #REF! | O11: =N11*M11 -> #REF!
B12: RETIRADA DE PORTAS | C12: UN | D12: 5 | L12: DEM0005 | M12: =D12 -> 5 | N12: =VLOOKUP(L12,#REF!,7,0) -> #REF! | O12: =N12*M12 -> #REF!
B13: RETIRADA DE ÁRVORES | C13: UN | D13: 3 | L13: DEM0006 | M13: =D13 -> 3 | N13: =VLOOKUP(L13,#REF!,7,0) -> #REF! | O13: =N13*M13 -> #REF!
B14: REMOÇÃO DE DUTOS DE AR CONDICIONADO | C14: M | D14: 72 | L14: DEM0007 | M14: =D14 -> 72 | N14: =VLOOKUP(L14,#REF!,7,0) -> #REF! | O14: =N14*M14 -> #REF!
B15: REMOÇÃO DE TUBULAÇÃO DE INCÊNDIO | C15: M | D15: 25.6 | L15: DEM0008 | M15: =D15 -> 25.6 | N15: =VLOOKUP(L15,#REF!,7,0) -> #REF! | O15: =N15*M15 -> #REF!
B16: REMOÇÃO DE HIDRANTES | C16: UN | D16: 1 | L16: DEM0009 | M16: =D16 -> 1 | N16: =VLOOKUP(L16,#REF!,7,0) -> #REF! | O16: =N16*M16 -> #REF!
B18: DIVISÓRIAS
B20: SERVIÇOS | C20: UND | D20: QNTD | E20: TER | F20: 1º PAV | G20: 2º PAV | H20: 3º PAV | I20: 4º PAV | J20: 5º PAV | K20: COB
B21: DIVISÓRIA CEGA TIPO NAVAL COM MIOLO MINERAL, ACABAMENTO EM LAMINADO MELAMÍNICO, COM ESPESSURA DE 3,5 CM | C21: M² | D21: =SUM(E21:K21) -> 0.08 | J21: 0.08 | L21: DIV0001 | M21: =D21 -> 0.08 | N21: =VLOOKUP(L21,#REF!,7,0) -> #REF! | O21: =N21*M21 -> #REF!
B22: DIVISÓRIA ACÚSTICA REVESTIDA CEGA | C22: M² | D22: =SUM(E22:K22) -> 3.67 | J22: 3.67 | L22: DIV0002 | M22: =D22 -> 3.67 | N22: =VLOOKUP(L22,#REF!,7,0) -> #REF! | O22: =N22*M22 -> #REF!
B23: DIVISÓRIA ACÚSTICA REVESTIDA MEIO CEGA MEIO VIDRO | C23: M² | D23: =SUM(E23:K23) -> 4.12 | J23: 4.12 | L23: DIV0003 | M23: =D23 -> 4.12 | N23: =VLOOKUP(L23,#REF!,7,0) -> #REF! | O23: =N23*M23 -> #REF!
B24: DIVISÓRIA TIPO PISO/TETO EM VIDRO TEMPERADO SIMPLES, COM COLUNA ESTRUTURAL EM ALUMÍNIO EXTRUDADO | C24: M² | D24: =SUM(E24:K24) -> 0.82 | H24: 0.82 | L24: DIV0004 | M24: =D24 -> 0.82 | N24: =VLOOKUP(L24,#REF!,7,0) -> #REF! | O24: =N24*M24 -> #REF!
B25: DIVISÓRIA EM PLACAS DUPLAS DE GESSO ACARTONADO, RESISTÊNCIA AO FOGO 60 MINUTOS, ESPESSURA 120/70MM - 2ST / 2ST LM | C25: M² | D25: =SUM(E25:K25) -> 3.77 | F25: 1.87 | K25: 1.9 | L25: DIV0005 | M25: =D25 -> 3.77 | N25: =VLOOKUP(L25,#REF!,7,0) -> #REF! | O25: =N25*M25 -> #REF!
B27: PISOS
B29: SERVIÇOS | C29: UND | D29: QNTD | E29: TER | F29: 1º PAV | G29: 2º PAV | H29: 3º PAV | I29: 4º PAV | J29: 5º PAV | K29: COB
B30: PISO DE BORRACHA PASTILHADO, ESPESSURA 7MM, FIXADO COM COLA | C30: M² | D30: =SUM(E30:K30) -> 5.76 | F30: 5.76 | L30: PIS0001 | M30: =D30 -> 5.76 | N30: =VLOOKUP(L30,#REF!,7,0) -> #REF! | O30: =N30*M30 -> #REF!
B32: FORROS
B34: SERVIÇOS | C34: UND | D34: QNTD | E34: TER | F34: 1º PAV | G34: 2º PAV | H34: 3º PAV | I34: 4º PAV | J34: 5º PAV | K34: COB
B35: FORRO EM FIBRA MINERAL COM PLACAS ACÚSTICAS REMOVÍVEIS DE 625MM X 625MM | C35: M² | D35: 894 | L35: FOR0001 | M35: =D35 -> 894 | N35: =VLOOKUP(L35,#REF!,7,0) -> #REF! | O35: =N35*M35 -> #REF!
B37: PORTAS
B39: SERVIÇOS | C39: UND | D39: QNTD | E39: TER | F39: 1º PAV | G39: 2º PAV | H39: 3º PAV | I39: 4º PAV | J39: 5º PAV | K39: COB
B40: PORTA CORTA-FOGO CLASSE P.90, COM BARRA ANTIPÂNICO NUMA FACE E MAÇANETA NA OUTRA, COMPLETA | C40: M² | D40: =SUM(E40:K40) -> 6 | F40: 1 | G40: 1 | H40: 1 | I40: 1 | J40: 1 | K40: 1 | L40: POR0001 | M40: =D40 -> 6 | N40: =VLOOKUP(L40,#REF!,7,0) -> #REF! | O40: =N40*M40 -> #REF!
B41: PORTA CORTA-FOGO P90 (DUAS FOLHAS) | C41: UN | D41: =SUM(E41:K41) -> 1 | E41: 1 | L41: POR0002 | M41: =D41 -> 1 | N41: =VLOOKUP(L41,#REF!,7,0) -> #REF! | O41: =N41*M41 -> #REF!
B42: ALÇAPÃO/TAMPA EM CHAPA DE FERRO COM PORTA CADEADO | C42: M² | D42: =SUM(E42:K42) -> 1 | K42: 1 | L42: POR0003 | M42: =D42 -> 1 | N42: =VLOOKUP(L42,#REF!,7,0) -> #REF! | O42: =N42*M42 -> #REF!
B43: PORTA DIVISÓRIA ACÚSTICA | C43: UN | D43: =SUM(E43:K43) -> 1 | J43: 1 | L43: POR0004 | M43: =D43 -> 1 | N43: =VLOOKUP(L43,#REF!,7,0) -> #REF! | O43: =N43*M43 -> #REF!
B44: PORTA DIVISÓRIA ACÚSTICA REVESTIDA | C44: UN | D44: =SUM(E44:K44) -> 10 | J44: 10 | L44: POR0005 | M44: =D44 -> 10 | N44: =VLOOKUP(L44,#REF!,7,0) -> #REF! | O44: =N44*M44 -> #REF!
B45: PORTA DE VIDRO TEMPERADO, 0,9X2,10M, ESPESSURA 10MM, INCLUSIVE ACESSORIOS | C45: UN | D45: =SUM(E45:K45) -> 2 | H45: 2 | L45: POR0006 | M45: =D45 -> 2 | N45: =VLOOKUP(L45,#REF!,7,0) -> #REF! | O45: =N45*M45 -> #REF!
B47: SISTEMA DE DETECÇÃO E ALARME DE INCÊNDIO
B49: INFRAESTRUTURA
B50: SERVIÇOS | C50: UND | D50: QNTD | E50: TER | F50: 1º PAV | G50: 2º PAV | H50: 3º PAV | I50: 4º PAV | J50: 5º PAV | K50: COB
B51: CAIXA DE FERRO ESTAMPADA 4´ X 4´ | C51: UN | D51: 11 | L51: SDAI0001 | M51: =D51 -> 11 | N51: =VLOOKUP(L51,#REF!,7,0) -> #REF! | O51: =N51*M51 -> #REF!
B52: CAIXA DE FERRO ESTAMPADA OCTOGONAL DE 3´ X 3´ | C52: UN | D52: 42 | L52: SDAI0002 | M52: =D52 -> 42 | N52: =VLOOKUP(L52,#REF!,7,0) -> #REF! | O52: =N52*M52 -> #REF!
B53: CAIXA DE PASSAGEM EM CHAPA, COM TAMPA PARAFUSADA, 150 X 150 X 80 MM | C53: UN | D53: 32 | L53: SDAI0003 | M53: =D53 -> 32 | N53: =VLOOKUP(L53,#REF!,7,0) -> #REF! | O53: =N53*M53 -> #REF!
B54: BRAÇADEIRA PARA FIXAÇÃO DE ELETRODUTO, ATÉ 4´ | C54: UN | D54: 83 | L54: SDAI0004 | M54: =D54 -> 83 | N54: =VLOOKUP(L54,#REF!,7,0) -> #REF! | O54: =N54*M54 -> #REF!
B55: VERGALHÃO DE COBRE ELETROLÍTICO, DIÂMETRO DE 3/8´ | C55: M | D55: 83 | L55: SDAI0005 | M55: =D55 -> 83 | N55: =VLOOKUP(L55,#REF!,7,0) -> #REF! | O55: =N55*M55 -> #REF!
B56: ELETRODUTO GALVANIZADO, MÉDIO DE 3/4´ - COM ACESSÓRIOS | C56: M | D56: 1582 | L56: SDAI0006 | M56: =D56 -> 1582 | N56: =VLOOKUP(L56,#REF!,7,0) -> #REF! | O56: =N56*M56 -> #REF!
B57: ELETRODUTO GALVANIZADO A QUENTE, PESADO DE 3/4´ - COM ACESSÓRIOS | C57: M | D57: 118 | L57: SDAI0007 | M57: =D57 -> 118 | N57: =VLOOKUP(L57,#REF!,7,0) -> #REF! | O57: =N57*M57 -> #REF!
B58: ELETRODUTO METÁLICO FLEXÍVEL COM CAPA EM PVC DE 3/4´ | C58: M | D58: 69.3 | L58: SDAI0008 | M58: =D58 -> 69.3 | N58: =VLOOKUP(L58,#REF!,7,0) -> #REF! | O58: =N58*M58 -> #REF!
B59: ELETROCALHA LISA GALVANIZADA A FOGO, 200 X 100 MM, COM ACESSÓRIOS | C59: M | D59: 25 | L59: SDAI0009 | M59: =D59 -> 25 | N59: =VLOOKUP(L59,#REF!,7,0) -> #REF! | O59: =N59*M59 -> #REF!
B60: CABOS
B61: SERVIÇOS | C61: UND | D61: QNTD | E61: TER | F61: 1º PAV | G61: 2º PAV | H61: 3º PAV | I61: 4º PAV | J61: 5º PAV | K61: COB
B62: CABO DE COBRE FLEXÍVEL BLINDADO DE 2 X 1,5 MM², ISOLAMENTO 600V, ISOLAÇÃO EM VC/E 105°C - PARA DETECÇÃO DE INCÊNDIO | C62: M | D62: 4400 | L62: SDAI0010 | M62: =D62 -> 4400 | N62: =VLOOKUP(L62,#REF!,7,0) -> #REF! | O62: =N62*M62 -> #REF!
B63: EQUIPAMENTOS
B64: SERVIÇOS | C64: UND | D64: QNTD | E64: TER | F64: 1º PAV | G64: 2º PAV | H64: 3º PAV | I64: 4º PAV | J64: 5º PAV | K64: COB
B65: CENTRAL DE DETECÇÃO E ALARME DE INCÊNDIO COMPLETA, AUTONOMIA DE 1 HORA PARA 12 LAÇOS, 220 V/12 V | C65: UN | D65: 1 | L65: SDAI0011 | M65: =D65 -> 1 | N65: =VLOOKUP(L65,#REF!,7,0) -> #REF! | O65: =N65*M65 -> #REF!
B66: PAINEL REPETIDOR DE DETECÇÃO E ALARME DE INCÊNDIO TIPO ENDEREÇÁVEL | C66: UN | D66: 2 | L66: SDAI0012 | M66: =D66 -> 2 | N66: =VLOOKUP(L66,#REF!,7,0) -> #REF! | O66: =N66*M66 -> #REF!
B67: MÓDULO DE SUPERVISÃO COM AS CARACTERÍSTICAS: FUNÇÃO: SUPERVISIONAR DISPOSITIVOS QUE, EM ALARME, FECHEM UM CONTATO, LIVRE DE POTENCIAL, TAIS COMO: CHAVES DE FLUXO, BOMBAS E REGISTROS DE SISTEMA DE SPRINKLERS; E CHAVES BÓIA DE NÍVEL MÍNIMO DOS RESERVATÓRIOS DE INCÊNDIO, CONFORME INDICADO NAS PLANTAS DO PROJETO. | C67: UN | D67: 11 | L67: SDAI0013 | M67: =D67 -> 11 | N67: =VLOOKUP(L67,#REF!,7,0) -> #REF! | O67: =N67*M67 -> #REF!
B68: MÓDULO DE SUPERVISÃO COM AS CARACTERÍSTICAS: FUNÇÃO: LIGAR PRESSURIZAÇÃO DE ESCADAS, ABRIR (OU FECHAR) DAMPERES, LIGAR BOMBAS; ENVIAR AO SISTEMA DE ELEVADORES UM COMANDO DE DESCIDA; ENVIAR AO CONTROLE DE ACESSOS UM COMANDO DE ABERTURA DE PASSAGENS RESTRITAS; LIBERAR O FECHAMENTO DE PORTAS CORTA FOGO E OUTROS COMANDOS SIMILARES, CONFORME INDICADO NAS PLANTAS DO PROJETO. | C68: UN | D68: 15 | L68: SDAI0014 | M68: =D68 -> 15 | N68: =VLOOKUP(L68,#REF!,7,0) -> #REF! | O68: =N68*M68 -> #REF!
B69: MÓDULO DE BASE ISOLADOR: ALIMENTAÇÃO: VIA REDE DE COMUNICAÇÃO 12 A 24 VDC - ISOLAÇÃO DE REDE EM MENOS DE 50 MS. INSTALAÇÃO JUNTO A BASE DO DETECTOR. | C69: UN | D69: 15 | L69: SDAI0015 | M69: =D69 -> 15 | N69: =VLOOKUP(L69,#REF!,7,0) -> #REF! | O69: =N69*M69 -> #REF!
B70: DETECTOR ÓPTICO DE FUMAÇA COM BASE ENDEREÇÁVEL | C70: UN | D70: 186 | L70: SDAI0016 | M70: =D70 -> 186 | N70: =VLOOKUP(L70,#REF!,7,0) -> #REF! | O70: =N70*M70 -> #REF!
B71: DETECTOR TERMOVELOCIMÉTRICO ENDEREÇÁVEL COM BASE ENDEREÇÁVEL | C71: UN | D71: 45 | L71: SDAI0017 | M71: =D71 -> 45 | N71: =VLOOKUP(L71,#REF!,7,0) -> #REF! | O71: =N71*M71 -> #REF!
B72: ACIONADOR MANUAL QUEBRA-VIDRO ENDEREÇÁVEL | C72: UN | D72: 21 | L72: SDAI0018 | M72: =D72 -> 21 | N72: =VLOOKUP(L72,#REF!,7,0) -> #REF! | O72: =N72*M72 -> #REF!
B73: SIRENE AUDIOVISUAL TIPO ENDEREÇÁVEL | C73: UN | D73: 21 | L73: SDAI0019 | M73: =D73 -> 21 | N73: =VLOOKUP(L73,#REF!,7,0) -> #REF! | O73: =N73*M73 -> #REF!
B74: PINTURAS
B75: SERVIÇOS | C75: UND | D75: QNTD | E75: TER | F75: 1º PAV | G75: 2º PAV | H75: 3º PAV | I75: 4º PAV | J75: 5º PAV | K75: COB
B76: PINTURA DE TUBULAÇÕES | C76: M | D76: =SUM(D55:D59)/2 -> 938.65 | L76: SDAI0020 | M76: =D76 -> 938.65 | N76: =VLOOKUP(L76,#REF!,7,0) -> #REF! | O76: =N76*M76 -> #REF!
B78: SISTEMA DE HIDRANTES
B80: TUBULAÇOES
B81: SERVIÇOS | C81: UND | D81: QNTD | E81: TER | F81: 1º PAV | G81: 2º PAV | H81: 3º PAV | I81: 4º PAV | J81: 5º PAV | K81: COB
B82: TUBO DE AÇO CARBONO PRETO SEM COSTURA SCHEDULE 40, DN= 2 1/2´ - INCLUSIVE CONEXÕES | C82: M | D82: =SUM(E82:K82) -> 267.7 | E82: 71.9 | F82: 54.4 | G82: 64.7 | H82: 30.8 | I82: 6.7 | J82: 24.3 | K82: 14.9 | L82: HID0001 | M82: =D82 -> 267.7 | N82: =VLOOKUP(L82,#REF!,7,0) -> #REF! | O82: =N82*M82 -> #REF!
B83: CONEXÕES E ACESSÓRIOS
B84: SERVIÇOS | C84: UND | D84: QNTD | E84: TER | F84: 1º PAV | G84: 2º PAV | H84: 3º PAV | I84: 4º PAV | J84: 5º PAV | K84: COB
B85: COTOVELO 90º 2 1/2" | C85: UN | D85: =SUM(E85:K85) -> 68 | E85: 12 | F85: 14 | G85: 15 | H85: 7 | I85: 3 | J85: 6 | K85: 11 | L85: HID0002 | M85: =D85 -> 68 | N85: =VLOOKUP(L85,#REF!,7,0) -> #REF! | O85: =N85*M85 -> #REF!
B86: CURVA 90º - RAIO CURTO 2 1/2" | C86: UN | D86: =SUM(E86:K86) -> 1 | J86: 1 | L86: HID0003 | M86: =D86 -> 1 | N86: =VLOOKUP(L86,#REF!,7,0) -> #REF! | O86: =N86*M86 -> #REF!
B87: TÊ 2 1/2" | C87: UN | D87: =SUM(E87:K87) -> 18 | E87: 2 | F87: 4 | G87: 3 | H87: 2 | I87: 1 | J87: 3 | K87: 3 | L87: HID0004 | M87: =D87 -> 18 | N87: =VLOOKUP(L87,#REF!,7,0) -> #REF! | O87: =N87*M87 -> #REF!
B88: NIPLE DUPLO GALVANIZADO DE 2´ | C88: UN | D88: =SUM(E88:K88) -> 8 | K88: 8 | L88: HID0005 | M88: =D88 -> 8 | N88: =VLOOKUP(L88,#REF!,7,0) -> #REF! | O88: =N88*M88 -> #REF!
B89: UNIÃO ASS. DE FERRO CONICO MACHO-FÊMEA 2.1/2" | C89: UN | D89: =SUM(E89:K89) -> 4 | K89: 4 | L89: HID0006 | M89: =D89 -> 4 | N89: =VLOOKUP(L89,#REF!,7,0) -> #REF! | O89: =N89*M89 -> #REF!
B90: REGISTROS E VÁLVULAS
B91: SERVIÇOS | C91: UND | D91: QNTD | E91: TER | F91: 1º PAV | G91: 2º PAV | H91: 3º PAV | I91: 4º PAV | J91: 5º PAV | K91: COB
B92: REGISTRO DE GAVETA EM LATÃO FUNDIDO SEM ACABAMENTO, DN= 2 1/2´ | C92: UN | D92: =SUM(E92:K92) -> 4 | K92: 4 | L92: HID0007 | M92: =D92 -> 4 | N92: =VLOOKUP(L92,#REF!,7,0) -> #REF! | O92: =N92*M92 -> #REF!
B93: VÁLVULA DE RETENÇÃO VERTICAL EM BRONZE, DN= 2 1/2´ | C93: UN | D93: =SUM(E93:K93) -> 1 | K93: 1 | L93: HID0008 | M93: =D93 -> 1 | N93: =VLOOKUP(L93,#REF!,7,0) -> #REF! | O93: =N93*M93 -> #REF!
B94: VÁLVULA DE RETENÇÃO HORIZONTAL EM BRONZE, DN= 2 1/2´ | C94: UN | D94: =SUM(E94:K94) -> 1 | K94: 1 | L94: HID0009 | M94: =D94 -> 1 | N94: =VLOOKUP(L94,#REF!,7,0) -> #REF! | O94: =N94*M94 -> #REF!
B95: ABRIGOS PARA HIDRANTES
B96: SERVIÇOS | C96: UND | D96: QNTD | E96: TER | F96: 1º PAV | G96: 2º PAV | H96: 3º PAV | I96: 4º PAV | J96: 5º PAV | K96: COB
B97: ADAPTADOR DE ENGATE RÁPIDO EM LATÃO DE 2 1/2´ X 1 1/2´ | C97: UN | D97: =SUM(E97:K97) -> 16 | E97: 3 | F97: 4 | G97: 3 | H97: 2 | I97: 2 | J97: 2 | L97: HID0010 | M97: =D97 -> 16 | N97: =VLOOKUP(L97,#REF!,7,0) -> #REF! | O97: =N97*M97 -> #REF!
B98: ABRIGO PARA HIDRANTE/MANGUEIRA (EMBUTIR E EXTERNO) | C98: UN | D98: =SUM(E98:K98) -> 16 | E98: 3 | F98: 4 | G98: 3 | H98: 2 | I98: 2 | J98: 2 | L98: HID0011 | M98: =D98 -> 16 | N98: =VLOOKUP(L98,#REF!,7,0) -> #REF! | O98: =N98*M98 -> #REF!
B99: CHAVE PARA CONEXÃO DE ENGATE RÁPIDO | C99: UN | D99: =SUM(E99:K99) -> 16 | E99: 3 | F99: 4 | G99: 3 | H99: 2 | I99: 2 | J99: 2 | L99: HID0012 | M99: =D99 -> 16 | N99: =VLOOKUP(L99,#REF!,7,0) -> #REF! | O99: =N99*M99 -> #REF!
B100: ESGUICHO LATÃO COM ENGATE RÁPIDO, DN= 1 1/2´, JATO REGULÁVEL | C100: UN | D100: =SUM(E100:K100) -> 16 | E100: 3 | F100: 4 | G100: 3 | H100: 2 | I100: 2 | J100: 2 | L100: HID0013 | M100: =D100 -> 16 | N100: =VLOOKUP(L100,#REF!,7,0) -> #REF! | O100: =N100*M100 -> #REF!
B101: MANGUEIRA COM UNIÃO DE ENGATE RÁPIDO, DN= 1 1/2´ (38 MM) | C101: M | D101: =SUM(E101:K101) -> 32 | E101: 6 | F101: 8 | G101: 6 | H101: 4 | I101: 4 | J101: 4 | L101: HID0014 | M101: =D101 -> 32 | N101: =VLOOKUP(L101,#REF!,7,0) -> #REF! | O101: =N101*M101 -> #REF!
B102: NIPLE, EM FERRO GALVANIZADO, CONEXÃO ROSQUEADA, DN 65 (2 1/2), INSTALADO EM RESERVAÇÃO DE ÁGUA DE EDIFICAÇÃO QUE POSSUA RESERVATÓRIO DE FIBRA/FIBROCIMENTO  FORNECIMENTO E INSTALAÇÃO. AF_06/2016 | C102: UN | D102: =SUM(E102:K102) -> 16 | E102: 3 | F102: 4 | G102: 3 | H102: 2 | I102: 2 | J102: 2 | L102: HID0015 | M102: =D102 -> 16 | N102: =VLOOKUP(L102,#REF!,7,0) -> #REF! | O102: =N102*M102 -> #REF!
B103: REDUÇÃO GIRATÓRIA TIPO STORZ - BRONZE OU LATÃO 2.1/2" X 1.1/2" | C103: UN | D103: =SUM(E103:K103) -> 16 | E103: 3 | F103: 4 | G103: 3 | H103: 2 | I103: 2 | J103: 2 | L103: HID0016 | M103: =D103 -> 16 | N103: =VLOOKUP(L103,#REF!,7,0) -> #REF! | O103: =N103*M103 -> #REF!
B104: VÁLVULA GLOBO ANGULAR DE 45° EM BRONZE, DN= 2 1/2´ | C104: M | D104: =SUM(E104:K104) -> 16 | E104: 3 | F104: 4 | G104: 3 | H104: 2 | I104: 2 | J104: 2 | L104: HID0017 | M104: =D104 -> 16 | N104: =VLOOKUP(L104,#REF!,7,0) -> #REF! | O104: =N104*M104 -> #REF!
B105: TAMPÃO DE ENGATE RÁPIDO EM LATÃO, DN= 1 1/2´, COM CORRENTE | C105: UN | D105: =SUM(E105:K105) -> 16 | E105: 3 | F105: 4 | G105: 3 | H105: 2 | I105: 2 | J105: 2 | L105: HID0018 | M105: =D105 -> 16 | N105: =VLOOKUP(L105,#REF!,7,0) -> #REF! | O105: =N105*M105 -> #REF!
B107: SISTEMA DE SPRINKLER
B109: TUBULAÇOES
B110: SERVIÇOS | C110: UND | D110: QNTD | E110: TER | F110: 1º PAV | G110: 2º PAV | H110: 3º PAV | I110: 4º PAV | J110: 5º PAV | K110: COB
B111: TUBO DE AÇO CARBONO PRETO SEM COSTURA SCHEDULE 40, DN= 1 1/2´ - INCLUSIVE CONEXÕES | C111: M | D111: =SUM(E111:K111) -> 892.8 | F111: 226.4 | G111: 165.4 | H111: 105.4 | I111: 225.3 | J111: 141.6 | K111: 28.7 | L111: SPK0001 | M111: =D111 -> 892.8 | N111: =VLOOKUP(L111,#REF!,7,0) -> #REF! | O111: =N111*M111 -> #REF!
B112: TUBO DE AÇO CARBONO PRETO SEM COSTURA SCHEDULE 40, DN= 1 1/4´ - INCLUSIVE CONEXÕES | C112: M | D112: =SUM(E112:K112) -> 98.2 | F112: 19.2 | G112: 16.5 | H112: 13.9 | I112: 19.9 | J112: 28.1 | K112: 0.6 | L112: SPK0002 | M112: =D112 -> 98.2 | N112: =VLOOKUP(L112,#REF!,7,0) -> #REF! | O112: =N112*M112 -> #REF!
B113: TUBO DE AÇO CARBONO PRETO SEM COSTURA SCHEDULE 40, DN= 2 1/2´ - INCLUSIVE CONEXÕES | C113: M | D113: =SUM(E113:K113) -> 28.5 | F113: 16.8 | H113: 1.7 | I113: 10 | L113: SPK0003 | M113: =D113 -> 28.5 | N113: =VLOOKUP(L113,#REF!,7,0) -> #REF! | O113: =N113*M113 -> #REF!
B114: TUBO DE AÇO CARBONO PRETO SEM COSTURA SCHEDULE 40, DN= 2´ - INCLUSIVE CONEXÕES | C114: M | D114: =SUM(E114:K114) -> 85 | E114: 1.6 | F114: 10.3 | G114: 1.5 | H114: 27.3 | I114: 44.2 | J114: 0.1 | L114: SPK0004 | M114: =D114 -> 85 | N114: =VLOOKUP(L114,#REF!,7,0) -> #REF! | O114: =N114*M114 -> #REF!
B115: TUBO DE AÇO CARBONO PRETO SEM COSTURA SCHEDULE 40, DN= 3´ - INCLUSIVE CONEXÕES | C115: M | D115: =SUM(E115:K115) -> 169.7 | F115: 40.5 | G115: 24.9 | H115: 17.7 | I115: 19 | J115: 63.1 | K115: 4.5 | L115: SPK0005 | M115: =D115 -> 169.7 | N115: =VLOOKUP(L115,#REF!,7,0) -> #REF! | O115: =N115*M115 -> #REF!
B116: TUBO DE AÇO CARBONO PRETO SEM COSTURA SCHEDULE 40, DN= 5´ - INCLUSIVE CONEXÕES | C116: M | D116: =SUM(E116:K116) -> 508.1 | E116: 46.1 | F116: 116.2 | G116: 137.6 | H116: 52.1 | I116: 95.6 | J116: 60.5 | L116: SPK0006 | M116: =D116 -> 508.1 | N116: =VLOOKUP(L116,#REF!,7,0) -> #REF! | O116: =N116*M116 -> #REF!
...

Sheet CRONOGRAMA
B1: CRONOGRAMA FÍSICO
B2: =OBJETO -> #REF! | D2: NOV | E2: DEZ | F2: JAN | G2: FEV | H2: MAR | I2: ABR | J2: MAI | K2: JUN | L2: JUL | M2: AGO | N2: SET | O2: OUT
B4: ITEM | C4: DESCRIÇÃO | D4: MÊS 1 | E4: MÊS 2 | F4: MÊS 3 | G4: MÊS 4 | H4: MÊS 5 | I4: MÊS 6 | J4: MÊS 7 | K4: MÊS 8 | L4: MÊS 9 | M4: MÊS 10 | N4: MÊS 11 | O4: MÊS 12 | P4: TOTAL
B5: 1.0 | C5: =VLOOKUP(B5,#REF!,6,0) -> #REF! | D5: =SUM(D6:D22)/SUM($D$6:$O$22) -> 0.011764706 | E5: =SUM(E6:E22)/SUM($D$6:$O$22) -> 0.12978711 | F5: =SUM(F6:F22)/SUM($D$6:$O$22) -> 0.18982073 | G5: =SUM(G6:G22)/SUM($D$6:$O$22) -> 0.081232493 | H5: =SUM(H6:H22)/SUM($D$6:$O$22) -> 0.091036415 | I5: =SUM(I6:I22)/SUM($D$6:$O$22) -> 0.043417367 | J5: =SUM(J6:J22)/SUM($D$6:$O$22) -> 0.056582633 | K5: =SUM(K6:K22)/SUM($D$6:$O$22) -> 0.049579832 | ... O5: =SUM(O6:O22)/SUM($D$6:$O$22) -> 0.060504202 | P5: =SUM(D5:O5) -> 1
B6: 1.1 | C6: =VLOOKUP(B6,#REF!,6,0) -> #REF! | D6: =1/5 -> 0.2 | E6: =1/5 -> 0.2 | F6: =1/5 -> 0.2 | G6: =1/5 -> 0.2 | H6: =1/5 -> 0.2 | P6: =SUM(D6:O6) -> 1
B7: 1.2 | C7: =VLOOKUP(B7,#REF!,6,0) -> #REF! | E7: 0.0051666667 | F7: 0.1615 | G7: 0.16666667 | H7: 0.16666667 | J7: 0.083333333 | K7: 0.083333333 | L7: 0.16666667 | M7: 0.083333333 | N7: 0.083333333 | P7: =SUM(D7:O7) -> 1
B8: 1.3 | C8: =VLOOKUP(B8,#REF!,6,0) -> #REF! | E8: 0.0051666667 | F8: 0.1615 | G8: 0.16666667 | H8: 0.16666667 | J8: 0.083333333 | K8: 0.083333333 | L8: 0.16666667 | M8: 0.083333333 | N8: 0.083333333 | P8: =SUM(D8:O8) -> 1
B9: 1.4 | C9: =VLOOKUP(B9,#REF!,6,0) -> #REF! | E9: 0.0051666667 | F9: 0.1615 | G9: 0.16666667 | H9: 0.16666667 | J9: 0.083333333 | K9: 0.083333333 | L9: 0.16666667 | M9: 0.083333333 | N9: 0.083333333 | P9: =SUM(D9:O9) -> 1
B10: 1.5 | C10: =VLOOKUP(B10,#REF!,6,0) -> #REF! | E10: 0.0051666667 | F10: 0.1615 | G10: 0.16666667 | H10: 0.16666667 | J10: 0.083333333 | K10: 0.083333333 | L10: 0.16666667 | M10: 0.083333333 | N10: 0.083333333 | P10: =SUM(D10:O10) -> 1
B11: 1.6 | C11: =VLOOKUP(B11,#REF!,6,0) -> #REF! | F11: 0.16666667 | H11: 0.16666667 | I11: 0.16666667 | K11: 0.16666667 | M11: 0.16666667 | N11: 0.16666667 | P11: =SUM(D11:O11) -> 1
B12: 1.7 | C12: =VLOOKUP(B12,#REF!,6,0) -> #REF! | E12: =(1/7)*0.6 -> 0.085714286 | F12: =((1/7)*0.4)+((1/7)*0.6) -> 0.14285714 | G12: =((1/7)*0.4) -> 0.057142857 | H12: =1/7 -> 0.14285714 | I12: =(1/7)*0.6 -> 0.085714286 | J12: =((1/7)*0.4) -> 0.057142857 | K12: =(1/7)*0.6 -> 0.085714286 | L12: =((1/7)*0.4) -> 0.057142857 | M12: =1/7 -> 0.14285714 | N12: =1/7 -> 0.14285714 | P12: =SUM(D12:O12) -> 1
B13: 1.8 | C13: =VLOOKUP(B13,#REF!,6,0) -> #REF! | E13: =((1/7)*0.4) -> 0.057142857 | F13: =((1/7)*0.6)+((1/7)*0.2) -> 0.11428571 | G13: =((1/7)*0.8) -> 0.11428571 | H13: =((1/7)*0.4) -> 0.057142857 | I13: =(1/7)*0.6 -> 0.085714286 | J13: =1/7 -> 0.14285714 | K13: =((1/7)*0.2) -> 0.028571429 | L13: =((1/7)*0.8) -> 0.11428571 | M13: =((1/7)*0.4) -> 0.057142857 | N13: =((1/7)*0.6)+((1/7)*0.2) -> 0.11428571 | O13: =((1/7)*0.8) -> 0.11428571 | P13: =SUM(D13:O13) -> 1
B14: 1.9 | C14: =VLOOKUP(B14,#REF!,6,0) -> #REF! | E14: =((1/7)*0.4) -> 0.057142857 | F14: =((1/7)*0.6)+((1/7)*0.2) -> 0.11428571 | G14: =((1/7)*0.8) -> 0.11428571 | H14: =((1/7)*0.4) -> 0.057142857 | I14: =(1/7)*0.6 -> 0.085714286 | J14: =1/7 -> 0.14285714 | K14: =((1/7)*0.2) -> 0.028571429 | L14: =((1/7)*0.8) -> 0.11428571 | M14: =((1/7)*0.4) -> 0.057142857 | N14: =((1/7)*0.6)+((1/7)*0.2) -> 0.11428571 | O14: =((1/7)*0.8) -> 0.11428571 | P14: =SUM(D14:O14) -> 1
B15: 1.10 | C15: =VLOOKUP(B15,#REF!,6,0) -> #REF! | F15: 1 | P15: =SUM(D15:O15) -> 1
B16: 1.11 | C16: =VLOOKUP(B16,#REF!,6,0) -> #REF! | E16: =((1/7)*0.4) -> 0.057142857 | F16: =((1/7)*0.6)+((1/7)*0.2) -> 0.11428571 | G16: =((1/7)*0.8) -> 0.11428571 | H16: =((1/7)*0.4) -> 0.057142857 | I16: =(1/7)*0.6 -> 0.085714286 | J16: =1/7 -> 0.14285714 | K16: =((1/7)*0.2) -> 0.028571429 | L16: =((1/7)*0.8) -> 0.11428571 | M16: =((1/7)*0.4) -> 0.057142857 | N16: =((1/7)*0.6)+((1/7)*0.2) -> 0.11428571 | O16: =((1/7)*0.8) -> 0.11428571 | P16: =SUM(D16:O16) -> 1
B17: 1.12 | C17: =VLOOKUP(B17,#REF!,6,0) -> #REF! | N17: 1 | P17: =SUM(D17:O17) -> 1
B18: 1.13 | C18: =VLOOKUP(B18,#REF!,6,0) -> #REF! | E18: 1 | P18: =SUM(D18:O18) -> 1
B19: 1.14 | C19: =VLOOKUP(B19,#REF!,6,0) -> #REF! | E19: =((1/7)*0.4) -> 0.057142857 | F19: =((1/7)*0.6)+((1/7)*0.2) -> 0.11428571 | G19: =((1/7)*0.8) -> 0.11428571 | H19: =((1/7)*0.4) -> 0.057142857 | I19: =(1/7)*0.6 -> 0.085714286 | J19: =1/7 -> 0.14285714 | K19: =((1/7)*0.2) -> 0.028571429 | L19: =((1/7)*0.8) -> 0.11428571 | M19: =((1/7)*0.4) -> 0.057142857 | N19: =((1/7)*0.6)+((1/7)*0.2) -> 0.11428571 | O19: =((1/7)*0.8) -> 0.11428571 | P19: =SUM(D19:O19) -> 1
B20: 1.15 | C20: =VLOOKUP(B20,#REF!,6,0) -> #REF! | E20: =((1/7)*0.5) -> 0.071428571 | F20: =((1/7)*0.5)+(1/7) -> 0.21428571 | H20: =1/7 -> 0.14285714 | I20: =1/7 -> 0.14285714 | K20: =1/7 -> 0.14285714 | M20: =1/7 -> 0.14285714 | N20: =((1/7)*0.5) -> 0.071428571 | O20: =((1/7)*0.5) -> 0.071428571 | P20: =SUM(D20:O20) -> 1
B21: 1.16 | C21: =VLOOKUP(B21,#REF!,6,0) -> #REF! | E21: 0.6 | F21: 0.4 | P21: =SUM(D21:O21) -> 1
B22: 1.17 | C22: =VLOOKUP(B22,#REF!,6,0) -> #REF! | N22: 0.5 | O22: 0.5 | P22: =SUM(D22:O22) -> 1
B23: 2.0 | C23: =VLOOKUP(B23,#REF!,6,0) -> #REF! | D23: =SUM(D24:D40)/SUM($D$6:$O$22) -> 0.083333333 | E23: =SUM(E24:E40)/SUM($D$6:$O$22) -> 0.024509804 | F23: =SUM(F24:F40)/SUM($D$6:$O$22) -> 0.024509804 | G23: =SUM(G24:G40)/SUM($D$6:$O$22) -> 0.024509804 | H23: =SUM(H24:H40)/SUM($D$6:$O$22) -> 0.024509804 | I23: =SUM(I24:I40)/SUM($D$6:$O$22) -> 0.024509804 | J23: =SUM(J24:J40)/SUM($D$6:$O$22) -> 0.024509804 | K23: =SUM(K24:K40)/SUM($D$6:$O$22) -> 0.024509804 | ... O23: =SUM(O24:O40)/SUM($D$6:$O$22) -> 0.024509804 | P23: =SUM(D23:O23) -> 0.35294118
B24: 2.1 | C24: =VLOOKUP(B24,#REF!,6,0) -> #REF! | D24: 1 | P24: =SUM(D24:O24) -> 1
B25: 2.2 | C25: =VLOOKUP(B25,#REF!,6,0) -> #REF! | D25: =1/12 -> 0.083333333 | E25: =1/12 -> 0.083333333 | F25: =1/12 -> 0.083333333 | G25: =1/12 -> 0.083333333 | H25: =1/12 -> 0.083333333 | I25: =1/12 -> 0.083333333 | J25: =1/12 -> 0.083333333 | K25: =1/12 -> 0.083333333 | ... O25: =1/12 -> 0.083333333 | P25: =SUM(D25:O25) -> 1
B26: 2.3 | C26: =VLOOKUP(B26,#REF!,6,0) -> #REF! | D26: =1/12 -> 0.083333333 | E26: =1/12 -> 0.083333333 | F26: =1/12 -> 0.083333333 | G26: =1/12 -> 0.083333333 | H26: =1/12 -> 0.083333333 | I26: =1/12 -> 0.083333333 | J26: =1/12 -> 0.083333333 | K26: =1/12 -> 0.083333333 | ... O26: =1/12 -> 0.083333333 | P26: =SUM(D26:O26) -> 1
B27: 2.4 | C27: =VLOOKUP(B27,#REF!,6,0) -> #REF! | D27: =1/12 -> 0.083333333 | E27: =1/12 -> 0.083333333 | F27: =1/12 -> 0.083333333 | G27: =1/12 -> 0.083333333 | H27: =1/12 -> 0.083333333 | I27: =1/12 -> 0.083333333 | J27: =1/12 -> 0.083333333 | K27: =1/12 -> 0.083333333 | ... O27: =1/12 -> 0.083333333 | P27: =SUM(D27:O27) -> 1
B28: 2.5 | C28: =VLOOKUP(B28,#REF!,6,0) -> #REF! | D28: =1/12 -> 0.083333333 | E28: =1/12 -> 0.083333333 | F28: =1/12 -> 0.083333333 | G28: =1/12 -> 0.083333333 | H28: =1/12 -> 0.083333333 | I28: =1/12 -> 0.083333333 | J28: =1/12 -> 0.083333333 | K28: =1/12 -> 0.083333333 | ... O28: =1/12 -> 0.083333333 | P28: =SUM(D28:O28) -> 1
B29: 2.6 | C29: =VLOOKUP(B29,#REF!,6,0) -> #REF! | D29: =1/12 -> 0.083333333 | E29: =1/12 -> 0.083333333 | F29: =1/12 -> 0.083333333 | G29: =1/12 -> 0.083333333 | H29: =1/12 -> 0.083333333 | I29: =1/12 -> 0.083333333 | J29: =1/12 -> 0.083333333 | K29: =1/12 -> 0.083333333 | ... O29: =1/12 -> 0.083333333 | P29: =SUM(D29:O29) -> 1

Sheet CRONOGRAMA FF
B1: CRONOGRAMA FÍSICO FINANCEIRO
B2: =OBJETO -> #REF!
B4: ITEM | C4: DESCRIÇÃO | D4: R$ TOTAL | E4: MÊS 1 | F4: MÊS 2 | G4: MÊS 3 | H4: MÊS 4 | I4: MÊS 5 | J4: MÊS 6 | K4: MÊS 7 | L4: MÊS 8 | M4: MÊS 9 | N4: MÊS 10 | O4: MÊS 11 | P4: MÊS 12
B5: 1.0 | C5: =VLOOKUP(B5,#REF!,6,0) -> #REF! | D5: =SUM(D6:D22) -> #REF! | E5: =SUM(E6:E22) -> #REF! | F5: =SUM(F6:F22) -> #REF! | G5: =SUM(G6:G22) -> #REF! | H5: =SUM(H6:H22) -> #REF! | I5: =SUM(I6:I22) -> #REF! | J5: =SUM(J6:J22) -> #REF! | K5: =SUM(K6:K22) -> #REF! | ... P5: =SUM(P6:P22) -> #REF! | Q5: =SUM(E5:P5)-D5 -> #REF!
B6: 1.1 | C6: =VLOOKUP(B6,#REF!,6,0) -> #REF! | D6: =VLOOKUP(B6,#REF!,10,0) -> #REF! | E6: =$D6*CRONOGRAMA!D6 -> #REF! | F6: =$D6*CRONOGRAMA!E6 -> #REF! | G6: =$D6*CRONOGRAMA!F6 -> #REF! | H6: =$D6*CRONOGRAMA!G6 -> #REF! | I6: =$D6*CRONOGRAMA!H6 -> #REF! | J6: =$D6*CRONOGRAMA!I6 -> #REF! | K6: =$D6*CRONOGRAMA!J6 -> #REF! | L6: =$D6*CRONOGRAMA!K6 -> #REF! | ... P6: =$D6*CRONOGRAMA!O6 -> #REF! | Q6: =SUM(E6:P6)=D6 -> #REF!
B7: 1.2 | C7: =VLOOKUP(B7,#REF!,6,0) -> #REF! | D7: =VLOOKUP(B7,#REF!,10,0) -> #REF! | E7: =$D7*CRONOGRAMA!D7 -> #REF! | F7: =$D7*CRONOGRAMA!E7 -> #REF! | G7: =$D7*CRONOGRAMA!F7 -> #REF! | H7: =$D7*CRONOGRAMA!G7 -> #REF! | I7: =$D7*CRONOGRAMA!H7 -> #REF! | J7: =$D7*CRONOGRAMA!I7 -> #REF! | K7: =$D7*CRONOGRAMA!J7 -> #REF! | L7: =$D7*CRONOGRAMA!K7 -> #REF! | ... P7: =$D7*CRONOGRAMA!O7 -> #REF! | Q7: =SUM(E7:P7)=D7 -> #REF!
B8: 1.3 | C8: =VLOOKUP(B8,#REF!,6,0) -> #REF! | D8: =VLOOKUP(B8,#REF!,10,0) -> #REF! | E8: =$D8*CRONOGRAMA!D8 -> #REF! | F8: =$D8*CRONOGRAMA!E8 -> #REF! | G8: =$D8*CRONOGRAMA!F8 -> #REF! | H8: =$D8*CRONOGRAMA!G8 -> #REF! | I8: =$D8*CRONOGRAMA!H8 -> #REF! | J8: =$D8*CRONOGRAMA!I8 -> #REF! | K8: =$D8*CRONOGRAMA!J8 -> #REF! | L8: =$D8*CRONOGRAMA!K8 -> #REF! | ... P8: =$D8*CRONOGRAMA!O8 -> #REF! | Q8: =SUM(E8:P8)=D8 -> #REF!
B9: 1.4 | C9: =VLOOKUP(B9,#REF!,6,0) -> #REF! | D9: =VLOOKUP(B9,#REF!,10,0) -> #REF! | E9: =$D9*CRONOGRAMA!D9 -> #REF! | F9: =$D9*CRONOGRAMA!E9 -> #REF! | G9: =$D9*CRONOGRAMA!F9 -> #REF! | H9: =$D9*CRONOGRAMA!G9 -> #REF! | I9: =$D9*CRONOGRAMA!H9 -> #REF! | J9: =$D9*CRONOGRAMA!I9 -> #REF! | K9: =$D9*CRONOGRAMA!J9 -> #REF! | L9: =$D9*CRONOGRAMA!K9 -> #REF! | ... P9: =$D9*CRONOGRAMA!O9 -> #REF! | Q9: =SUM(E9:P9)=D9 -> #REF!
B10: 1.5 | C10: =VLOOKUP(B10,#REF!,6,0) -> #REF! | D10: =VLOOKUP(B10,#REF!,10,0) -> #REF! | E10: =$D10*CRONOGRAMA!D10 -> #REF! | F10: =$D10*CRONOGRAMA!E10 -> #REF! | G10: =$D10*CRONOGRAMA!F10 -> #REF! | H10: =$D10*CRONOGRAMA!G10 -> #REF! | I10: =$D10*CRONOGRAMA!H10 -> #REF! | J10: =$D10*CRONOGRAMA!I10 -> #REF! | K10: =$D10*CRONOGRAMA!J10 -> #REF! | L10: =$D10*CRONOGRAMA!K10 -> #REF! | ... P10: =$D10*CRONOGRAMA!O10 -> #REF! | Q10: =SUM(E10:P10)=D10 -> #REF!
B11: 1.6 | C11: =VLOOKUP(B11,#REF!,6,0) -> #REF! | D11: =VLOOKUP(B11,#REF!,10,0) -> #REF! | E11: =$D11*CRONOGRAMA!D11 -> #REF! | F11: =$D11*CRONOGRAMA!E11 -> #REF! | G11: =$D11*CRONOGRAMA!F11 -> #REF! | H11: =$D11*CRONOGRAMA!G11 -> #REF! | I11: =$D11*CRONOGRAMA!H11 -> #REF! | J11: =$D11*CRONOGRAMA!I11 -> #REF! | K11: =$D11*CRONOGRAMA!J11 -> #REF! | L11: =$D11*CRONOGRAMA!K11 -> #REF! | ... P11: =$D11*CRONOGRAMA!O11 -> #REF! | Q11: =SUM(E11:P11)=D11 -> #REF!
B12: 1.7 | C12: =VLOOKUP(B12,#REF!,6,0) -> #REF! | D12: =VLOOKUP(B12,#REF!,10,0) -> #REF! | E12: =$D12*CRONOGRAMA!D12 -> #REF! | F12: =$D12*CRONOGRAMA!E12 -> #REF! | G12: =$D12*CRONOGRAMA!F12 -> #REF! | H12: =$D12*CRONOGRAMA!G12 -> #REF! | I12: =$D12*CRONOGRAMA!H12 -> #REF! | J12: =$D12*CRONOGRAMA!I12 -> #REF! | K12: =$D12*CRONOGRAMA!J12 -> #REF! | L12: =$D12*CRONOGRAMA!K12 -> #REF! | ... P12: =$D12*CRONOGRAMA!O12 -> #REF! | Q12: =SUM(E12:P12)=D12 -> #REF!
B13: 1.8 | C13: =VLOOKUP(B13,#REF!,6,0) -> #REF! | D13: =VLOOKUP(B13,#REF!,10,0) -> #REF! | E13: =$D13*CRONOGRAMA!D13 -> #REF! | F13: =$D13*CRONOGRAMA!E13 -> #REF! | G13: =$D13*CRONOGRAMA!F13 -> #REF! | H13: =$D13*CRONOGRAMA!G13 -> #REF! | I13: =$D13*CRONOGRAMA!H13 -> #REF! | J13: =$D13*CRONOGRAMA!I13 -> #REF! | K13: =$D13*CRONOGRAMA!J13 -> #REF! | L13: =$D13*CRONOGRAMA!K13 -> #REF! | ... P13: =$D13*CRONOGRAMA!O13 -> #REF! | Q13: =SUM(E13:P13)=D13 -> #REF!
B14: 1.9 | C14: =VLOOKUP(B14,#REF!,6,0) -> #REF! | D14: =VLOOKUP(B14,#REF!,10,0) -> #REF! | E14: =$D14*CRONOGRAMA!D14 -> #REF! | F14: =$D14*CRONOGRAMA!E14 -> #REF! | G14: =$D14*CRONOGRAMA!F14 -> #REF! | H14: =$D14*CRONOGRAMA!G14 -> #REF! | I14: =$D14*CRONOGRAMA!H14 -> #REF! | J14: =$D14*CRONOGRAMA!I14 -> #REF! | K14: =$D14*CRONOGRAMA!J14 -> #REF! | L14: =$D14*CRONOGRAMA!K14 -> #REF! | ... P14: =$D14*CRONOGRAMA!O14 -> #REF! | Q14: =SUM(E14:P14)=D14 -> #REF!
B15: 1.10 | C15: =VLOOKUP(B15,#REF!,6,0) -> #REF! | D15: =VLOOKUP(B15,#REF!,10,0) -> #REF! | E15: =$D15*CRONOGRAMA!D15 -> #REF! | F15: =$D15*CRONOGRAMA!E15 -> #REF! | G15: =$D15*CRONOGRAMA!F15 -> #REF! | H15: =$D15*CRONOGRAMA!G15 -> #REF! | I15: =$D15*CRONOGRAMA!H15 -> #REF! | J15: =$D15*CRONOGRAMA!I15 -> #REF! | K15: =$D15*CRONOGRAMA!J15 -> #REF! | L15: =$D15*CRONOGRAMA!K15 -> #REF! | ... P15: =$D15*CRONOGRAMA!O15 -> #REF! | Q15: =SUM(E15:P15)=D15 -> #REF!
B16: 1.11 | C16: =VLOOKUP(B16,#REF!,6,0) -> #REF! | D16: =VLOOKUP(B16,#REF!,10,0) -> #REF! | E16: =$D16*CRONOGRAMA!D16 -> #REF! | F16: =$D16*CRONOGRAMA!E16 -> #REF! | G16: =$D16*CRONOGRAMA!F16 -> #REF! | H16: =$D16*CRONOGRAMA!G16 -> #REF! | I16: =$D16*CRONOGRAMA!H16 -> #REF! | J16: =$D16*CRONOGRAMA!I16 -> #REF! | K16: =$D16*CRONOGRAMA!J16 -> #REF! | L16: =$D16*CRONOGRAMA!K16 -> #REF! | ... P16: =$D16*CRONOGRAMA!O16 -> #REF! | Q16: =SUM(E16:P16)=D16 -> #REF!
B17: 1.12 | C17: =VLOOKUP(B17,#REF!,6,0) -> #REF! | D17: =VLOOKUP(B17,#REF!,10,0) -> #REF! | E17: =$D17*CRONOGRAMA!D17 -> #REF! | F17: =$D17*CRONOGRAMA!E17 -> #REF! | G17: =$D17*CRONOGRAMA!F17 -> #REF! | H17: =$D17*CRONOGRAMA!G17 -> #REF! | I17: =$D17*CRONOGRAMA!H17 -> #REF! | J17: =$D17*CRONOGRAMA!I17 -> #REF! | K17: =$D17*CRONOGRAMA!J17 -> #REF! | L17: =$D17*CRONOGRAMA!K17 -> #REF! | ... P17: =$D17*CRONOGRAMA!O17 -> #REF! | Q17: =SUM(E17:P17)=D17 -> #REF!
... B22: 1.17 | C22: =VLOOKUP(B22,#REF!,6,0) -> #REF! | D22: =VLOOKUP(B22,#REF!,10,0) -> #REF! | E22: =$D22*CRONOGRAMA!D22 -> #REF! | F22: =$D22*CRONOGRAMA!E22 -> #REF! | G22: =$D22*CRONOGRAMA!F22 -> #REF! | H22: =$D22*CRONOGRAMA!G22 -> #REF! | I22: =$D22*CRONOGRAMA!H22 -> #REF! | J22: =$D22*CRONOGRAMA!I22 -> #REF! | K22: =$D22*CRONOGRAMA!J22 -> #REF! | L22: =$D22*CRONOGRAMA!K22 -> #REF! | ... P22: =$D22*CRONOGRAMA!O22 -> #REF! | Q22: =SUM(E22:P22)=D22 -> #REF!
B23: 2.0 | C23: =VLOOKUP(B23,#REF!,6,0) -> #REF! | D23: =SUM(D24:D29) -> #REF! | E23: =SUM(E24:E29) -> #REF! | F23: =SUM(F24:F29) -> #REF! | G23: =SUM(G24:G29) -> #REF! | H23: =SUM(H24:H29) -> #REF! | I23: =SUM(I24:I29) -> #REF! | J23: =SUM(J24:J29) -> #REF! | K23: =SUM(K24:K29) -> #REF! | ... P23: =SUM(P24:P29) -> #REF! | Q23: =SUM(E23:P23)=D23 -> #REF!
B24: 2.1 | C24: =VLOOKUP(B24,#REF!,6,0) -> #REF! | D24: =VLOOKUP(B24,#REF!,10,0) -> #REF! | E24: =$D24*CRONOGRAMA!D24 -> #REF! | F24: =$D24*CRONOGRAMA!E24 -> #REF! | G24: =$D24*CRONOGRAMA!F24 -> #REF! | H24: =$D24*CRONOGRAMA!G24 -> #REF! | I24: =$D24*CRONOGRAMA!H24 -> #REF! | J24: =$D24*CRONOGRAMA!I24 -> #REF! | K24: =$D24*CRONOGRAMA!J24 -> #REF! | L24: =$D24*CRONOGRAMA!K24 -> #REF! | ... P24: =$D24*CRONOGRAMA!O24 -> #REF! | Q24: =SUM(E24:P24)=D24 -> #REF!
B25: 2.2 | C25: =VLOOKUP(B25,#REF!,6,0) -> #REF! | D25: =VLOOKUP(B25,#REF!,10,0) -> #REF! | E25: =$D25*CRONOGRAMA!D25 -> #REF! | F25: =$D25*CRONOGRAMA!E25 -> #REF! | G25: =$D25*CRONOGRAMA!F25 -> #REF! | H25: =$D25*CRONOGRAMA!G25 -> #REF! | I25: =$D25*CRONOGRAMA!H25 -> #REF! | J25: =$D25*CRONOGRAMA!I25 -> #REF! | K25: =$D25*CRONOGRAMA!J25 -> #REF! | L25: =$D25*CRONOGRAMA!K25 -> #REF! | ... P25: =$D25*CRONOGRAMA!O25 -> #REF! | Q25: =SUM(E25:P25)=D25 -> #REF!
B26: 2.3 | C26: =VLOOKUP(B26,#REF!,6,0) -> #REF! | D26: =VLOOKUP(B26,#REF!,10,0) -> #REF! | E26: =$D26*CRONOGRAMA!D26 -> #REF! | F26: =$D26*CRONOGRAMA!E26 -> #REF! | G26: =$D26*CRONOGRAMA!F26 -> #REF! | H26: =$D26*CRONOGRAMA!G26 -> #REF! | I26: =$D26*CRONOGRAMA!H26 -> #REF! | J26: =$D26*CRONOGRAMA!I26 -> #REF! | K26: =$D26*CRONOGRAMA!J26 -> #REF! | L26: =$D26*CRONOGRAMA!K26 -> #REF! | ... P26: =$D26*CRONOGRAMA!O26 -> #REF! | Q26: =SUM(E26:P26)=D26 -> #REF!
B27: 2.4 | C27: =VLOOKUP(B27,#REF!,6,0) -> #REF! | D27: =VLOOKUP(B27,#REF!,10,0) -> #REF! | E27: =$D27*CRONOGRAMA!D27 -> #REF! | F27: =$D27*CRONOGRAMA!E27 -> #REF! | G27: =$D27*CRONOGRAMA!F27 -> #REF! | H27: =$D27*CRONOGRAMA!G27 -> #REF! | I27: =$D27*CRONOGRAMA!H27 -> #REF! | J27: =$D27*CRONOGRAMA!I27 -> #REF! | K27: =$D27*CRONOGRAMA!J27 -> #REF! | L27: =$D27*CRONOGRAMA!K27 -> #REF! | ... P27: =$D27*CRONOGRAMA!O27 -> #REF! | Q27: =SUM(E27:P27)=D27 -> #REF!
B28: 2.5 | C28: =VLOOKUP(B28,#REF!,6,0) -> #REF! | D28: =VLOOKUP(B28,#REF!,10,0) -> #REF! | E28: =$D28*CRONOGRAMA!D28 -> #REF! | F28: =$D28*CRONOGRAMA!E28 -> #REF! | G28: =$D28*CRONOGRAMA!F28 -> #REF! | H28: =$D28*CRONOGRAMA!G28 -> #REF! | I28: =$D28*CRONOGRAMA!H28 -> #REF! | J28: =$D28*CRONOGRAMA!I28 -> #REF! | K28: =$D28*CRONOGRAMA!J28 -> #REF! | L28: =$D28*CRONOGRAMA!K28 -> #REF! | ... P28: =$D28*CRONOGRAMA!O28 -> #REF! | Q28: =SUM(E28:P28)=D28 -> #REF!
B29: 2.6 | C29: =VLOOKUP(B29,#REF!,6,0) -> #REF! | D29: =VLOOKUP(B29,#REF!,10,0) -> #REF! | E29: =$D29*CRONOGRAMA!D29 -> #REF! | F29: =$D29*CRONOGRAMA!E29 -> #REF! | G29: =$D29*CRONOGRAMA!F29 -> #REF! | H29: =$D29*CRONOGRAMA!G29 -> #REF! | I29: =$D29*CRONOGRAMA!H29 -> #REF! | J29: =$D29*CRONOGRAMA!I29 -> #REF! | K29: =$D29*CRONOGRAMA!J29 -> #REF! | L29: =$D29*CRONOGRAMA!K29 -> #REF! | ... P29: =$D29*CRONOGRAMA!O29 -> #REF! | Q29: =SUM(E29:P29)=D29 -> #REF!
C30: CUSTOS DIRETOS | D30: =D5 -> #REF! | E30: =E5 -> #REF! | F30: =F5 -> #REF! | G30: =G5 -> #REF! | H30: =H5 -> #REF! | I30: =I5 -> #REF! | J30: =J5 -> #REF! | K30: =K5 -> #REF! | ... P30: =P5 -> #REF!
C31: CUSTOS INDIRETOS | D31: =D23 -> #REF! | E31: =E23 -> #REF! | F31: =F23 -> #REF! | G31: =G23 -> #REF! | H31: =H23 -> #REF! | I31: =I23 -> #REF! | J31: =J23 -> #REF! | K31: =K23 -> #REF! | ... P31: =P23 -> #REF!
B32: TOTAL | D32: =SUM(D30:D31) -> #REF! | E32: =SUM(E30:E31) -> #REF! | F32: =SUM(F30:F31) -> #REF! | G32: =SUM(G30:G31) -> #REF! | H32: =SUM(H30:H31) -> #REF! | I32: =SUM(I30:I31) -> #REF! | J32: =SUM(J30:J31) -> #REF! | K32: =SUM(K30:K31) -> #REF! | ... P32: =SUM(P30:P31) -> #REF!
D33: =D32/$D$32 -> #REF! | E33: =E32/$D$32 -> #REF! | F33: =F32/$D$32 -> #REF! | G33: =G32/$D$32 -> #REF! | H33: =H32/$D$32 -> #REF! | I33: =I32/$D$32 -> #REF! | J33: =J32/$D$32 -> #REF! | K33: =K32/$D$32 -> #REF! | ... P33: =P32/$D$32 -> #REF!
D34: #REF!
D35: =SUM(E32:P32)=D32 -> #REF!

Sheet BDI
B1: COMPOSIÇÃO DO BDI
B2: =OBJETO -> #REF!
B5: ITEM COMPONENTE | D5: MÍNIMO (%) | E5: MÉDIO (%) | F5: MÁXIMO (%) | G5: PROPOSTO (%)
B6: AC | C6: ADM. CENTRAL | D6: 0.03 | E6: 0.04 | F6: 0.055 | G6: 0.2
B7: R | C7: RISCOS | D7: 0.0097 | E7: 0.0127 | F7: 0.0127 | G7: 0.02
B8: S + G | C8: SEGUROS E GARANTIAS | D8: 0.008 | E8: 0.008 | F8: 0.01 | G8: =F8 -> 0.01
B9: DF | C9: DESPESAS FINANCEIRAS | D9: 0.0059 | E9: 0.0123 | F9: 0.0139 | G9: =F9 -> 0.0139
B10: L | C10: LUCRO | D10: 0.0615 | E10: 0.074 | F10: 0.0896 | G10: 0.1
B11: I | C11: TRIBUTOS (PIS + CONFIS + ISS) | D11: 0.0365 | E11: 0.0575 | F11: 0.0665 | G11: =F11 -> 0.0665
C12: CPPRB | D12: 0.045 | E12: 0.045 | F12: 0.045 | G12: =F12 -> 0.045
F14: BDI | G14: 0.34
B17: Fórmula utilizada:
B21: **Conforme ACÓRDÃO Nº 2622/2013 – TCU – Plenário
